Workbook
Name \0: #REF!
Name \0: #REF!
Name \0: #REF!
Name \0: #REF!
Name \1: #REF!
Name \1: #REF!
Name \1: #REF!
Name \11: #REF!
Name \11: #REF!
Name \11: #REF!
Name \2: #REF!
Name \2: #REF!
Name \2: #REF!
Name \a: #REF!
Name \a: #REF!
Name \a: #REF!
Name \a: #REF!
Name \B: #REF!
Name \B: #REF!
Name \B: #REF!
Name \c: #REF!
Name \c: #REF!
Name \c: #REF!
Name \D: #REF!
Name \D: #REF!
Name \D: #REF!
Name \E: #REF!
Name \E: #REF!
Name \E: #REF!
Name \fagf: #REF!
Name \fagf: #REF!
Name \fagf: #REF!
Name \I: #REF!
Name \I: #REF!
Name \I: #REF!
Name \I: #REF!
Name \p: #REF!
Name \p: #REF!
Name \p: #REF!
Name \S: #REF!
Name \S: #REF!
Name \S: #REF!
Name \S: #REF!
Name \SA: #REF!
Name \SA: #REF!
Name \SA: #REF!
Name \w: #REF!
Name \w: #REF!
Name \w: #REF!
Name \x: #REF!
Name \x: #REF!
Name \x: #REF!
Name \z: #REF!
Name \z: #REF!
Name \z: #REF!
Name \ZACVDERVREW: #N/A
Name _\1: #REF!
Name _\1: #REF!
Name _\11: #REF!
Name _\11: #REF!

Sheet RESUMO
A2: GOVERNO DO ESTADO DE PERNAMBUCO
A3: SECRETARIA DE MOBILIDADE E INFRAESTRUTURA - SEMOBI/PE
A4: DEPARTAMENTO DE ESTRADAS E RODAGEM - DER/PE
A5: OBRA: | B5: ELABORAÇÃO DE PROJETO BÁSICO E EXECUTIVO DE ENGENHARIA PARA DUPLICAÇÃO, ADEQUAÇÃO E RESTAURAÇÃO DA PISTA EXISTENTE DA RODOVIA BR-232/PE (LOTE 2), TRECHO: FIM DA DUPLICAÇÃO (SÃO CAETANO) - ENTR. VPE-230 (PESQUEIRA), SEGMENTO: KM 149,10 - KM 177,90, EXTENSÃO: 28,80KM
A6: DATA BASE: | B6: JULHO/2025
A7: ITEM | B7: DESCRIÇÃO | C7: R$ | E7: %
A8: 1.0 | B8: =PLANILHA!D2 -> MOBILIZAÇÃO/DESMOBILIZAÇÃO | C8: =PLANILHA!I4 -> 193210.11 | E8: =C8/$C$19 -> 0.00077473507
A9: 2.0 | B9: =PLANILHA!D5 -> INSTALAÇÃO DO CANTEIRO DE OBRAS | C9: =PLANILHA!I11 -> 3907193.7 | E9: =C9/$C$19 -> 0.015667089
A10: 3.0 | B10: =PLANILHA!D12 -> ADMINISTRAÇÃO LOCAL DE OBRA | C10: =PLANILHA!I14 -> 14739272 | E10: =C10/$C$19 -> 0.059101622
A11: 4.0 | B11: =PLANILHA!D15 -> TERRAPLENAGEM | C11: =PLANILHA!I36 -> 54672766 | E11: =C11/$C$19 -> 0.21922719
A12: 5.0 | B12: =PLANILHA!D37 -> DRENAGEM E OBRAS DE ARTE CORRENTES | C12: =PLANILHA!I89 -> 25342906 | E12: =C12/$C$19 -> 0.10162014
A13: 6.0 | B13: =PLANILHA!D90 -> PAVIMENTAÇÃO | C13: =PLANILHA!I120 -> 1.2070929e+08 | E13: =C13/$C$19 -> 0.48402086
A14: 7.0 | B14: =PLANILHA!D121 -> OBRAS DE ARTE ESPECIAIS | C14: =PLANILHA!I280 -> 13006582 | E14: =C14/$C$19 -> 0.052153871
A15: 8.0 | B15: =PLANILHA!D281 -> OBRAS COMPLEMENTARES | C15: =PLANILHA!I291 -> 6349631.6 | E15: =C15/$C$19 -> 0.025460791
A16: 9.0 | B16: =PLANILHA!D292 -> SINALIZAÇÃO | C16: =PLANILHA!I326 -> 8172712.2 | E16: =C16/$C$19 -> 0.032770991
A17: 10.0 | B17: =PLANILHA!D327 -> ILUMINAÇÃO PÚBLICA | C17: =PLANILHA!I359 -> 191807.32 | E17: =C17/$C$19 -> 0.00076911016
A18: 11.0 | B18: =PLANILHA!D360 -> PROTEÇÃO AMBIENTAL | C18: =PLANILHA!I363 -> 2103243.1 | E18: =C18/$C$19 -> 0.0084335969
B19: TOTAL | C19: =SUM(C8:D18) -> 2.4938862e+08 | E19: =SUM(E8:E18) -> 1
B57: RESUMO DO ORÇAMENTO | D57: QD - 3.1

Sheet PLANILHA
A1: Item | B1: Código | D1: Descrição | E1: Unid. | F1: Quantidade | G1: Custo Unit R$ | H1: Preço Unit R$ | I1: Total c/BDI | J1: BDI %
A2: 1.0 | D2: MOBILIZAÇÃO/DESMOBILIZAÇÃO
A3: 1.1 | B3: CP0017 | C3: COMPOSIÇÃO | D3: MOBILIZAÇÃO E DESMOBILIZAÇÃO DE EQUIPAMENTOS | E3: UN | F3: 1 | G3: 158681.1 | H3: =IFERROR(ROUND((1+J3)*G3,2),0) -> 193210.11 | I3: =IFERROR(TRUNC(H3*F3,2),0) -> 193210.11 | J3: 0.2176
D4: SUBTOTAL 1. | I4: =SUBTOTAL(9,I3) -> 193210.11
A5: 2.0 | D5: INSTALAÇÃO DO CANTEIRO DE OBRAS
A6: 2.1 | B6: CP0016 | C6: COMPOSIÇÃO | D6: INSTALAÇÃO DO CANTEIRO DE OBRAS | E6: UN | F6: 1 | G6: 2636406.8 | H6: =IFERROR(ROUND((1+J6)*G6,2),0) -> 3210088.9 | I6: =IFERROR(TRUNC(H6*F6,2),0) -> 3210088.9 | J6: 0.2176
A7: 2.2 | B7: 0903810 | C7: COMPOSIÇÃO | D7: INSTALAÇÃO DA USINA DE ASFALTO A QUENTE CAPACIDADE DE 120 T/H | E7: UN | F7: 1 | G7: 214293.39 | H7: =IFERROR(ROUND((1+J7)*G7,2),0) -> 260923.63 | I7: =IFERROR(TRUNC(H7*F7,2),0) -> 260923.63 | J7: 0.2176
A8: 2.3 | B8: 0903806 | C8: COMPOSIÇÃO | D8: INSTALAÇÃO DA CENTRAL DE CONCRETO COM CAPACIDADE DE 150 M³/H | E8: UN | F8: 1 | G8: 202544.34 | H8: =IFERROR(ROUND((1+J8)*G8,2),0) -> 246617.99 | I8: =IFERROR(TRUNC(H8*F8,2),0) -> 246617.99 | J8: 0.2176
A9: 2.4 | B9: 0903802 | C9: COMPOSIÇÃO | D9: BACIA DE CONTENÇÃO PARA TANQUE DE EMULSÃO DE 30.000 L - INCLUSIVE DEMOLIÇÃO | E9: UN | F9: 6 | G9: 16612.61 | H9: =IFERROR(ROUND((1+J9)*G9,2),0) -> 20227.51 | I9: =IFERROR(TRUNC(H9*F9,2),0) -> 121365.06 | J9: 0.2176
A10: 2.5 | B10: CP0001 | C10: COMPOSIÇÃO | D10: DESTINAÇÃO FINAL DE RESÍDUOS SÓLIDOS (METRALHA) | E10: T | F10: 705.4 | G10: 83.68 | H10: =IFERROR(ROUND((1+J10)*G10,2),0) -> 96.68 | I10: =IFERROR(TRUNC(H10*F10,2),0) -> 68198.07 | J10: 0.1554
D11: SUBTOTAL 2. | I11: =SUBTOTAL(9,I5:I10) -> 3907193.7
A12: 3.0 | D12: ADMINISTRAÇÃO LOCAL DE OBRA
A13: 3.1 | B13: CP0018 | C13: COMPOSIÇÃO | D13: ADMINISTRAÇÃO LOCAL DE OBRA | E13: UN | F13: 1 | G13: 12105184 | H13: =IFERROR(ROUND((1+J13)*G13,2),0) -> 14739272 | I13: =IFERROR(TRUNC(H13*F13,2),0) -> 14739272 | J13: 0.2176
D14: SUBTOTAL 3. | I14: =SUBTOTAL(9,I12:I13) -> 14739272
A15: 4.0 | D15: TERRAPLENAGEM
A16: 4.1 | B16: 5501710 | C16: COMPOSIÇÃO | D16: ESCAVAÇÃO, CARGA E TRANSPORTE EM MATERIAL DE 1ª CATEGORIA - DMT DE 50 M | E16: M³ | F16: 64847.097 | G16: 3.72 | H16: =IFERROR(ROUND((1+J16)*G16,2),0) -> 4.53 | I16: =IFERROR(TRUNC(H16*F16,2),0) -> 293757.34 | J16: 0.2176
A17: 4.2 | B17: 5502161 | C17: COMPOSIÇÃO | D17: ESCAVAÇÃO, CARGA E TRANSPORTE DE MATERIAL DE 1ª CATEGORIA - DMT DE 50 A 200 M - CAMINHO DE SERVIÇO PAVIMENTADO - COM ESCAVADEIRA E CAMINHÃO BASCULANTE DE 14 M³ | E17: M³ | F17: 730.593 | G17: 5.66 | H17: =IFERROR(ROUND((1+J17)*G17,2),0) -> 6.89 | I17: =IFERROR(TRUNC(H17*F17,2),0) -> 5033.78 | J17: 0.2176
A18: 4.3 | B18: 5502162 | C18: COMPOSIÇÃO | D18: ESCAVAÇÃO, CARGA E TRANSPORTE DE MATERIAL DE 1ª CATEGORIA - DMT DE 200 A 400 M - CAMINHO DE SERVIÇO PAVIMENTADO - COM ESCAVADEIRA E CAMINHÃO BASCULANTE DE 14 M³ | E18: M³ | F18: 15027.339 | G18: 6.39 | H18: =IFERROR(ROUND((1+J18)*G18,2),0) -> 7.78 | I18: =IFERROR(TRUNC(H18*F18,2),0) -> 116912.69 | J18: 0.2176
A19: 4.4 | B19: 5502138 | C19: COMPOSIÇÃO | D19: ESCAVAÇÃO, CARGA E TRANSPORTE DE MATERIAL DE 1ª CATEGORIA - DMT DE 600 A 800 M - CAMINHO DE SERVIÇO EM REVESTIMENTO PRIMÁRIO - COM ESCAVADEIRA E CAMINHÃO BASCULANTE DE 14 M³ | E19: M³ | F19: 13208.823 | G19: 6.77 | H19: =IFERROR(ROUND((1+J19)*G19,2),0) -> 8.24 | I19: =IFERROR(TRUNC(H19*F19,2),0) -> 108840.7 | J19: 0.2176
A20: 4.5 | B20: 5502166 | C20: COMPOSIÇÃO | D20: ESCAVAÇÃO, CARGA E TRANSPORTE DE MATERIAL DE 1ª CATEGORIA - DMT DE 1.000 A 1.200 M - CAMINHO DE SERVIÇO PAVIMENTADO - COM ESCAVADEIRA E CAMINHÃO BASCULANTE DE 14 M³ | E20: M³ | F20: 2491.875 | G20: 7.58 | H20: =IFERROR(ROUND((1+J20)*G20,2),0) -> 9.23 | I20: =IFERROR(TRUNC(H20*F20,2),0) -> 23000 | J20: 0.2176
A21: 4.6 | B21: 5502167 | C21: COMPOSIÇÃO | D21: ESCAVAÇÃO, CARGA E TRANSPORTE DE MATERIAL DE 1ª CATEGORIA - DMT DE 1.200 A 1.400 M - CAMINHO DE SERVIÇO PAVIMENTADO - COM ESCAVADEIRA E CAMINHÃO BASCULANTE DE 14 M³ | E21: M³ | F21: 997.564 | G21: 7.72 | H21: =IFERROR(ROUND((1+J21)*G21,2),0) -> 9.4 | I21: =IFERROR(TRUNC(H21*F21,2),0) -> 9377.1 | J21: 0.2176
A22: 4.7 | B22: 5502168 | C22: COMPOSIÇÃO | D22: ESCAVAÇÃO, CARGA E TRANSPORTE DE MATERIAL DE 1ª CATEGORIA - DMT DE 1.400 A 1.600 M - CAMINHO DE SERVIÇO PAVIMENTADO - COM ESCAVADEIRA E CAMINHÃO BASCULANTE DE 14 M³ | E22: M³ | F22: 5858.14 | G22: 7.87 | H22: =IFERROR(ROUND((1+J22)*G22,2),0) -> 9.58 | I22: =IFERROR(TRUNC(H22*F22,2),0) -> 56120.98 | J22: 0.2176
A23: 4.8 | B23: 5502169 | C23: COMPOSIÇÃO | D23: ESCAVAÇÃO, CARGA E TRANSPORTE DE MATERIAL DE 1ª CATEGORIA - DMT DE 1.600 A 1.800 M - CAMINHO DE SERVIÇO PAVIMENTADO - COM ESCAVADEIRA E CAMINHÃO BASCULANTE DE 14 M³ | E23: M³ | F23: 351.38 | G23: 8.06 | H23: =IFERROR(ROUND((1+J23)*G23,2),0) -> 9.81 | I23: =IFERROR(TRUNC(H23*F23,2),0) -> 3447.03 | J23: 0.2176
A24: 4.9 | B24: 5502170 | C24: COMPOSIÇÃO | D24: ESCAVAÇÃO, CARGA E TRANSPORTE DE MATERIAL DE 1ª CATEGORIA - DMT DE 1.800 A 2.000 M - CAMINHO DE SERVIÇO PAVIMENTADO - COM ESCAVADEIRA E CAMINHÃO BASCULANTE DE 14 M³ | E24: M³ | F24: 57.25 | G24: 8.21 | H24: =IFERROR(ROUND((1+J24)*G24,2),0) -> 10 | I24: =IFERROR(TRUNC(H24*F24,2),0) -> 572.5 | J24: 0.2176
A25: 4.10 | B25: 5502171 | C25: COMPOSIÇÃO | D25: ESCAVAÇÃO, CARGA E TRANSPORTE DE MATERIAL DE 1ª CATEGORIA - DMT DE 2.000 A 2.500 M - CAMINHO DE SERVIÇO PAVIMENTADO - COM ESCAVADEIRA E CAMINHÃO BASCULANTE DE 14 M³ | E25: M³ | F25: 3475.11 | G25: 8.5 | H25: =IFERROR(ROUND((1+J25)*G25,2),0) -> 10.35 | I25: =IFERROR(TRUNC(H25*F25,2),0) -> 35967.38 | J25: 0.2176
A26: 4.11 | B26: 5502172 | C26: COMPOSIÇÃO | D26: ESCAVAÇÃO, CARGA E TRANSPORTE DE MATERIAL DE 1ª CATEGORIA - DMT DE 2.500 A 3.000 M - CAMINHO DE SERVIÇO PAVIMENTADO - COM ESCAVADEIRA E CAMINHÃO BASCULANTE DE 14 M³ | E26: M³ | F26: 1621142.1 | G26: 9.41 | H26: =IFERROR(ROUND((1+J26)*G26,2),0) -> 11.46 | I26: =IFERROR(TRUNC(H26*F26,2),0) -> 18578288 | J26: 0.2176
A27: 4.12 | B27: 5502648 | C27: COMPOSIÇÃO | D27: ESCAVAÇÃO, CARGA E TRANSPORTE DE MATERIAL DE 2ª CATEGORIA - DMT DE 2.500 A 3.000 M - CAMINHO DE SERVIÇO PAVIMENTADO - COM ESCAVADEIRA E CAMINHÃO BASCULANTE DE 14 M³ | E27: M³ | F27: 200.14 | G27: 12.12 | H27: =IFERROR(ROUND((1+J27)*G27,2),0) -> 14.76 | I27: =IFERROR(TRUNC(H27*F27,2),0) -> 2954.06 | J27: 0.2176
... A32: 4.17 | B32: 5501700 | C32: COMPOSIÇÃO | D32: DESMATAMENTO, DESTOCAMENTO E LIMPEZA DE ÁREA COM ÁRVORES DE DIÂMETRO ATÉ 0,15 M | E32: M² | F32: 760200 | G32: 0.7 | H32: =IFERROR(ROUND((1+J32)*G32,2),0) -> 0.85 | I32: =IFERROR(TRUNC(H32*F32,2),0) -> 646170 | J32: 0.2176
A33: 4.18 | B33: CP0004 | C33: COMPOSIÇÃO | D33: COMPACTAÇÃO DE CAMADA FINAL DE ATERRO DE ROCHA | E33: M³ | F33: 336.6 | G33: 4.49 | H33: =IFERROR(ROUND((1+J33)*G33,2),0) -> 5.47 | I33: =IFERROR(TRUNC(H33*F33,2),0) -> 1841.2 | J33: 0.2176
A34: 4.19 | B34: 5915321 | C34: COMPOSIÇÃO | D34: TRANSPORTE COM CAMINHÃO BASCULANTE DE 14 M³ - RODOVIA PAVIMENTADA | E34: TKM | F34: 22606854 | G34: 0.68 | H34: =IFERROR(ROUND((1+J34)*G34,2),0) -> 0.83 | I34: =IFERROR(TRUNC(H34*F34,2),0) -> 18763688 | J34: 0.2176
A35: 4.20 | B35: 5915319 | C35: COMPOSIÇÃO | D35: TRANSPORTE COM CAMINHÃO BASCULANTE DE 14 M³ - RODOVIA EM LEITO NATURAL | E35: TKM | F35: 2103890.7 | G35: 0.93 | H35: =IFERROR(ROUND((1+J35)*G35,2),0) -> 1.13 | I35: =IFERROR(TRUNC(H35*F35,2),0) -> 2377396.5 | J35: 0.2176
D36: SUBTOTAL 4. | I36: =SUBTOTAL(9,I15:I35) -> 54672766
A37: 5.0 | D37: DRENAGEM E OBRAS DE ARTE CORRENTES
A38: 5.1 | B38: 2003311 | C38: COMPOSIÇÃO | D38: VALETA DE PROTEÇÃO DE ATERROS COM REVESTIMENTO VEGETAL - VPAG 120-30 - ESCAVAÇÃO MECÂNICA | E38: M | F38: 3031 | G38: 44.18 | H38: =IFERROR(ROUND((1+J38)*G38,2),0) -> 53.79 | I38: =IFERROR(TRUNC(H38*F38,2),0) -> 163037.49 | J38: 0.2176
A39: 5.2 | B39: 2003305 | C39: COMPOSIÇÃO | D39: VALETA DE PROTEÇÃO DE CORTES COM REVESTIMENTO VEGETAL - VPCG 120-30 - ESCAVAÇÃO MECÂNICA | E39: M | F39: 3610 | G39: 44.18 | H39: =IFERROR(ROUND((1+J39)*G39,2),0) -> 53.79 | I39: =IFERROR(TRUNC(H39*F39,2),0) -> 194181.9 | J39: 0.2176
A40: 5.3 | B40: 2003257 | C40: COMPOSIÇÃO | D40: SARJETA TRIANGULAR DE CONCRETO - STC 100-20 - ESCAVAÇÃO MECÂNICA - AREIA E BRITA COMERCIAIS | E40: M | F40: 11141 | G40: 54.09 | H40: =IFERROR(ROUND((1+J40)*G40,2),0) -> 65.86 | I40: =IFERROR(TRUNC(H40*F40,2),0) -> 733746.26 | J40: 0.2176
A41: 5.4 | B41: 2003355 | C41: COMPOSIÇÃO | D41: SARJETA TRAPEZOIDAL DE CANTEIRO CENTRAL DE CONCRETO - SZCC 140-35 - AREIA E BRITA COMERCIAIS | E41: M | F41: 27687 | G41: 84.76 | H41: =IFERROR(TRUNC((1+J41)*G41,3),0) -> 103.203 | I41: =IFERROR(TRUNC(H41*F41,2),0) -> 2857381.5 | J41: 0.2176
A42: 5.5 | B42: 2003377 | C42: COMPOSIÇÃO | D42: MEIO-FIO DE CONCRETO - MFC 05 - AREIA E BRITA COMERCIAIS - FÔRMA DE MADEIRA | E42: M | F42: 64825 | G42: 57.51 | H42: =IFERROR(ROUND((1+J42)*G42,2),0) -> 70.02 | I42: =IFERROR(TRUNC(H42*F42,2),0) -> 4539046.5 | J42: 0.2176
A43: 5.6 | B43: 2003109 | C43: COMPOSIÇÃO | D43: ENTRADA PARA DESCIDA D'ÁGUA - EDA 04 A - AREIA E BRITA COMERCIAIS | E43: un | F43: 685 | G43: 191.92 | H43: =IFERROR(ROUND((1+J43)*G43,2),0) -> 233.68 | I43: =IFERROR(TRUNC(H43*F43,2),0) -> 160070.8 | J43: 0.2176
A44: 5.7 | B44: 2003121 | C44: COMPOSIÇÃO | D44: ENTRADA PARA DESCIDA D'ÁGUA - EDA 04 B - AREIA E BRITA COMERCIAIS | E44: un | F44: 43 | G44: 277.82 | H44: =IFERROR(ROUND((1+J44)*G44,2),0) -> 338.27 | I44: =IFERROR(TRUNC(H44*F44,2),0) -> 14545.61 | J44: 0.2176
A45: 5.8 | B45: 2003393 | C45: COMPOSIÇÃO | D45: DESCIDA D'ÁGUA DE ATERROS TIPO RÁPIDO - DAR 60-30 - AREIA E BRITA COMERCIAIS | E45: M | F45: 796 | G45: 361.94 | H45: =IFERROR(ROUND((1+J45)*G45,2),0) -> 440.7 | I45: =IFERROR(TRUNC(H45*F45,2),0) -> 350797.2 | J45: 0.2176
A46: 5.9 | B46: 2003495 | C46: COMPOSIÇÃO | D46: CAIXA COLETORA DE SARJETA - CCS 300-80 A - COM GRELHA DE CONCRETO - AREIA E BRITA COMERCIAIS | E46: UN | F46: 16 | G46: 6814.57 | H46: =IFERROR(ROUND((1+J46)*G46,2),0) -> 8297.42 | I46: =IFERROR(TRUNC(H46*F46,2),0) -> 132758.72 | J46: 0.2176
C47: ELABORAÇÃO DE PROJETO BÁSICO E EXECUTIVO DE ENGENHARIA PARA DUPLICAÇÃO, ADEQUAÇÃO E RESTAURAÇÃO DA PISTA EXISTENTE DA RODOVIA BR-232/PE (LOTE 2), TRECHO: FIM DA DUPLICAÇÃO (SÃO CAETANO) - ENTR. VPE-230 (PESQUEIRA), SEGMENTO: KM 149,10 - KM 177,90, EXTENSÃO: 28,80 KM | G47: DEMONSTRATIVO DO ORÇAMENTO
C49: Orçamento onerado, BDI = 21,76% e 15,54% (Diferenciado) | G49: DATA BASE: JULHO/2025 | I49: QD - 4.1
A50: 5.10 | B50: 2003578 | C50: COMPOSIÇÃO | D50: DRENO LONGITUDINAL PROFUNDO PARA CORTE EM SOLO - DPS 07 - TUBO PEAD E BRITA COMERCIAL | E50: M | F50: 1222 | G50: 167.35 | H50: =IFERROR(ROUND((1+J50)*G50,2),0) -> 203.77 | I50: =IFERROR(TRUNC(H50*F50,2),0) -> 249006.94 | J50: 0.2176
A51: 5.11 | B51: 2003591 | C51: COMPOSIÇÃO | D51: DRENO LONGITUDINAL PROFUNDO PARA CORTE EM ROCHA - DPR 02 - TUBO PEAD E BRITA COMERCIAL | E51: M | F51: 2866 | G51: 140.02 | H51: =IFERROR(ROUND((1+J51)*G51,2),0) -> 170.49 | I51: =IFERROR(ROUND(H51*F51,2),0) -> 488624.34 | J51: 0.2176
A52: 5.12 | B52: 2003921 | C52: COMPOSIÇÃO | D52: BOCA DE SAÍDA PARA DRENO LONGITUDINAL PROFUNDO - BSD 02 - TUBO DE PEAD - AREIA E BRITA COMERCIAIS | E52: UN | F52: 18 | G52: 264.83 | H52: =IFERROR(ROUND((1+J52)*G52,2),0) -> 322.46 | I52: =IFERROR(ROUND(H52*F52,2),0) -> 5804.28 | J52: 0.2176
A53: 5.13 | B53: CP0003 | C53: COMPOSIÇÃO | D53: CAIXA COLETORA DE TALVEGUE COM GRELHA DE CONCRETO - CCT 250-100A - AREIA E BRITA COMERCIAIS | E53: UN | F53: 3 | G53: 6963.18 | H53: =IFERROR(ROUND((1+J53)*G53,2),0) -> 8478.37 | I53: =IFERROR(ROUND(H53*F53,2),0) -> 25435.11 | J53: 0.2176
A54: 5.14 | B54: 2004510 | C54: COMPOSIÇÃO | D54: DRENO LONGITUDINAL DE PAVIMENTO H = 0,60 M - COM GEOCOMPOSTO DRENANTE | E54: M | F54: 112909 | G54: 64.26 | H54: =IFERROR(ROUND((1+J54)*G54,2),0) -> 78.24 | I54: =IFERROR(ROUND(H54*F54,2),0) -> 8834000.2 | J54: 0.2176
A55: 5.15 | B55: 2003613 | C55: COMPOSIÇÃO | D55: BOCA DE SAÍDA PARA DRENO SUBSUPERFICIAL - BSD 03 - AREIA E BRITA COMERCIAIS | E55: UN | F55: 2686 | G55: 152.25 | H55: =IFERROR(ROUND((1+J55)*G55,2),0) -> 185.38 | I55: =IFERROR(ROUND(H55*F55,2),0) -> 497930.68 | J55: 0.2176
A56: 5.16 | B56: 804393 | C56: COMPOSIÇÃO | D56: BOCA DE BSTC D = 1,00 M - ESCONSIDADE 0° - AREIA E BRITA COMERCIAIS - ALAS ESCONSAS | E56: UN | F56: 1 | G56: 2801.29 | H56: =IFERROR(ROUND((1+J56)*G56,2),0) -> 3410.85 | I56: =IFERROR(ROUND(H56*F56,2),0) -> 3410.85 | J56: 0.2176
A57: 5.17 | B57: 804417 | C57: COMPOSIÇÃO | D57: BOCA DE BDTC D = 1,00 M - ESCONSIDADE 0° - AREIA E BRITA COMERCIAIS - ALAS ESCONSAS | E57: UN | F57: 11 | G57: 3896.85 | H57: =IFERROR(ROUND((1+J57)*G57,2),0) -> 4744.8 | I57: =IFERROR(ROUND(H57*F57,2),0) -> 52192.8 | J57: 0.2176
A58: 5.18 | B58: 804441 | C58: COMPOSIÇÃO | D58: BOCA DE BTTC D = 1,00 M - ESCONSIDADE 0° - AREIA E BRITA COMERCIAIS - ALAS ESCONSAS | E58: UN | F58: 2 | G58: 4992.41 | H58: =IFERROR(ROUND((1+J58)*G58,2),0) -> 6078.76 | I58: =IFERROR(ROUND(H58*F58,2),0) -> 12157.52 | J58: 0.2176
A59: 5.19 | B59: 804031 | C59: COMPOSIÇÃO | D59: CORPO DE BSTC D = 0,80 M PA2 - AREIA, BRITA E PEDRA DE MÃO COMERCIAIS | E59: M | F59: 304 | G59: 635.98 | H59: =IFERROR(ROUND((1+J59)*G59,2),0) -> 774.37 | I59: =IFERROR(ROUND(H59*F59,2),0) -> 235408.48 | J59: 0.2176
A60: 5.20 | B60: 804039 | C60: COMPOSIÇÃO | D60: CORPO DE BSTC D = 1,00 M PA2 - AREIA, BRITA E PEDRA DE MÃO COMERCIAIS | E60: M | F60: 40 | G60: 776.32 | H60: =IFERROR(ROUND((1+J60)*G60,2),0) -> 945.25 | I60: =IFERROR(ROUND(H60*F60,2),0) -> 37810 | J60: 0.2176
A61: 5.21 | B61: 804191 | C61: COMPOSIÇÃO | D61: CORPO DE BDTC D = 1,00 M PA2 - AREIA, BRITA E PEDRA DE MÃO COMERCIAIS | E61: M | F61: 231 | G61: 1493.55 | H61: =IFERROR(ROUND((1+J61)*G61,2),0) -> 1818.55 | I61: =IFERROR(ROUND(H61*F61,2),0) -> 420085.05 | J61: 0.2176
A62: 5.22 | B62: 804295 | C62: COMPOSIÇÃO | D62: CORPO DE BTTC D = 1,00 M PA2 - AREIA, BRITA E PEDRA DE MÃO COMERCIAIS | E62: M | F62: 31 | G62: 2210.78 | H62: =IFERROR(ROUND((1+J62)*G62,2),0) -> 2691.85 | I62: =IFERROR(ROUND(H62*F62,2),0) -> 83447.35 | J62: 0.2176
A63: 5.23 | B63: 705233 | C63: COMPOSIÇÃO | D63: BOCA DE BSCC 2,00 X 2,00 M - ESCONSIDADE 0° - AREIA E BRITA COMERCIAIS | E63: UN | F63: 6 | G63: 18160.02 | H63: =IFERROR(ROUND((1+J63)*G63,2),0) -> 22111.64 | I63: =IFERROR(ROUND(H63*F63,2),0) -> 132669.84 | J63: 0.2176
A64: 5.24 | B64: 705322 | C64: COMPOSIÇÃO | D64: BOCA DE BDCC 2,00 X 2,00 M - ESCONSIDADE 0° - AREIA E BRITA COMERCIAIS | E64: UN | F64: 3 | G64: 21064.51 | H64: =IFERROR(ROUND((1+J64)*G64,2),0) -> 25648.15 | I64: =IFERROR(ROUND(H64*F64,2),0) -> 76944.45 | J64: 0.2176
A65: 5.25 | B65: 705241 | C65: COMPOSIÇÃO | D65: BOCA DE BSCC 2,50 X 2,50 M - ESCONSIDADE 0° - AREIA E BRITA COMERCIAIS | E65: UN | F65: 2 | G65: 24517.57 | H65: =IFERROR(ROUND((1+J65)*G65,2),0) -> 29852.59 | I65: =IFERROR(ROUND(H65*F65,2),0) -> 59705.18 | J65: 0.2176
... A82: 5.42 | B82: 4915713 | C82: COMPOSIÇÃO | D82: DESOBSTRUÇÃO DE BUEIRO | E82: M³ | F82: 335.25 | G82: 66.81 | H82: =IFERROR(ROUND((1+J82)*G82,2),0) -> 81.35 | I82: =IFERROR(ROUND(H82*F82,2),0) -> 27272.59 | J82: 0.2176
A83: 5.43 | C83: COMPOSIÇÃO | D83: DESTINAÇÃO FINAL DE RESÍDUOS SÓLIDOS (METRALHA) | E83: T | F83: 5146.9 | G83: 83.68 | H83: =IFERROR(ROUND((1+J83)*G83,2),0) -> 96.68 | I83: =IFERROR(ROUND(H83*F83,2),0) -> 497602.29 | J83: 0.1554
A84: 5.44 | B84: 804385 | C84: COMPOSIÇÃO | D84: BOCA DE BSTC D = 0,80 M - ESCONSIDADE 0° - AREIA E BRITA COMERCIAIS - ALAS ESCONSAS | E84: UN | F84: 13 | G84: 1826.62 | H84: =IFERROR(ROUND((1+J84)*G84,2),0) -> 2224.09 | I84: =IFERROR(ROUND(H84*F84,2),0) -> 28913.17 | J84: 0.2176
A85: 5.45 | B85: 407819 | C85: COMPOSIÇÃO | D85: ARMAÇÃO EM AÇO CA-50 - FORNECIMENTO, PREPARO E COLOCAÇÃO | E85: KG | F85: 21700.27 | G85: 12.85 | H85: =IFERROR(ROUND((1+J85)*G85,2),0) -> 15.65 | I85: =IFERROR(ROUND(H85*F85,2),0) -> 339609.23 | J85: 0.2176
A86: 5.46 | B86: 1107892 | C86: COMPOSIÇÃO | D86: CONCRETO FCK = 20 MPA - CONFECÇÃO EM BETONEIRA E LANÇAMENTO MANUAL - AREIA E BRITA COMERCIAIS | E86: M³ | F86: 229.65 | G86: 421.27 | H86: =IFERROR(ROUND((1+J86)*G86,2),0) -> 512.94 | I86: =IFERROR(ROUND(H86*F86,2),0) -> 117796.67 | J86: 0.2176
A87: 5.47 | B87: 1106057 | C87: COMPOSIÇÃO | D87: CONCRETO MAGRO - CONFECÇÃO EM BETONEIRA E LANÇAMENTO MANUAL - AREIA E BRITA COMERCIAIS | E87: M³ | F87: 23.56 | G87: 409.26 | H87: =IFERROR(ROUND((1+J87)*G87,2),0) -> 498.31 | I87: =IFERROR(ROUND(H87*F87,2),0) -> 11740.18 | J87: 0.2176
A88: 5.48 | B88: 3108005 | C88: COMPOSIÇÃO | D88: FÔRMAS DE COMPENSADO RESINADO 14 MM - USO GERAL - UTILIZAÇÃO DE 3 VEZES - CONFECÇÃO, INSTALAÇÃO E RETIRADA | E88: M² | F88: 2131.92 | G88: 88 | H88: =IFERROR(ROUND((1+J88)*G88,2),0) -> 107.15 | I88: =IFERROR(ROUND(H88*F88,2),0) -> 228435.23 | J88: 0.2176
D89: SUBTOTAL 5. | I89: =SUBTOTAL(9,I37:I88) -> 25342906
A90: 6.0 | D90: PAVIMENTAÇÃO
A92: 6.1 | D92: PISTA DUPLICADA - PAVIMENTO RÍGIDO | I92: =SUBTOTAL(9,I93:I107) -> 67898663
A93: 6.1.1 | B93: 4011209 | C93: COMPOSIÇÃO | D93: REGULARIZAÇÃO DO SUBLEITO - 100% PROCTOR INTERMEDIÁRIO | E93: M² | F93: 391940.8 | G93: 2.08 | H93: =IFERROR(ROUND((1+J93)*G93,2),0) -> 2.53 | I93: =IFERROR(TRUNC(H93*F93,2),0) -> 991610.22 | J93: 0.2176
A94: 6.1.2 | B94: 4011214 | C94: COMPOSIÇÃO | D94: SUB-BASE DE CONCRETO COMPACTADO COM ROLO - BRITA COMERCIAL | E94: M³ | F94: 39194.08 | G94: 259.77 | H94: =IFERROR(ROUND((1+J94)*G94,2),0) -> 316.3 | I94: =IFERROR(TRUNC(H94*F94,2),0) -> 12397088 | J94: 0.2176
A95: 6.1.3 | B95: 4011353 | C95: COMPOSIÇÃO | D95: PINTURA DE LIGAÇÃO | E95: M² | F95: 339312.8 | G95: 0.55 | H95: =IFERROR(ROUND((1+J95)*G95,2),0) -> 0.67 | I95: =IFERROR(TRUNC(H95*F95,2),0) -> 227339.57 | J95: 0.2176
A96: 6.1.4 | B96: CP0014 | C96: COMPOSIÇÃO | D96: PAVIMENTO DE CONCRETO COM FÔRMAS DESLIZANTES - AREIA E BRITA COMERCIAIS (IMPLANTAÇÃO) | E96: M³ | F96: 77372.18 | G96: 561.58 | H96: =IFERROR(ROUND((1+J96)*G96,2),0) -> 683.78 | I96: =IFERROR(TRUNC(H96*F96,2),0) -> 52905549 | J96: 0.2176
A97: 6.1.5 | B97: 4011459 | C97: COMPOSIÇÃO | D97: CONCRETO ASFÁLTICO - FAIXA B-19 - AREIA E BRITA COMERCIAIS | E97: T | F97: 349.44 | G97: 176.94 | H97: =IFERROR(ROUND((1+J97)*G97,2),0) -> 215.44 | I97: =IFERROR(TRUNC(H97*F97,2),0) -> 75283.35 | J97: 0.2176
C98: ELABORAÇÃO DE PROJETO BÁSICO E EXECUTIVO DE ENGENHARIA PARA DUPLICAÇÃO, ADEQUAÇÃO E RESTAURAÇÃO DA PISTA EXISTENTE DA RODOVIA BR-232/PE (LOTE 2), TRECHO: FIM DA DUPLICAÇÃO (SÃO CAETANO) - ENTR. VPE-230 (PESQUEIRA), SEGMENTO: KM 149,10 - KM 177,90, EXTENSÃO: 28,80 KM | G98: DEMONSTRATIVO DO ORÇAMENTO
C100: Orçamento onerado, BDI = 21,76% e 15,54% (Diferenciado) | G100: DATA BASE: JULHO/2025 | I100: QD - 4.2
A101: 6.1.6 | D101: AQUISIÇÃO E TRANSPORTE DE MATERIAL BETUMINOSO
A102: 6.1.6.1 | B102: CP0013 | C102: COMPOSIÇÃO | D102: AQUISIÇÃO DE EMULSÃO ASFÁLTICA RR-1C | E102: T | F102: 1.31 | G102: 3224.54 | H102: =IFERROR(ROUND((1+J102)*G102,2),0) -> 3926.2 | I102: =IFERROR(TRUNC(H102*F102,2),0) -> 5143.32 | J102: 0.2176
A103: 6.1.6.2 | B103: CP0015 | C103: COMPOSIÇÃO | D103: TRANSPORTE DE EMULSÃO ASFÁLTIC - RR-1C | E103: T | F103: 1.31 | G103: 576.62 | H103: =IFERROR(ROUND((1+J103)*G103,2),0) -> 702.09 | I103: =IFERROR(TRUNC(H103*F103,2),0) -> 919.73 | J103: 0.2176
A104: 6.1.6.3 | B104: CP0021 | C104: COMPOSIÇÃO | D104: AQUISIÇÃO DE EMULSÃO ASFÁLTICA RR-2C | E104: T | F104: 252.298 | G104: 3302.31 | H104: =IFERROR(ROUND((1+J104)*G104,2),0) -> 4020.89 | I104: =IFERROR(TRUNC(H104*F104,2),0) -> 1014462.5 | J104: 0.2176
A105: 6.1.6.4 | B105: CP0022 | C105: COMPOSIÇÃO | D105: TRANSPORTE EMULSÃO ASFALTICA RR-2C | E105: T | F105: 252.298 | G105: 576.62 | H105: =IFERROR(ROUND((1+J105)*G105,2),0) -> 702.09 | I105: =IFERROR(TRUNC(H105*F105,2),0) -> 177135.9 | J105: 0.2176
A106: 6.1.6.5 | B106: CP0046 | C106: COMPOSIÇÃO | D106: AQUISIÇÃO DE CIMENTO ASFÁLTICO CAP 50/70 | E106: T | F106: 16.65 | G106: 4553.6 | H106: =IFERROR(ROUND((1+J106)*G106,2),0) -> 5544.46 | I106: =IFERROR(TRUNC(H106*F106,2),0) -> 92315.25 | J106: 0.2176
A107: 6.1.6.6 | B107: CP0047 | C107: COMPOSIÇÃO | D107: TRANSPORTE CIMENTO ASFALTICO CAP 50/70 | E107: T | F107: 16.65 | G107: 582.84 | H107: =IFERROR(ROUND((1+J107)*G107,2),0) -> 709.67 | I107: =IFERROR(TRUNC(H107*F107,2),0) -> 11816 | J107: 0.2176
A108: 6.2 | D108: PISTA EXISTENTE - PAVIMENTO RÍGIDO | I108: =SUBTOTAL(9,I109:I119) -> 52810632
A109: 6.2.1 | B109: 4915669 | C109: COMPOSIÇÃO | D109: REMOÇÃO MECANIZADA DE CAMADA GRANULAR DO PAVIMENTO | E109: M³ | F109: 7517.83 | G109: 94.63 | H109: =IFERROR(ROUND((1+J109)*G109,2),0) -> 115.22 | I109: =IFERROR(TRUNC(H109*F109,2),0) -> 866204.37 | J109: 0.2176
A110: 6.2.2 | B110: 4011212 | C110: COMPOSIÇÃO | D110: VARREDURA DA SUPERFÍCIE PARA EXECUÇÃO DE REVESTIMENTO ASFÁLTICO | E110: M² | F110: 67037.26 | G110: 0.09 | H110: =IFERROR(ROUND((1+J110)*G110,2),0) -> 0.11 | I110: =IFERROR(TRUNC(H110*F110,2),0) -> 7374.09 | J110: 0.2176
A111: 6.2.3 | B111: 4011353 | C111: COMPOSIÇÃO | D111: PINTURA DE LIGAÇÃO | E111: M² | F111: 67037.26 | G111: 0.55 | H111: =IFERROR(ROUND((1+J111)*G111,2),0) -> 0.67 | I111: =IFERROR(TRUNC(H111*F111,2),0) -> 44914.96 | J111: 0.2176
A112: 6.2.4 | B112: CP0014 | C112: COMPOSIÇÃO | D112: PAVIMENTO DE CONCRETO COM FÔRMAS DESLIZANTES - AREIA E BRITA COMERCIAIS (WHITETOPPING) | E112: M³ | F112: 67242.78 | G112: 561.58 | H112: =IFERROR(ROUND((1+J112)*G112,2),0) -> 683.78 | I112: =IFERROR(TRUNC(H112*F112,2),0) -> 45979268 | J112: 0.2176
A113: 6.2.5 | B113: 4011459 | C113: COMPOSIÇÃO | D113: CONCRETO ASFÁLTICO - FAIXA B-19 - AREIA E BRITA COMERCIAIS | E113: T | F113: 9119.5 | G113: 176.94 | H113: =IFERROR(ROUND((1+J113)*G113,2),0) -> 215.44 | I113: =IFERROR(TRUNC(H113*F113,2),0) -> 1964705.1 | J113: 0.2176
A114: 6.2.6 | D114: AQUISIÇÃO E TRANSPORTE DE MATERIAL BETUMINOSO
A115: 6.2.6.1 | B115: CP0013 | C115: COMPOSIÇÃO | D115: AQUISIÇÃO DE EMULSÃO ASFÁLTICA RR-1C | E115: T | F115: 30.17 | G115: 3224.54 | H115: =IFERROR(ROUND((1+J115)*G115,2),0) -> 3926.2 | I115: =IFERROR(TRUNC(H115*F115,2),0) -> 118453.45 | J115: 0.2176
A116: 6.2.6.2 | B116: CP0015 | C116: COMPOSIÇÃO | D116: TRANSPORTE DE EMULSÃO ASFÁLTIC - RR-1C | E116: T | F116: 30.17 | G116: 576.62 | H116: =IFERROR(ROUND((1+J116)*G116,2),0) -> 702.09 | I116: =IFERROR(TRUNC(H116*F116,2),0) -> 21182.05 | J116: 0.2176
A117: 6.2.6.3 | B117: CP0046 | C117: COMPOSIÇÃO | D117: AQUISIÇÃO DE CIMENTO ASFÁLTICO CAP 50/70 | E117: T | F117: 434.64 | G117: 4553.6 | H117: =IFERROR(ROUND((1+J117)*G117,2),0) -> 5544.46 | I117: =IFERROR(TRUNC(H117*F117,2),0) -> 2409844.1 | J117: 0.2176
A118: 6.2.6.4 | B118: CP0047 | C118: COMPOSIÇÃO | D118: TRANSPORTE CIMENTO ASFALTICO CAP 50/70 | E118: T | F118: 434.64 | G118: 582.84 | H118: =IFERROR(ROUND((1+J118)*G118,2),0) -> 709.67 | I118: =IFERROR(TRUNC(H118*F118,2),0) -> 308450.96 | J118: 0.2176
A119: 6.2.7 | B119: CP0048 | C119: COMPOSIÇÃO | D119: DESTINAÇÃO FINAL DE RESÍDUOS SÓLIDOS (RESÍDUO DE ASFALTO) | E119: T | F119: 11276.74 | G119: 83.68 | H119: =IFERROR(ROUND((1+J119)*G119,2),0) -> 96.68 | I119: =IFERROR(TRUNC(H119*F119,2),0) -> 1090235.2 | J119: 0.1554
D120: SUBTOTAL 6. | I120: =SUBTOTAL(9,I90:I119) -> 1.2070929e+08
A121: 7.0 | D121: OBRAS DE ARTE ESPECIAIS
A122: 7.1 | D122: IMPLANTAÇÃO | I122: =SUBTOTAL(9,I123:I179) -> 7022883.7
A123: 7.1.1 | D123: OAE 01 - 65,00M, KM 169,30 | I123: =SUBTOTAL(9,I124:I149) -> 3489281.3
...

Sheet CURVA ABC
A1: GOVERNO DO ESTADO DE PERNAMBUCO
A2: SECRETARIA DE MOBILIDADE E INFRAESTRUTURA - SEMOBI/PE
A3: DEPARTAMENTO DE ESTRADAS E RODAGEM - DER/PE
A4: =RESUMO!B5 -> ELABORAÇÃO DE PROJETO BÁSICO E EXECUTIVO DE ENGENHARIA PARA DUPLICAÇÃO, ADEQUAÇÃO E RESTAURAÇÃO DA PISTA EXISTENTE DA RODOVIA BR-232/PE (LOTE 2), TRECHO: FIM DA DUPLICAÇÃO (SÃO CAETANO) - ENTR. VPE-230 (PESQUEIRA), SEGMENTO: KM 149,10 - KM 177,90, EXTENSÃO: 28,80KM | F4: BDI OBRA: | G4: 0.2074
F5: BDI DIFERENCIADO: | G5: 0.1453
A7: DEMONSTRATIVO DA CURVA ABC DE SERVIÇOS
A9: CÓDIGO | B9: DESCRIÇÃO | C9: UND | D9: QUANT. | E9: PREÇO UNITÁRIO | F9: PREÇO TOTAL | G9: CURVA ABC
G10: % | H10: % ACUM
A11: CP0014 | B11: PAVIMENTO DE CONCRETO COM FÔRMAS DESLIZANTES - AREIA E BRITA COMERCIAIS (IMPLANTAÇÃO) | C11: M³ | D11: 77372.18 | E11: 683.78 | F11: =TRUNC(E11*D11,2) -> 52905549 | G11: =F11/$F$196 -> 0.21214099 | H11: =G11 -> 0.21214099
A12: CP0014 | B12: PAVIMENTO DE CONCRETO COM FÔRMAS DESLIZANTES - AREIA E BRITA COMERCIAIS (WHITETOPPING) | C12: M³ | D12: 67242.78 | E12: 683.78 | F12: =TRUNC(E12*D12,2) -> 45979268 | G12: =F12/$F$196 -> 0.18436795 | H12: =H11+G12 -> 0.39650894
A13: 5915321 | B13: TRANSPORTE COM CAMINHÃO BASCULANTE DE 14 M³ - RODOVIA PAVIMENTADA | C13: TKM | D13: 22606854 | E13: 0.83 | F13: =TRUNC(E13*D13,2) -> 18763688 | G13: =F13/$F$196 -> 0.075238752 | H13: =H12+G13 -> 0.47174769
A14: 5502172 | B14: ESCAVAÇÃO, CARGA E TRANSPORTE DE MATERIAL DE 1ª CATEGORIA - DMT DE 2.500 A 3.000 M - CAMINHO DE SERVIÇO PAVIMENTADO - COM ESCAVADEIRA E CAMINHÃO BASCULANTE DE 14 M³ | C14: M³ | D14: 1621142.1 | E14: 11.46 | F14: =TRUNC(E14*D14,2) -> 18578288 | G14: =F14/$F$196 -> 0.074495333 | H14: =H13+G14 -> 0.54624303
A15: CP0018 | B15: ADMINISTRAÇÃO LOCAL | C15: UN | D15: 1 | E15: 14739272 | F15: =TRUNC(E15*D15,2) -> 14739272 | G15: =F15/$F$196 -> 0.059101622 | H15: =H14+G15 -> 0.60534465
A16: 4011214 | B16: SUB-BASE DE CONCRETO COMPACTADO COM ROLO - BRITA COMERCIAL | C16: M³ | D16: 39194.08 | E16: 316.3 | F16: =TRUNC(E16*D16,2) -> 12397088 | G16: =F16/$F$196 -> 0.049709917 | H16: =H15+G16 -> 0.65505456
A17: 5503041 | B17: COMPACTAÇÃO DE ATERROS A 100% DO PROCTOR INTERMEDIÁRIO | C17: M³ | D17: 1504216.1 | E17: 7.89 | F17: =TRUNC(E17*D17,2) -> 11868265 | G17: =F17/$F$196 -> 0.047589441 | H17: =H16+G17 -> 0.70264401
A18: CP0002 | B18: DRENO LONGITUDINAL DE PAVIMENTO H = 0,60 M - COM GEOCOMPOSTO DRENANTE | C18: M | D18: 112909 | E18: 78.24 | F18: =TRUNC(E18*D18,2) -> 8834000.2 | G18: =F18/$F$196 -> 0.035422627 | H18: =H17+G18 -> 0.73806663
A19: 407819 | B19: ARMAÇÃO EM AÇO CA-50 - FORNECIMENTO, PREPARO E COLOCAÇÃO | C19: KG | D19: 328043.67 | E19: 15.65 | F19: =TRUNC(E19*D19,2) -> 5133883.4 | G19: =F19/$F$196 -> 0.020585877 | H19: =H18+G19 -> 0.75865251
A20: 3713604 | B20: DEFENSA SEMIMALEÁVEL SIMPLES - FORNECIMENTO E IMPLANTAÇÃO | C20: M | D20: 11688.04 | E20: 390 | F20: =TRUNC(E20*D20,2) -> 4558335.6 | G20: =F20/$F$196 -> 0.018278042 | H20: =H19+G20 -> 0.77693055
A21: 2003377 | B21: MEIO-FIO DE CONCRETO - MFC 05 - AREIA E BRITA COMERCIAIS - FÔRMA DE MADEIRA | C21: M | D21: 64825 | E21: 70.02 | F21: =TRUNC(E21*D21,2) -> 4539046.5 | G21: =F21/$F$196 -> 0.018200696 | H21: =H20+G21 -> 0.79513125
A22: CP0016 | B22: INSTALAÇÃO DO CANTEIRO DE OBRA | C22: UN | D22: 1 | E22: 3210088.9 | F22: =TRUNC(E22*D22,2) -> 3210088.9 | G22: =F22/$F$196 -> 0.012871834 | H22: =H21+G22 -> 0.80800308
A23: 5213408 | B23: PINTURA DE FAIXA COM TERMOPLÁSTICO POR ASPERSÃO - ESPESSURA DE 1,5 MM | C23: M² | D23: 51938.03 | E23: 59.72 | F23: =TRUNC(E23*D23,2) -> 3101739.1 | G23: =F23/$F$196 -> 0.012437372 | H23: =H22+G23 -> 0.82044045
A24: 2003355 | B24: SARJETA TRAPEZOIDAL DE CANTEIRO CENTRAL DE CONCRETO - SZCC 140-35 - AREIA E BRITA COMERCIAIS | C24: M | D24: 27687 | E24: 103.2 | F24: =TRUNC(E24*D24,2) -> 2857298.4 | G24: =F24/$F$196 -> 0.011457212 | H24: =H23+G24 -> 0.83189767
A25: CP0046 | B25: AQUISIÇÃO DE CIMENTO ASFÁLTICO CAP 50/70 | C25: T | D25: 451.29 | E25: 5544.46 | F25: =TRUNC(E25*D25,2) -> 2502159.4 | G25: =F25/$F$196 -> 0.010033174 | H25: =H24+G25 -> 0.84193084
A26: 5915319 | B26: TRANSPORTE COM CAMINHÃO BASCULANTE DE 14 M³ - RODOVIA EM LEITO NATURAL | C26: TKM | D26: 2103890.7 | E26: 1.13 | F26: =TRUNC(E26*D26,2) -> 2377396.5 | G26: =F26/$F$196 -> 0.0095328988 | H26: =H25+G26 -> 0.85146374
A27: 4011459 | B27: CONCRETO ASFÁLTICO - FAIXA B-19 - AREIA E BRITA COMERCIAIS | C27: T | D27: 9468.94 | E27: 215.44 | F27: =TRUNC(E27*D27,2) -> 2039988.4 | G27: =F27/$F$196 -> 0.008179958 | H27: =H26+G27 -> 0.8596437
A28: 4413996 | B28: ENLEIVAMENTO | C28: M² | D28: 157528.58 | E28: 12.91 | F28: =TRUNC(E28*D28,2) -> 2033694 | G28: =F28/$F$196 -> 0.0081547184 | H28: =H27+G28 -> 0.86779842
A29: 1107904 | B29: CONCRETO FCK = 35 MPA - CONFECÇÃO EM BETONEIRA E LANÇAMENTO MANUAL - AREIA E BRITA COMERCIAIS | C29: M³ | D29: 3003.857 | E29: 602.79 | F29: =TRUNC(E29*D29,2) -> 1810695 | G29: =F29/$F$196 -> 0.0072605356 | H29: =H28+G29 -> 0.87505895
A30: CP0049 | B30: Pintura de faixa com promotor de aderência, e= 0,3 mm | C30: m² | D30: 61679.99 | E30: 25.48 | F30: =TRUNC(E30*D30,2) -> 1571606.1 | G30: =F30/$F$196 -> 0.0063018358 | H30: =H29+G30 -> 0.88136079
A31: 5502978 | B31: COMPACTAÇÃO DE ATERROS A 100% DO PROCTOR NORMAL | C31: M³ | D31: 226368 | E31: 6.82 | F31: =TRUNC(E31*D31,2) -> 1543829.8 | G31: =F31/$F$196 -> 0.0061904579 | H31: =H30+G31 -> 0.88755125
A32: 1506055 | B32: PEDRA ARGAMASSADA COM CIMENTO E AREIA 1:3 - AREIA E PEDRA DE MÃO COMERCIAL - FORNECIMENTO E ASSENTAMENTO | C32: M³ | D32: 3041.7 | E32: 469.84 | F32: =TRUNC(E32*D32,2) -> 1429112.3 | G32: =F32/$F$196 -> 0.0057304633 | H32: =H31+G32 -> 0.89328171
A33: 3108015 | B33: FÔRMAS DE COMPENSADO PLASTIFICADO 14 MM - USO GERAL - UTILIZAÇÃO DE 1 VEZ - CONFECÇÃO, INSTALAÇÃO E RETIRADA | C33: M² | D33: 6201.026 | E33: 218.92 | F33: =TRUNC(E33*D33,2) -> 1357528.6 | G33: =F33/$F$196 -> 0.0054434265 | H33: =H32+G33 -> 0.89872514
A34: CP0048 | B34: DESTINAÇÃO FINAL DE RESÍDUOS SÓLIDOS (RESÍDUO DE ASFALTO) | C34: T | D34: 11276.74 | E34: 96.68 | F34: =TRUNC(E34*D34,2) -> 1090235.2 | G34: =F34/$F$196 -> 0.0043716318 | H34: =H33+G34 -> 0.90309677
A35: CP0021 | B35: AQUISIÇÃO DE EMULSÃO ASFÁLTICA RR-2C | C35: T | D35: 252.298 | E35: 4020.89 | F35: =TRUNC(E35*D35,2) -> 1014462.5 | G35: =F35/$F$196 -> 0.0040677979 | H35: =H34+G35 -> 0.90716457
A36: 4011209 | B36: REGULARIZAÇÃO DO SUBLEITO - 100% PROCTOR INTERMEDIÁRIO | C36: M² | D36: 391940.8 | E36: 2.53 | F36: =TRUNC(E36*D36,2) -> 991610.22 | G36: =F36/$F$196 -> 0.0039761647 | H36: =H35+G36 -> 0.91114073
A37: 3713902 | B37: TERMINAL ABSORVEDOR DE ENERGIA DE ABERTURA COM NÍVEL DE CONTENÇÃO TL3 PARA DEFENSA METÁLICA - FORNECIMENTO E IMPLANTAÇÃO | C37: UN | D37: 47 | E37: 19696.38 | F37: =TRUNC(E37*D37,2) -> 925729.86 | G37: =F37/$F$196 -> 0.0037119972 | H37: =H36+G37 -> 0.91485273
A38: 4915669 | B38: REMOÇÃO MECANIZADA DE CAMADA GRANULAR DO PAVIMENTO | C38: M³ | D38: 7517.83 | E38: 115.22 | F38: =TRUNC(E38*D38,2) -> 866204.37 | G38: =F38/$F$196 -> 0.0034733115 | H38: =H37+G38 -> 0.91832604
A39: 2003257 | B39: SARJETA TRIANGULAR DE CONCRETO - STC 100-20 - ESCAVAÇÃO MECÂNICA - AREIA E BRITA COMERCIAIS | C39: M | D39: 11141 | E39: 65.86 | F39: =TRUNC(E39*D39,2) -> 733746.26 | G39: =F39/$F$196 -> 0.0029421802 | H39: =H38+G39 -> 0.92126822
A40: 5219615 | B40: TACHA REFLETIVA EM PLÁSTICO INJETADO - MONODIRECIONAL TIPO III - COM UM PINO - FORNECIMENTO E COLOCAÇÃO | C40: UN | D40: 17056 | E40: 42.8 | F40: =TRUNC(E40*D40,2) -> 729996.8 | G40: =F40/$F$196 -> 0.0029271456 | H40: =H39+G40 -> 0.92419536
A41: 705273 | B41: CORPO DE BDCC 2,00 X 2,00 M - MOLDADO NO LOCAL - ALTURA DO ATERRO 1,00 A 2,50 M - AREIA E BRITA COMERCIAIS | C41: M | D41: 111 | E41: 6411.24 | F41: =TRUNC(E41*D41,2) -> 711647.64 | G41: =F41/$F$196 -> 0.002853569 | H41: =H40+G41 -> 0.92704893
A42: 5501700 | B42: DESMATAMENTO, DESTOCAMENTO E LIMPEZA DE ÁREA COM ÁRVORES DE DIÂMETRO ATÉ 0,15 M | C42: M² | D42: 760200 | E42: 0.85 | F42: =TRUNC(E42*D42,2) -> 646170 | G42: =F42/$F$196 -> 0.0025910164 | H42: =H41+G42 -> 0.92963995
A43: 307735 | B43: JUNTA DE DILATAÇÃO EM ELASTÔMERO E PERFIL VV - L = 35 MM E H = 60 MM - FORNECIMENTO E INSTALAÇÃO | C43: M | D43: 1148 | E43: 511.4 | F43: =TRUNC(E43*D43,2) -> 587087.2 | G43: =F43/$F$196 -> 0.0023541058 | H43: =H42+G43 -> 0.93199406
A44: 2306065 | B44: ESTACA RAIZ PERFURADA NO SOLO COM D = 31 CM - CONFECÇÃO | C44: M | D44: 2464 | E44: 232.32 | F44: =TRUNC(E44*D44,2) -> 572436.48 | G44: =F44/$F$196 -> 0.0022953593 | H44: =H43+G44 -> 0.93428941
A45: CP0001 | B45: DESTINAÇÃO FINAL DE RESÍDUOS SÓLIDOS (METRALHA) | C45: T | D45: 5872.71 | E45: 96.68 | F45: =TRUNC(E45*D45,2) -> 567773.6 | G45: =F45/$F$196 -> 0.002276662 | H45: =H44+G45 -> 0.93656608
A46: 705390 | B46: CORPO DE BTCC 3,00 X 3,00 M - MOLDADO NO LOCAL - ALTURA DO ATERRO 1,00 A 2,50 M - AREIA E BRITA COMERCIAIS | C46: M | D46: 36 | E46: 15436.94 | F46: =TRUNC(E46*D46,2) -> 555729.84 | G46: =F46/$F$196 -> 0.0022283689 | H46: =H45+G46 -> 0.93879445
A47: 5213409 | B47: PINTURA DE SETAS E ZEBRADOS COM TERMOPLÁSTICO POR EXTRUSÃO - ESPESSURA DE 3,0 MM | C47: M² | D47: 4613.76 | E47: 118.89 | F47: =TRUNC(E47*D47,2) -> 548529.92 | G47: =F47/$F$196 -> 0.0021994986 | H47: =H46+G47 -> 0.94099394
A48: 2003613 | B48: BOCA DE SAÍDA PARA DRENO SUBSUPERFICIAL - BSD 03 - AREIA E BRITA COMERCIAIS | C48: UN | D48: 2686 | E48: 185.38 | F48: =TRUNC(E48*D48,2) -> 497930.68 | G48: =F48/$F$196 -> 0.0019966055 | H48: =H47+G48 -> 0.94299055
A49: 2003591 | B49: DRENO LONGITUDINAL PROFUNDO PARA CORTE EM ROCHA - DPR 02 - TUBO PEAD E BRITA COMERCIAL | C49: M | D49: 2866 | E49: 170.49 | F49: =TRUNC(E49*D49,2) -> 488624.34 | G49: =F49/$F$196 -> 0.0019592888 | H49: =H48+G49 -> 0.94494984
A50: 705185 | B50: CORPO DE BSCC 2,00 X 2,00 M - MOLDADO NO LOCAL - ALTURA DO ATERRO 1,00 A 2,50 M - AREIA E BRITA COMERCIAIS | C50: M | D50: 126 | E50: 3806.63 | F50: =TRUNC(E50*D50,2) -> 479635.38 | G50: =F50/$F$196 -> 0.0019232449 | H50: =H49+G50 -> 0.94687308
A51: 5213352 | B51: SUPORTE POLIMÉRICO ECOLÓGICO MACIÇO COLAPSÍVEL QUADRADO DE 8 CM PARA PLACA DE SINALIZAÇÃO - FORNECIMENTO E IMPLANTAÇÃO | C51: UN | D51: 313 | E51: 1364.26 | F51: =TRUNC(E51*D51,2) -> 427013.38 | G51: =F51/$F$196 -> 0.0017122408 | H51: =H50+G51 -> 0.94858532
A52: CP0056 | B52: PLACA EM ALUMÍNIO COMPOSTO, ESPESSURA DE 3,0 MM, MODULADA, AÉREA - PELÍCULA RETRORREFLETIVA TIPO III + SI - FORNECIMENTO E IMPLANTAÇÃO | C52: M² | D52: 224.66 | E52: 1879.45 | F52: =TRUNC(E52*D52,2) -> 422237.23 | G52: =F52/$F$196 -> 0.0016930894 | H52: =H51+G52 -> 0.95027841
A53: 804191 | B53: CORPO DE BDTC D = 1,00 M PA2 - AREIA, BRITA E PEDRA DE MÃO COMERCIAIS | C53: M | D53: 231 | E53: 1818.55 | F53: =TRUNC(E53*D53,2) -> 420085.05 | G53: =F53/$F$196 -> 0.0016844596 | H53: =H52+G53 -> 0.95196287
A54: 705376 | B54: CORPO DE BTCC 2,50 X 2,50 M - MOLDADO NO LOCAL - ALTURA DO ATERRO 1,00 A 2,50 M - AREIA E BRITA COMERCIAIS | C54: M | D54: 35 | E54: 11737.27 | F54: =TRUNC(E54*D54,2) -> 410804.45 | G54: =F54/$F$196 -> 0.0016472462 | H54: =H53+G54 -> 0.95361012
A55: 5213850 | B55: OPERAÇÃO DE SINALIZAÇÃO POR BANDEIROLA DE TECIDO OU COM PLACA METÁLICA | C55: H | D55: 14599.2 | E55: 27.12 | F55: =TRUNC(E55*D55,2) -> 395930.3 | G55: =F55/$F$196 -> 0.0015876037 | H55: =H54+G55 -> 0.95519772
A56: 4507957 | B56: CORDOALHA CP 190 RB D = 15,2 MM - FORNECIMENTO E INSTALAÇÃO | C56: KG | D56: 28490 | E56: 13.87 | F56: =TRUNC(E56*D56,2) -> 395156.3 | G56: =F56/$F$196 -> 0.0015845001 | H56: =H55+G56 -> 0.95678222
A57: 5213630 | B57: SEMIPÓRTICO METÁLICO COM VÃO DE 8,3 M, VENTO DE 35 M/S E ÁREA DE EXPOSIÇÃO DE ATÉ 12,45 M² - FORNECIMENTO E IMPLANTAÇÃO - AREIA E BRITA COMERCIAIS | C57: UN | D57: 5 | E57: 76588.92 | F57: =TRUNC(E57*D57,2) -> 382944.6 | G57: =F57/$F$196 -> 0.0015355336 | H57: =H56+G57 -> 0.95831776
A58: 3713613 | B58: CERCA COM 4 FIOS DE ARAME LISO GALVANIZADO E MOURÃO DE MADEIRA A CADA 2,5 M E ESTICADOR A CADA 50 M | C58: M | D58: 13547 | E58: 27.03 | F58: =TRUNC(E58*D58,2) -> 366175.41 | G58: =F58/$F$196 -> 0.0014682924 | H58: =H57+G58 -> 0.95978605
A59: 3806410 | B59: PLATAFORMA DE TRABALHO SUSPENSA SOB TABULEIRO DE PONTES COM TRELIÇAS METÁLICAS E TÁBUAS - UTILIZAÇÃO DE 100 VEZES - CONFECÇÃO, INSTALAÇÃO E RETIRADA | C59: M² | D59: 4501.6 | E59: 80.13 | F59: =TRUNC(E59*D59,2) -> 360713.2 | G59: =F59/$F$196 -> 0.00144639 | H59: =H58+G59 -> 0.96123244
A60: 2003393 | B60: DESCIDA D'ÁGUA DE ATERROS TIPO RÁPIDO - DAR 60-30 - AREIA E BRITA COMERCIAIS | C60: M | D60: 796 | E60: 440.7 | F60: =TRUNC(E60*D60,2) -> 350797.2 | G60: =F60/$F$196 -> 0.0014066287 | H60: =H59+G60 -> 0.96263907
A61: 1619006 | B61: DEMOLIÇÃO MECÂNICA DE CONCRETO SIMPLES COM ESCAVADEIRA HIDRÁULICA | C61: M³ | D61: 1756.145 | E61: 182.94 | F61: =TRUNC(E61*D61,2) -> 321269.16 | G61: =F61/$F$196 -> 0.001288227 | H61: =H60+G61 -> 0.9639273
A62: CP0047 | B62: TRANSPORTE CIMENTO ASFALTICO CAP 50/70 | C62: T | D62: 451.29 | E62: 709.67 | F62: =TRUNC(E62*D62,2) -> 320266.97 | G62: =F62/$F$196 -> 0.0012842084 | H62: =H61+G62 -> 0.9652115
A63: 5501710 | B63: ESCAVAÇÃO, CARGA E TRANSPORTE EM MATERIAL DE 1ª CATEGORIA - DMT DE 50 M | C63: M³ | D63: 64847.097 | E63: 4.53 | F63: =TRUNC(E63*D63,2) -> 293757.34 | G63: =F63/$F$196 -> 0.00117791 | H63: =H62+G63 -> 0.96638941
A64: 705301 | B64: CORPO DE BDCC 3,00 X 3,00 M - MOLDADO NO LOCAL - ALTURA DO ATERRO 1,00 A 2,50 M - AREIA E BRITA COMERCIAIS | C64: M | D64: 26 | E64: 11139.85 | F64: =TRUNC(E64*D64,2) -> 289636.1 | G64: =F64/$F$196 -> 0.0011613846 | H64: =H63+G64 -> 0.9675508
A65: 3713605 | B65: ANCORAGEM DE DEFENSA SEMIMALEÁVEL SIMPLES - FORNECIMENTO E IMPLANTAÇÃO | C65: M | D65: 608 | E65: 461.76 | F65: =TRUNC(E65*D65,2) -> 280750.08 | G65: =F65/$F$196 -> 0.0011257534 | H65: =H64+G65 -> 0.96867655
A66: 4011353 | B66: PINTURA DE LIGAÇÃO | C66: M² | D66: 406350.06 | E66: 0.67 | F66: =TRUNC(E66*D66,2) -> 272254.54 | G66: =F66/$F$196 -> 0.0010916879 | H66: =H65+G66 -> 0.96976824
A67: 903810 | B67: INSTALAÇÃO DA USINA DE ASFALTO A QUENTE CAPACIDADE DE 120 T/H | C67: UN | D67: 1 | E67: 260923.63 | F67: =TRUNC(E67*D67,2) -> 260923.63 | G67: =F67/$F$196 -> 0.0010462532 | H67: =H66+G67 -> 0.97081449
A68: 2003578 | B68: DRENO LONGITUDINAL PROFUNDO PARA CORTE EM SOLO - DPS 07 - TUBO PEAD E BRITA COMERCIAL | C68: M | D68: 1222 | E68: 203.77 | F68: =TRUNC(E68*D68,2) -> 249006.94 | G68: =F68/$F$196 -> 0.00099846954 | H68: =H67+G68 -> 0.97181296
A69: 903806 | B69: INSTALAÇÃO DA CENTRAL DE CONCRETO COM CAPACIDADE DE 150 M³/H | C69: UN | D69: 1 | E69: 246617.99 | F69: =TRUNC(E69*D69,2) -> 246617.99 | G69: =F69/$F$196 -> 0.00098889031 | H69: =H68+G69 -> 0.97280185
A70: 804031 | B70: CORPO DE BSTC D = 0,80 M PA2 - AREIA, BRITA E PEDRA DE MÃO COMERCIAIS | C70: M | D70: 304 | E70: 774.37 | F70: =TRUNC(E70*D70,2) -> 235408.48 | G70: =F70/$F$196 -> 0.00094394235 | H70: =H69+G70 -> 0.97374579
A71: 4507738 | B71: ANCORAGEM ATIVA COM 10 CORDOALHAS ADERENTES D = 15,2 MM - FORNECIMENTO E INSTALAÇÃO | C71: UN | D71: 156 | E71: 1479.08 | F71: =TRUNC(E71*D71,2) -> 230736.48 | G71: =F71/$F$196 -> 0.00092520854 | H71: =H70+G71 -> 0.974671
A72: 3108005 | B72: FÔRMAS DE COMPENSADO RESINADO 14 MM - USO GERAL - UTILIZAÇÃO DE 3 VEZES - CONFECÇÃO, INSTALAÇÃO E RETIRADA | C72: M² | D72: 2131.92 | E72: 107.15 | F72: =TRUNC(E72*D72,2) -> 228435.22 | G72: =F72/$F$196 -> 0.00091598093 | H72: =H71+G72 -> 0.97558698
A73: 3719529 | B73: BARREIRA SIMPLES DE CONCRETO, ARMADA, PRÉ-MOLDADA (PERFIL NEW JERSEY) - L > 3,00 M E H = 810 MM | C73: M | D73: 896 | E73: 249.1 | F73: =TRUNC(E73*D73,2) -> 223193.6 | G73: =F73/$F$196 -> 0.00089496305 | H73: =H72+G73 -> 0.97648195
A74: 705199 | B74: CORPO DE BSCC 2,50 X 2,50 M - MOLDADO NO LOCAL - ALTURA DO ATERRO 1,00 A 2,50 M - AREIA E BRITA COMERCIAIS | C74: M | D74: 40 | E74: 5407.57 | F74: =TRUNC(E74*D74,2) -> 216302.8 | G74: =F74/$F$196 -> 0.00086733228 | H74: =H73+G74 -> 0.97734928
... A77: 2003305 | B77: VALETA DE PROTEÇÃO DE CORTES COM REVESTIMENTO VEGETAL - VPCG 120-30 - ESCAVAÇÃO MECÂNICA | C77: M | D77: 3610 | E77: 53.79 | F77: =TRUNC(E77*D77,2) -> 194181.9 | G77: =F77/$F$196 -> 0.00077863176 | H77: =H76+G77 -> 0.97976954
A78: CP0017 | B78: MOBILIZAÇÃO E DESMOBILIZAÇÃO | C78: UN | D78: 1 | E78: 193210.11 | F78: =TRUNC(E78*D78,2) -> 193210.11 | G78: =F78/$F$196 -> 0.00077473507 | H78: =H77+G78 -> 0.98054428
A79: 3806421 | B79: LANÇAMENTO DE VIGA PRÉ-MOLDADA DE 500 A 750 KN COM UTILIZAÇÃO DE GUINDASTE | C79: UN | D79: 28 | E79: 6555.9 | F79: =TRUNC(E79*D79,2) -> 183565.2 | G79: =F79/$F$196 -> 0.00073606085 | H79: =H78+G79 -> 0.98128034
A80: CP0022 | B80: TRANSPORTE EMULSÃO ASFALTICA RR-2C | C80: T | D80: 252.298 | E80: 702.09 | F80: =TRUNC(E80*D80,2) -> 177135.9 | G80: =F80/$F$196 -> 0.00071028061 | H80: =H79+G80 -> 0.98199062
A81: 4805751 | B81: ESCAVAÇÃO MANUAL EM MATERIAL DE 1ª CATEGORIA NA PROFUNDIDADE DE 1 A 2 M | C81: M³ | D81: 2514.008 | E81: 68.89 | F81: =TRUNC(E81*D81,2) -> 173190.01 | G81: =F81/$F$196 -> 0.00069445835 | H81: =H80+G81 -> 0.98268508
A82: 2003311 | B82: VALETA DE PROTEÇÃO DE ATERROS COM REVESTIMENTO VEGETAL - VPAG 120-30 - ESCAVAÇÃO MECÂNICA | C82: M | D82: 3031 | E82: 53.79 | F82: =TRUNC(E82*D82,2) -> 163037.49 | G82: =F82/$F$196 -> 0.00065374872 | H82: =H81+G82 -> 0.98333883
A83: 2003109 | B83: ENTRADA PARA DESCIDA D'ÁGUA - EDA 04 A - AREIA E BRITA COMERCIAIS | C83: un | D83: 685 | E83: 233.68 | F83: =TRUNC(E83*D83,2) -> 160070.8 | G83: =F83/$F$196 -> 0.00064185287 | H83: =H82+G83 -> 0.98398068
A84: 1207719 | B84: CONCRETO PROJETADO VIA SECA FCK = 30 MPA APLICADO EM SUPERFÍCIES INCLINADAS E VERTICAIS | C84: M³ | D84: 97.54 | E84: 1470.05 | F84: =TRUNC(E84*D84,2) -> 143388.67 | G84: =F84/$F$196 -> 0.00057496076 | H84: =H83+G84 -> 0.98455564
A85: 705213 | B85: CORPO DE BSCC 3,00 X 3,00 M - MOLDADO NO LOCAL - ALTURA DO ATERRO 1,00 A 2,50 M - AREIA E BRITA COMERCIAIS | C85: M | D85: 19 | E85: 7175.43 | F85: =TRUNC(E85*D85,2) -> 136333.17 | G85: =F85/$F$196 -> 0.00054666957 | H85: =H84+G85 -> 0.98510231
A86: 5502805 | B86: ESCAVAÇÃO, CARGA E TRANSPORTE DE MATERIAL DE 3ª CATEGORIA - DMT DE 2.500 A 3.000 M - CAMINHO DE SERVIÇO PAVIMENTADO - COM CAMINHÃO BASCULANTE DE 12 M³ | C86: M³ | D86: 2196.72 | E86: 61.55 | F86: =TRUNC(E86*D86,2) -> 135208.11 | G86: =F86/$F$196 -> 0.0005421583 | H86: =H85+G86 -> 0.98564447
A87: 2003495 | B87: CAIXA COLETORA DE SARJETA - CCS 300-80 A - COM GRELHA DE CONCRETO - AREIA E BRITA COMERCIAIS | C87: UN | D87: 16 | E87: 8297.42 | F87: =TRUNC(E87*D87,2) -> 132758.72 | G87: =F87/$F$196 -> 0.00053233672 | H87: =H86+G87 -> 0.98617681
A88: 705233 | B88: BOCA DE BSCC 2,00 X 2,00 M - ESCONSIDADE 0° - AREIA E BRITA COMERCIAIS | C88: UN | D88: 6 | E88: 22111.64 | F88: =TRUNC(E88*D88,2) -> 132669.84 | G88: =F88/$F$196 -> 0.00053198033 | H88: =H87+G88 -> 0.98670879
A89: CP0013 | B89: AQUISIÇÃO DE EMULSÃO ASFÁLTICA RR-1C | C89: T | D89: 31.48 | E89: 3926.2 | F89: =TRUNC(E89*D89,2) -> 123596.77 | G89: =F89/$F$196 -> 0.00049559908 | H89: =H88+G89 -> 0.98720439
A90: 307731 | B90: APARELHO DE APOIO DE NEOPRENE FRETADO PARA ESTRUTURAS MOLDADAS NO LOCAL - FORNECIMENTO E INSTALAÇÃO | C90: DM³ | D90: 666.12 | E90: 182.91 | F90: =TRUNC(E90*D90,2) -> 121840 | G90: =F90/$F$196 -> 0.00048855477 | H90: =H89+G90 -> 0.98769294
A91: 903802 | B91: BACIA DE CONTENÇÃO PARA TANQUE DE EMULSÃO DE 30.000 L - INCLUSIVE DEMOLIÇÃO | C91: UN | D91: 6 | E91: 20227.51 | F91: =TRUNC(E91*D91,2) -> 121365.06 | G91: =F91/$F$196 -> 0.00048665035 | H91: =H90+G91 -> 0.98817959
A92: 5502162 | B92: ESCAVAÇÃO, CARGA E TRANSPORTE DE MATERIAL DE 1ª CATEGORIA - DMT DE 200 A 400 M - CAMINHO DE SERVIÇO PAVIMENTADO - COM ESCAVADEIRA E CAMINHÃO BASCULANTE DE 14 M³ | C92: M³ | D92: 15027.339 | E92: 7.78 | F92: =TRUNC(E92*D92,2) -> 116912.69 | G92: =F92/$F$196 -> 0.00046879721 | H92: =H91+G92 -> 0.98864839
A93: 5502138 | B93: ESCAVAÇÃO, CARGA E TRANSPORTE DE MATERIAL DE 1ª CATEGORIA - DMT DE 600 A 800 M - CAMINHO DE SERVIÇO EM REVESTIMENTO PRIMÁRIO - COM ESCAVADEIRA E CAMINHÃO BASCULANTE DE 14 M³ | C93: M³ | D93: 13208.823 | E93: 8.24 | F93: =TRUNC(E93*D93,2) -> 108840.7 | G93: =F93/$F$196 -> 0.0004364301 | H93: =H92+G93 -> 0.98908482
A94: 4507839 | B94: BAINHA METÁLICA REDONDA D = 75 MM PARA 10 CORDOALHAS D = 15,2 MM - FORNECIMENTO, INSTALAÇÃO E INJEÇÃO DE NATA DE CIMENTO | C94: M | D94: 2010 | E94: 51.39 | F94: =TRUNC(E94*D94,2) -> 103293.9 | G94: =F94/$F$196 -> 0.00041418851 | H94: =H93+G94 -> 0.98949901
A95: 5502806 | B95: CAMADA DRENANTE COM CONFORMAÇÃO DE TRATOR DE ESTEIRA - AREIA COMERCIAL | C95: M³ | D95: 654.5 | E95: 155.99 | F95: =TRUNC(E95*D95,2) -> 102095.45 | G95: =F95/$F$196 -> 0.00040938295 | H95: =H94+G95 -> 0.98990839
A96: 3713828 | B96: BARREIRA DUPLA DE CONCRETO, ARMADA, PRÉ-MOLDADA (PERFIL NEW JERSEY) - L > 3,00 M E H = 810 MM | C96: M | D96: 322 | E96: 294.65 | F96: =TRUNC(E96*D96,2) -> 94877.3 | G96: =F96/$F$196 -> 0.00038043957 | H96: =H95+G96 -> 0.99028883
A97: 705419 | B97: BOCA DE BTCC 2,50 X 2,50 M - ESCONSIDADE 0° - AREIA E BRITA COMERCIAIS | C97: UN | D97: 2 | E97: 44412.68 | F97: =TRUNC(E97*D97,2) -> 88825.36 | G97: =F97/$F$196 -> 0.00035617247 | H97: =H96+G97 -> 0.990645
A98: 2106235 | B98: ESCORAMENTO METÁLICO COM QUADRO TUBULAR CONTRAVENTADO - CAPACIDADE DE CARGA ATÉ 3,8 T/M² - QUADRO DE 1,0 X 1,0 X 1,25 M - UTILIZAÇÃO DE 50 VEZES - FORNECIMENTO, INSTALAÇÃO E RETIRADA | C98: M³ | D98: 20943 | E98: 4.2 | F98: =TRUNC(E98*D98,2) -> 87960.6 | G98: =F98/$F$196 -> 0.00035270495 | H98: =H97+G98 -> 0.99099771
A99: 5212560 | B99: PLACA DE ADVERTÊNCIA PARA SINALIZAÇÃO DE OBRAS MONTADA EM SUPORTE METÁLICO MÓVEL, LADO 1,00 M - UTILIZAÇÃO DE 600 CICLOS - FORNECIMENTO, 01 IMPLANTAÇÃO E 01 RETIRADA DIÁRIA | C99: UN.DIA | D99: 17760 | E99: 4.93 | F99: =TRUNC(E99*D99,2) -> 87556.8 | G99: =F99/$F$196 -> 0.00035108579 | H99: =H98+G99 -> 0.99134879
A100: 3713873 | B100: MÓDULO DE TRANSIÇÃO DE DEFENSA METÁLICA PARA BARREIRA RÍGIDA - FORNECIMENTO E IMPLANTAÇÃO | C100: UN | D100: 10 | E100: 8466.83 | F100: =TRUNC(E100*D100,2) -> 84668.3 | G100: =F100/$F$196 -> 0.00033950346 | H100: =H99+G100 -> 0.9916883
A101: 5213345 | B101: BARREIRA DE SINALIZAÇÃO TIPO II DE DIRECIONAMENTO OU BLOQUEIO - UTILIZAÇÃO DE 150 CICLOS - FORNECIMENTO, 01 IMPLANTAÇÃO E 01 RETIRADA DIÁRIA | C101: UN.DIA | D101: 10900 | E101: 7.73 | F101: =TRUNC(E101*D101,2) -> 84257 | G101: =F101/$F$196 -> 0.00033785423 | H101: =H100+G101 -> 0.99202615
... A105: 1619003 | B105: DEMOLIÇÃO MECÂNICA DE CONCRETO ARMADO COM ESCAVADEIRA HIDRÁULICA | C105: M³ | D105: 372.86 | E105: 212.17 | F105: =TRUNC(E105*D105,2) -> 79109.7 | G105: =F105/$F$196 -> 0.00031721456 | H105: =H104+G105 -> 0.99334546
A106: CP0055 | B106: PLACA DE MARCO QUILOMÉTRICO EM AÇO - 0,70 X 1,00 M - PELÍCULA RETRORREFLETIVA TIPO III + SI - FORNECIMENTO E IMPLANTAÇÃO | C106: UN | D106: 109 | E106: 720.87 | F106: =TRUNC(E106*D106,2) -> 78574.83 | G106: =F106/$F$196 -> 0.00031506983 | H106: =H105+G106 -> 0.99366053
A107: 705322 | B107: BOCA DE BDCC 2,00 X 2,00 M - ESCONSIDADE 0° - AREIA E BRITA COMERCIAIS | C107: UN | D107: 3 | E107: 25648.15 | F107: =TRUNC(E107*D107,2) -> 76944.45 | G107: =F107/$F$196 -> 0.00030853232 | H107: =H106+G107 -> 0.99396907
...

Sheet CRON
B1: CRONOGRAMA FÍSICO FINANCEIRO
B2: =RESUMO!B5:E5 -> ELABORAÇÃO DE PROJETO BÁSICO E EXECUTIVO DE ENGENHARIA PARA DUPLICAÇÃO, ADEQUAÇÃO E RESTAURAÇÃO DA PISTA EXISTENTE DA RODOVIA BR-232/PE (LOTE 2), TRECHO: FIM DA DUPLICAÇÃO (SÃO CAETANO) - ENTR. VPE-230 (PESQUEIRA), SEGMENTO: KM 149,10 - KM 177,90, EXTENSÃO: 28,80KM
A3: CRONOGRAMA FÍSICO FINANCEIRO | B3: ITEM | D3: VALOR R$ | E3: DIAS CORRIDOS
C4: ATIVIDADES | E4: 30 | K4: 60 | Q4: 90 | W4: 120 | AC4: 150 | AI4: 180 | AO4: 210 | AU4: 240 | BA4: 270 | BG4: 300 | BM4: 330 | BS4: 360 | BY4: 390 | CE4: 420 | CK4: 450 | CQ4: 480 | CW4: 510 | DC4: 540 | DI4: 570 | DO4: 600 | DU4: 630 | EA4: 660 | EG4: 690 | EM4: 720
B6: 1.0 | C6: =PLANILHA!D2 -> MOBILIZAÇÃO/DESMOBILIZAÇÃO | D6: =D8/$EM$81 -> 0.00077473507 | E6: =E8/$D$8 -> 0.062200949 | F6: =F8/$C$8 -> #DIV/0! | G6: =G8/$C$8 -> #DIV/0! | H6: =H8/$C$8 -> #DIV/0! | I6: =I8/$C$8 -> #DIV/0! | J6: =J8/$C$8 -> #DIV/0! | K6: =K8/$D$8 -> 0.034844579 | L6: =L8/$C$8 -> #DIV/0! | M6: =M8/$C$8 -> #DIV/0! | N6: =N8/$C$8 -> #DIV/0! | O6: =O8/$C$8 -> #DIV/0! | P6: =P8/$C$8 -> #DIV/0! | Q6: =Q8/$D$8 -> 0.034844579 | R6: =R8/$C$8 -> #DIV/0! | S6: =S8/$C$8 -> #DIV/0! | T6: =T8/$C$8 -> #DIV/0! | U6: =U8/$C$8 -> #DIV/0! | V6: =V8/$C$8 -> #DIV/0! | W6: =W8/$D$8 -> 0.034844579 | X6: =X8/$C$8 -> #DIV/0! | Y6: =Y8/$C$8 -> #DIV/0! | Z6: =Z8/$C$8 -> #DIV/0! | AA6: =AA8/$C$8 -> #DIV/0! | AB6: =AB8/$C$8 -> #DIV/0! | AC6: =AC8/$D$8 -> 0.034844579 | AD6: =AD8/$C$8 -> #DIV/0! | AE6: =AE8/$C$8 -> #DIV/0! | AF6: =AF8/$C$8 -> #DIV/0! | AG6: =AG8/$C$8 -> #DIV/0! | AH6: =AH8/$C$8 -> #DIV/0! | AI6: =AI8/$D$8 -> 0.034844579 | AJ6: =AJ8/$C$8 -> #DIV/0! | AK6: =AK8/$C$8 -> #DIV/0! | AL6: =AL8/$C$8 -> #DIV/0! | AM6: =AM8/$C$8 -> #DIV/0! | AN6: =AN8/$C$8 -> #DIV/0! | AO6: =AO8/$D$8 -> 0.040823075 | AP6: =AP8/$C$8 -> #DIV/0! | AQ6: =AQ8/$C$8 -> #DIV/0! | AR6: =AR8/$C$8 -> #DIV/0! | AS6: =AS8/$C$8 -> #DIV/0! | AT6: =AT8/$C$8 -> #DIV/0! | AU6: =AU8/$D$8 -> 0.040823075 | AV6: =AV8/$C$8 -> #DIV/0! | AW6: =AW8/$C$8 -> #DIV/0! | AX6: =AX8/$C$8 -> #DIV/0! | AY6: =AY8/$C$8 -> #DIV/0! | AZ6: =AZ8/$C$8 -> #DIV/0! | BA6: =BA8/$D$8 -> 0.040823075 | BB6: =BB8/$C$8 -> #DIV/0! | BC6: =BC8/$C$8 -> #DIV/0! | BD6: =BD8/$C$8 -> #DIV/0! | BE6: =BE8/$C$8 -> #DIV/0! | BF6: =BF8/$C$8 -> #DIV/0! | BG6: =BG8/$D$8 -> 0.040823075 | BH6: =BH8/$C$8 -> #DIV/0! | BI6: =BI8/$C$8 -> #DIV/0! | BJ6: =BJ8/$C$8 -> #DIV/0! | BK6: =BK8/$C$8 -> #DIV/0! | BL6: =BL8/$C$8 -> #DIV/0! | BM6: =BM8/$D$8 -> 0.040823075 | BN6: =BN8/$C$8 -> #DIV/0! | BO6: =BO8/$C$8 -> #DIV/0! | BP6: =BP8/$C$8 -> #DIV/0! | BQ6: =BQ8/$C$8 -> #DIV/0! | BR6: =BR8/$C$8 -> #DIV/0! | BS6: =BS8/$D$8 -> 0.040823075 | BT6: =BT8/$C$8 -> #DIV/0! | BU6: =BU8/$C$8 -> #DIV/0! | BV6: =BV8/$C$8 -> #DIV/0! | BW6: =BW8/$C$8 -> #DIV/0! | BX6: =BX8/$C$8 -> #DIV/0! | BY6: =BY8/$D$8 -> 0.040823075 | BZ6: =BZ8/$C$8 -> #DIV/0! | CA6: =CA8/$C$8 -> #DIV/0! | CB6: =CB8/$C$8 -> #DIV/0! | CC6: =CC8/$C$8 -> #DIV/0! | CD6: =CD8/$C$8 -> #DIV/0! | CE6: =CE8/$D$8 -> 0.044935979 | CF6: =CF8/$C$8 -> #DIV/0! | CG6: =CG8/$C$8 -> #DIV/0! | CH6: =CH8/$C$8 -> #DIV/0! | CI6: =CI8/$C$8 -> #DIV/0! | CJ6: =CJ8/$C$8 -> #DIV/0! | CK6: =CK8/$D$8 -> 0.044935979 | CL6: =CL8/$C$8 -> #DIV/0! | CM6: =CM8/$C$8 -> #DIV/0! | CN6: =CN8/$C$8 -> #DIV/0! | CO6: =CO8/$C$8 -> #DIV/0! | CP6: =CP8/$C$8 -> #DIV/0! | CQ6: =CQ8/$D$8 -> 0.04882747 | CR6: =CR8/$C$8 -> #DIV/0! | CS6: =CS8/$C$8 -> #DIV/0! | CT6: =CT8/$C$8 -> #DIV/0! | CU6: =CU8/$C$8 -> #DIV/0! | CV6: =CV8/$C$8 -> #DIV/0! | CW6: =CW8/$D$8 -> 0.04882747 | CX6: =CX8/$C$8 -> #DIV/0! | CY6: =CY8/$C$8 -> #DIV/0! | CZ6: =CZ8/$C$8 -> #DIV/0! | DA6: =DA8/$C$8 -> #DIV/0! | DB6: =DB8/$C$8 -> #DIV/0! | DC6: =DC8/$D$8 -> 0.050484771 | DD6: =DD8/$C$8 -> #DIV/0! | DE6: =DE8/$C$8 -> #DIV/0! | DF6: =DF8/$C$8 -> #DIV/0! | DG6: =DG8/$C$8 -> #DIV/0! | DH6: =DH8/$C$8 -> #DIV/0! | DI6: =DI8/$D$8 -> 0.044682605 | DJ6: =DJ8/$C$8 -> #DIV/0! | DK6: =DK8/$C$8 -> #DIV/0! | DL6: =DL8/$C$8 -> #DIV/0! | DM6: =DM8/$C$8 -> #DIV/0! | DN6: =DN8/$C$8 -> #DIV/0! | DO6: =DO8/$D$8 -> 0.044682605 | DP6: =DP8/$C$8 -> #DIV/0! | DQ6: =DQ8/$C$8 -> #DIV/0! | DR6: =DR8/$C$8 -> #DIV/0! | DS6: =DS8/$C$8 -> #DIV/0! | DT6: =DT8/$C$8 -> #DIV/0! | DU6: =DU8/$D$8 -> 0.044682605 | DV6: =DV8/$C$8 -> #DIV/0! | DW6: =DW8/$C$8 -> #DIV/0! | DX6: =DX8/$C$8 -> #DIV/0! | DY6: =DY8/$C$8 -> #DIV/0! | DZ6: =DZ8/$C$8 -> #DIV/0! | EA6: =EA8/$D$8 -> 0.029604351 | EB6: =EB8/$C$8 -> #DIV/0! | EC6: =EC8/$C$8 -> #DIV/0! | ED6: =ED8/$C$8 -> #DIV/0! | EE6: =EE8/$C$8 -> #DIV/0! | EF6: =EF8/$C$8 -> #DIV/0! | EG6: =EG8/$D$8 -> 0.029604351 | EH6: =EH8/$C$8 -> #DIV/0! | EI6: =EI8/$C$8 -> #DIV/0! | EJ6: =EJ8/$C$8 -> #DIV/0! | EK6: =EK8/$C$8 -> #DIV/0! | EL6: =EL8/$C$8 -> #DIV/0! | EM6: =EM8/$D$8 -> 0.046546444 | EN6: =EN8/$C$8 -> #DIV/0! | EO6: =EO8/$C$8 -> #DIV/0! | EP6: =EP8/$C$8 -> #DIV/0! | EQ6: =EQ8/$C$8 -> #DIV/0! | ER6: =ER8/$C$8 -> #DIV/0!
D8: =PLANILHA!I4 -> 193210.11 | E8: =(E11+E14+E17+E20+E26+E29+E32+E35+E38+E41+E44+E47+E50+E53+E56+E59+E62+E74+E77)*$D$83 -> 12017.852 | F8: =(F11+F14+F17+F20+F26+F29+F32)*$C$38 -> 0 | G8: =(G11+G14+G17+G20+G26+G29+G32)*$C$38 -> 0 | H8: =(H11+H14+H17+H20+H26+H29+H32)*$C$38 -> 0 | I8: =(I11+I14+I17+I20+I26+I29+I32)*$C$38 -> 0 | J8: =(J11+J14+J17+J20+J26+J29+J32)*$C$38 -> 0 | K8: =(K11+K14+K17+K20+K26+K29+K32+K35+K38+K41+K44+K47+K50+K53+K56+K59+K62+K74+K77)*$D$83 -> 6732.325 | L8: =(L11+L14+L17+L20+L26+L29+L32)*$C$38 -> 0 | M8: =(M11+M14+M17+M20+M26+M29+M32)*$C$38 -> 0 | N8: =(N11+N14+N17+N20+N26+N29+N32)*$C$38 -> 0 | O8: =(O11+O14+O17+O20+O26+O29+O32)*$C$38 -> 0 | P8: =(P11+P14+P17+P20+P26+P29+P32)*$C$38 -> 0 | Q8: =(Q11+Q14+Q17+Q20+Q26+Q29+Q32+Q35+Q38+Q41+Q44+Q47+Q50+Q53+Q56+Q59+Q62+Q74+Q77)*$D$83 -> 6732.325 | R8: =(R11+R14+R17+R20+R26+R29+R32)*$C$38 -> 0 | S8: =(S11+S14+S17+S20+S26+S29+S32)*$C$38 -> 0 | T8: =(T11+T14+T17+T20+T26+T29+T32)*$C$38 -> 0 | U8: =(U11+U14+U17+U20+U26+U29+U32)*$C$38 -> 0 | V8: =(V11+V14+V17+V20+V26+V29+V32)*$C$38 -> 0 | W8: =(W11+W14+W17+W20+W26+W29+W32+W35+W38+W41+W44+W47+W50+W53+W56+W59+W62+W74+W77)*$D$83 -> 6732.325 | X8: =(X11+X14+X17+X20+X26+X29+X32)*$C$38 -> 0 | Y8: =(Y11+Y14+Y17+Y20+Y26+Y29+Y32)*$C$38 -> 0 | Z8: =(Z11+Z14+Z17+Z20+Z26+Z29+Z32)*$C$38 -> 0 | AA8: =(AA11+AA14+AA17+AA20+AA26+AA29+AA32)*$C$38 -> 0 | AB8: =(AB11+AB14+AB17+AB20+AB26+AB29+AB32)*$C$38 -> 0 | AC8: =(AC11+AC14+AC17+AC20+AC26+AC29+AC32+AC35+AC38+AC41+AC44+AC47+AC50+AC53+AC56+AC59+AC62+AC74+AC77)*$D$83 -> 6732.325 | AD8: =(AD11+AD14+AD17+AD20+AD26+AD29+AD32)*$C$38 -> 0 | AE8: =(AE11+AE14+AE17+AE20+AE26+AE29+AE32)*$C$38 -> 0 | AF8: =(AF11+AF14+AF17+AF20+AF26+AF29+AF32)*$C$38 -> 0 | AG8: =(AG11+AG14+AG17+AG20+AG26+AG29+AG32)*$C$38 -> 0 | AH8: =(AH11+AH14+AH17+AH20+AH26+AH29+AH32)*$C$38 -> 0 | AI8: =(AI11+AI14+AI17+AI20+AI26+AI29+AI32+AI35+AI38+AI41+AI44+AI47+AI50+AI53+AI56+AI59+AI62+AI74+AI77)*$D$83 -> 6732.325 | AJ8: =(AJ11+AJ14+AJ17+AJ20+AJ26+AJ29+AJ32)*$C$38 -> 0 | AK8: =(AK11+AK14+AK17+AK20+AK26+AK29+AK32)*$C$38 -> 0 | AL8: =(AL11+AL14+AL17+AL20+AL26+AL29+AL32)*$C$38 -> 0 | AM8: =(AM11+AM14+AM17+AM20+AM26+AM29+AM32)*$C$38 -> 0 | AN8: =(AN11+AN14+AN17+AN20+AN26+AN29+AN32)*$C$38 -> 0 | AO8: =(AO11+AO14+AO17+AO20+AO26+AO29+AO32+AO35+AO38+AO41+AO44+AO47+AO50+AO53+AO56+AO59+AO62+AO74+AO77)*$D$83 -> 7887.4308 | AP8: =(AP11+AP14+AP17+AP20+AP26+AP29+AP32)*$C$38 -> 0 | AQ8: =(AQ11+AQ14+AQ17+AQ20+AQ26+AQ29+AQ32)*$C$38 -> 0 | AR8: =(AR11+AR14+AR17+AR20+AR26+AR29+AR32)*$C$38 -> 0 | AS8: =(AS11+AS14+AS17+AS20+AS26+AS29+AS32)*$C$38 -> 0 | AT8: =(AT11+AT14+AT17+AT20+AT26+AT29+AT32)*$C$38 -> 0 | AU8: =(AU11+AU14+AU17+AU20+AU26+AU29+AU32+AU35+AU38+AU41+AU44+AU47+AU50+AU53+AU56+AU59+AU62+AU74+AU77)*$D$83 -> 7887.4308 | AV8: =(AV11+AV14+AV17+AV20+AV26+AV29+AV32)*$C$38 -> 0 | AW8: =(AW11+AW14+AW17+AW20+AW26+AW29+AW32)*$C$38 -> 0 | AX8: =(AX11+AX14+AX17+AX20+AX26+AX29+AX32)*$C$38 -> 0 | AY8: =(AY11+AY14+AY17+AY20+AY26+AY29+AY32)*$C$38 -> 0 | AZ8: =(AZ11+AZ14+AZ17+AZ20+AZ26+AZ29+AZ32)*$C$38 -> 0 | BA8: =(BA11+BA14+BA17+BA20+BA26+BA29+BA32+BA35+BA38+BA41+BA44+BA47+BA50+BA53+BA56+BA59+BA62+BA74+BA77)*$D$83 -> 7887.4308 | BB8: =(BB11+BB14+BB17+BB20+BB26+BB29+BB32)*$C$38 -> 0 | BC8: =(BC11+BC14+BC17+BC20+BC26+BC29+BC32)*$C$38 -> 0 | BD8: =(BD11+BD14+BD17+BD20+BD26+BD29+BD32)*$C$38 -> 0 | BE8: =(BE11+BE14+BE17+BE20+BE26+BE29+BE32)*$C$38 -> 0 | BF8: =(BF11+BF14+BF17+BF20+BF26+BF29+BF32)*$C$38 -> 0 | BG8: =(BG11+BG14+BG17+BG20+BG26+BG29+BG32+BG35+BG38+BG41+BG44+BG47+BG50+BG53+BG56+BG59+BG62+BG74+BG77)*$D$83 -> 7887.4308 | BH8: =(BH11+BH14+BH17+BH20+BH26+BH29+BH32)*$C$38 -> 0 | BI8: =(BI11+BI14+BI17+BI20+BI26+BI29+BI32)*$C$38 -> 0 | BJ8: =(BJ11+BJ14+BJ17+BJ20+BJ26+BJ29+BJ32)*$C$38 -> 0 | BK8: =(BK11+BK14+BK17+BK20+BK26+BK29+BK32)*$C$38 -> 0 | BL8: =(BL11+BL14+BL17+BL20+BL26+BL29+BL32)*$C$38 -> 0 | BM8: =(BM11+BM14+BM17+BM20+BM26+BM29+BM32+BM35+BM38+BM41+BM44+BM47+BM50+BM53+BM56+BM59+BM62+BM74+BM77)*$D$83 -> 7887.4308 | BN8: =(BN11+BN14+BN17+BN20+BN26+BN29+BN32)*$C$38 -> 0 | BO8: =(BO11+BO14+BO17+BO20+BO26+BO29+BO32)*$C$38 -> 0 | BP8: =(BP11+BP14+BP17+BP20+BP26+BP29+BP32)*$C$38 -> 0 | BQ8: =(BQ11+BQ14+BQ17+BQ20+BQ26+BQ29+BQ32)*$C$38 -> 0 | BR8: =(BR11+BR14+BR17+BR20+BR26+BR29+BR32)*$C$38 -> 0 | BS8: =(BS11+BS14+BS17+BS20+BS26+BS29+BS32+BS35+BS38+BS41+BS44+BS47+BS50+BS53+BS56+BS59+BS62+BS74+BS77)*$D$83 -> 7887.4308 | BT8: =(BT11+BT14+BT17+BT20+BT26+BT29+BT32)*$C$38 -> 0 | BU8: =(BU11+BU14+BU17+BU20+BU26+BU29+BU32)*$C$38 -> 0 | BV8: =(BV11+BV14+BV17+BV20+BV26+BV29+BV32)*$C$38 -> 0 | BW8: =(BW11+BW14+BW17+BW20+BW26+BW29+BW32)*$C$38 -> 0 | BX8: =(BX11+BX14+BX17+BX20+BX26+BX29+BX32)*$C$38 -> 0 | BY8: =(BY11+BY14+BY17+BY20+BY26+BY29+BY32+BY35+BY38+BY41+BY44+BY47+BY50+BY53+BY56+BY59+BY62+BY74+BY77)*$D$83 -> 7887.4308 | BZ8: =(BZ11+BZ14+BZ17+BZ20+BZ26+BZ29+BZ32)*$C$38 -> 0 | CA8: =(CA11+CA14+CA17+CA20+CA26+CA29+CA32)*$C$38 -> 0 | CB8: =(CB11+CB14+CB17+CB20+CB26+CB29+CB32)*$C$38 -> 0 | CC8: =(CC11+CC14+CC17+CC20+CC26+CC29+CC32)*$C$38 -> 0 | CD8: =(CD11+CD14+CD17+CD20+CD26+CD29+CD32)*$C$38 -> 0 | CE8: =(CE11+CE14+CE17+CE20+CE26+CE29+CE32+CE35+CE38+CE41+CE44+CE47+CE50+CE53+CE56+CE59+CE62+CE74+CE77)*$D$83 -> 8682.0855 | CF8: =(CF11+CF14+CF17+CF20+CF26+CF29+CF32)*$C$38 -> 0 | CG8: =(CG11+CG14+CG17+CG20+CG26+CG29+CG32)*$C$38 -> 0 | CH8: =(CH11+CH14+CH17+CH20+CH26+CH29+CH32)*$C$38 -> 0 | CI8: =(CI11+CI14+CI17+CI20+CI26+CI29+CI32)*$C$38 -> 0 | CJ8: =(CJ11+CJ14+CJ17+CJ20+CJ26+CJ29+CJ32)*$C$38 -> 0 | CK8: =(CK11+CK14+CK17+CK20+CK26+CK29+CK32+CK35+CK38+CK41+CK44+CK47+CK50+CK53+CK56+CK59+CK62+CK74+CK77)*$D$83 -> 8682.0855 | CL8: =(CL11+CL14+CL17+CL20+CL26+CL29+CL32)*$C$38 -> 0 | CM8: =(CM11+CM14+CM17+CM20+CM26+CM29+CM32)*$C$38 -> 0 | CN8: =(CN11+CN14+CN17+CN20+CN26+CN29+CN32)*$C$38 -> 0 | CO8: =(CO11+CO14+CO17+CO20+CO26+CO29+CO32)*$C$38 -> 0 | CP8: =(CP11+CP14+CP17+CP20+CP26+CP29+CP32)*$C$38 -> 0 | CQ8: =(CQ11+CQ14+CQ17+CQ20+CQ26+CQ29+CQ32+CQ35+CQ38+CQ41+CQ44+CQ47+CQ50+CQ53+CQ56+CQ59+CQ62+CQ74+CQ77)*$D$83 -> 9433.9609 | CR8: =(CR11+CR14+CR17+CR20+CR26+CR29+CR32)*$C$38 -> 0 | CS8: =(CS11+CS14+CS17+CS20+CS26+CS29+CS32)*$C$38 -> 0 | CT8: =(CT11+CT14+CT17+CT20+CT26+CT29+CT32)*$C$38 -> 0 | CU8: =(CU11+CU14+CU17+CU20+CU26+CU29+CU32)*$C$38 -> 0 | CV8: =(CV11+CV14+CV17+CV20+CV26+CV29+CV32)*$C$38 -> 0 | CW8: =(CW11+CW14+CW17+CW20+CW26+CW29+CW32+CW35+CW38+CW41+CW44+CW47+CW50+CW53+CW56+CW59+CW62+CW74+CW77)*$D$83 -> 9433.9609 | CX8: =(CX11+CX14+CX17+CX20+CX26+CX29+CX32)*$C$38 -> 0 | CY8: =(CY11+CY14+CY17+CY20+CY26+CY29+CY32)*$C$38 -> 0 | CZ8: =(CZ11+CZ14+CZ17+CZ20+CZ26+CZ29+CZ32)*$C$38 -> 0 | DA8: =(DA11+DA14+DA17+DA20+DA26+DA29+DA32)*$C$38 -> 0 | DB8: =(DB11+DB14+DB17+DB20+DB26+DB29+DB32)*$C$38 -> 0 | DC8: =(DC11+DC14+DC17+DC20+DC26+DC29+DC32+DC35+DC38+DC41+DC44+DC47+DC50+DC53+DC56+DC59+DC62+DC74+DC77)*$D$83 -> 9754.1682 | DD8: =(DD11+DD14+DD17+DD20+DD26+DD29+DD32)*$C$38 -> 0 | DE8: =(DE11+DE14+DE17+DE20+DE26+DE29+DE32)*$C$38 -> 0 | DF8: =(DF11+DF14+DF17+DF20+DF26+DF29+DF32)*$C$38 -> 0 | DG8: =(DG11+DG14+DG17+DG20+DG26+DG29+DG32)*$C$38 -> 0 | DH8: =(DH11+DH14+DH17+DH20+DH26+DH29+DH32)*$C$38 -> 0 | DI8: =(DI11+DI14+DI17+DI20+DI26+DI29+DI32+DI35+DI38+DI41+DI44+DI47+DI50+DI53+DI56+DI59+DI62+DI74+DI77)*$D$83 -> 8633.1309 | DJ8: =(DJ11+DJ14+DJ17+DJ20+DJ26+DJ29+DJ32)*$C$38 -> 0 | DK8: =(DK11+DK14+DK17+DK20+DK26+DK29+DK32)*$C$38 -> 0 | DL8: =(DL11+DL14+DL17+DL20+DL26+DL29+DL32)*$C$38 -> 0 | DM8: =(DM11+DM14+DM17+DM20+DM26+DM29+DM32)*$C$38 -> 0 | DN8: =(DN11+DN14+DN17+DN20+DN26+DN29+DN32)*$C$38 -> 0 | DO8: =(DO11+DO14+DO17+DO20+DO26+DO29+DO32+DO35+DO38+DO41+DO44+DO47+DO50+DO53+DO56+DO59+DO62+DO74+DO77)*$D$83 -> 8633.1309 | DP8: =(DP11+DP14+DP17+DP20+DP26+DP29+DP32)*$C$38 -> 0 | DQ8: =(DQ11+DQ14+DQ17+DQ20+DQ26+DQ29+DQ32)*$C$38 -> 0 | DR8: =(DR11+DR14+DR17+DR20+DR26+DR29+DR32)*$C$38 -> 0 | DS8: =(DS11+DS14+DS17+DS20+DS26+DS29+DS32)*$C$38 -> 0 | DT8: =(DT11+DT14+DT17+DT20+DT26+DT29+DT32)*$C$38 -> 0 | DU8: =(DU11+DU14+DU17+DU20+DU26+DU29+DU32+DU35+DU38+DU41+DU44+DU47+DU50+DU53+DU56+DU59+DU62+DU74+DU77)*$D$83 -> 8633.1309 | DV8: =(DV11+DV14+DV17+DV20+DV26+DV29+DV32)*$C$38 -> 0 | DW8: =(DW11+DW14+DW17+DW20+DW26+DW29+DW32)*$C$38 -> 0 | DX8: =(DX11+DX14+DX17+DX20+DX26+DX29+DX32)*$C$38 -> 0 | DY8: =(DY11+DY14+DY17+DY20+DY26+DY29+DY32)*$C$38 -> 0 | DZ8: =(DZ11+DZ14+DZ17+DZ20+DZ26+DZ29+DZ32)*$C$38 -> 0 | EA8: =(EA11+EA14+EA17+EA20+EA26+EA29+EA32+EA35+EA38+EA41+EA44+EA47+EA50+EA53+EA56+EA59+EA62+EA74+EA77)*$D$83 -> 5719.8599 | EB8: =(EB11+EB14+EB17+EB20+EB26+EB29+EB32)*$C$38 -> 0 | EC8: =(EC11+EC14+EC17+EC20+EC26+EC29+EC32)*$C$38 -> 0 | ED8: =(ED11+ED14+ED17+ED20+ED26+ED29+ED32)*$C$38 -> 0 | EE8: =(EE11+EE14+EE17+EE20+EE26+EE29+EE32)*$C$38 -> 0 | EF8: =(EF11+EF14+EF17+EF20+EF26+EF29+EF32)*$C$38 -> 0 | EG8: =(EG11+EG14+EG17+EG20+EG26+EG29+EG32+EG35+EG38+EG41+EG44+EG47+EG50+EG53+EG56+EG59+EG62+EG74+EG77)*$D$83 -> 5719.8599 | EH8: =(EH11+EH14+EH17+EH20+EH26+EH29+EH32)*$C$38 -> 0 | EI8: =(EI11+EI14+EI17+EI20+EI26+EI29+EI32)*$C$38 -> 0 | EJ8: =(EJ11+EJ14+EJ17+EJ20+EJ26+EJ29+EJ32)*$C$38 -> 0 | EK8: =(EK11+EK14+EK17+EK20+EK26+EK29+EK32)*$C$38 -> 0 | EL8: =(EL11+EL14+EL17+EL20+EL26+EL29+EL32)*$C$38 -> 0 | EM8: =(EM11+EM14+EM17+EM20+EM26+EM29+EM32+EM35+EM38+EM41+EM44+EM47+EM50+EM53+EM56+EM59+EM62+EM74+EM77)*$D$83 -> 8993.2435 | EN8: =(EN11+EN14+EN17+EN20+EN26+EN29+EN32)*$C$38 -> 0 | EO8: =(EO11+EO14+EO17+EO20+EO26+EO29+EO32)*$C$38 -> 0 | EP8: =(EP11+EP14+EP17+EP20+EP26+EP29+EP32)*$C$38 -> 0 | EQ8: =(EQ11+EQ14+EQ17+EQ20+EQ26+EQ29+EQ32)*$C$38 -> 0 | ER8: =(ER11+ER14+ER17+ER20+ER26+ER29+ER32)*$C$38 -> 0 | ES8: =SUM(E8:ER8) -> 193210.11 | ET8: =D8-ES8 -> 0
B9: 2.0 | C9: =PLANILHA!D5 -> INSTALAÇÃO DO CANTEIRO DE OBRAS | D9: =D11/$EM$81 -> 0.015667089 | E9: 1
D11: =PLANILHA!I11 -> 3907193.7 | E11: =D11*E9 -> 3907193.7 | ES11: =SUM(E11:ER11) -> 3907193.7 | ET11: =D11-ES11 -> 0
B12: 3.0 | C12: =RESUMO!B10 -> ADMINISTRAÇÃO LOCAL DE OBRA | D12: =D14/$EM$81 -> 0.059101622 | E12: =1/2 -> 0.5 | EM12: =1/2 -> 0.5
D14: =RESUMO!C10 -> 14739272 | E14: =E12*$D$14 -> 7369636 | EM14: =EM12*$D$14 -> 7369636 | ES14: =SUM(E14:ER14) -> 14739272 | ET14: =D14-ES14 -> 0
B15: 4.0 | C15: =RESUMO!B11 -> TERRAPLENAGEM | D15: =D17/$EM$81 -> 0.21922719 | K15: =1/20 -> 0.05 | Q15: =1/20 -> 0.05 | W15: =1/20 -> 0.05 | AC15: =1/20 -> 0.05 | AI15: =1/20 -> 0.05 | AO15: =1/20 -> 0.05 | AU15: =1/20 -> 0.05 | BA15: =1/20 -> 0.05 | BG15: =1/20 -> 0.05 | BM15: =1/20 -> 0.05 | BS15: =1/20 -> 0.05 | BY15: =1/20 -> 0.05 | CE15: =1/20 -> 0.05 | CK15: =1/20 -> 0.05 | CQ15: =1/20 -> 0.05 | CW15: =1/20 -> 0.05 | DC15: =1/20 -> 0.05 | DI15: =1/20 -> 0.05 | DO15: =1/20 -> 0.05 | DU15: =1/20 -> 0.05
D17: =RESUMO!C11 -> 54672766 | K17: =K15*$D$17 -> 2733638.3 | Q17: =Q15*$D$17 -> 2733638.3 | W17: =W15*$D$17 -> 2733638.3 | AC17: =AC15*$D$17 -> 2733638.3 | AI17: =AI15*$D$17 -> 2733638.3 | AO17: =AO15*$D$17 -> 2733638.3 | AU17: =AU15*$D$17 -> 2733638.3 | BA17: =BA15*$D$17 -> 2733638.3 | BG17: =BG15*$D$17 -> 2733638.3 | BM17: =BM15*$D$17 -> 2733638.3 | BS17: =BS15*$D$17 -> 2733638.3 | BY17: =BY15*$D$17 -> 2733638.3 | CE17: =CE15*$D$17 -> 2733638.3 | CK17: =CK15*$D$17 -> 2733638.3 | CQ17: =CQ15*$D$17 -> 2733638.3 | CW17: =CW15*$D$17 -> 2733638.3 | DC17: =DC15*$D$17 -> 2733638.3 | DI17: =DI15*$D$17 -> 2733638.3 | DO17: =DO15*$D$17 -> 2733638.3 | DU17: =DU15*$D$17 -> 2733638.3 | ES17: =SUM(E17:ER17) -> 54672766 | ET17: =D17-ES17 -> 0
B18: 5.0 | C18: =RESUMO!B12 -> DRENAGEM E OBRAS DE ARTE CORRENTES | D18: =D20/$EM$81 -> 0.10162014 | K18: =1/22 -> 0.045454545 | Q18: =1/22 -> 0.045454545 | W18: =1/22 -> 0.045454545 | AC18: =1/22 -> 0.045454545 | AI18: =1/22 -> 0.045454545 | AO18: =1/22 -> 0.045454545 | AU18: =1/22 -> 0.045454545 | BA18: =1/22 -> 0.045454545 | BG18: =1/22 -> 0.045454545 | BM18: =1/22 -> 0.045454545 | BS18: =1/22 -> 0.045454545 | BY18: =1/22 -> 0.045454545 | CE18: =1/22 -> 0.045454545 | CK18: =1/22 -> 0.045454545 | CQ18: =1/22 -> 0.045454545 | CW18: =1/22 -> 0.045454545 | DC18: =1/22 -> 0.045454545 | DI18: =1/22 -> 0.045454545 | DO18: =1/22 -> 0.045454545 | DU18: =1/22 -> 0.045454545 | EA18: =1/22 -> 0.045454545 | EG18: =1/22 -> 0.045454545
D20: =RESUMO!C12 -> 25342906 | K20: =K18*$D$20 -> 1151950.3 | Q20: =Q18*$D$20 -> 1151950.3 | W20: =W18*$D$20 -> 1151950.3 | AC20: =AC18*$D$20 -> 1151950.3 | AI20: =AI18*$D$20 -> 1151950.3 | AO20: =AO18*$D$20 -> 1151950.3 | AU20: =AU18*$D$20 -> 1151950.3 | BA20: =BA18*$D$20 -> 1151950.3 | BG20: =BG18*$D$20 -> 1151950.3 | BM20: =BM18*$D$20 -> 1151950.3 | BS20: =BS18*$D$20 -> 1151950.3 | BY20: =BY18*$D$20 -> 1151950.3 | CE20: =CE18*$D$20 -> 1151950.3 | CK20: =CK18*$D$20 -> 1151950.3 | CQ20: =CQ18*$D$20 -> 1151950.3 | CW20: =CW18*$D$20 -> 1151950.3 | DC20: =DC18*$D$20 -> 1151950.3 | DI20: =DI18*$D$20 -> 1151950.3 | DO20: =DO18*$D$20 -> 1151950.3 | DU20: =DU18*$D$20 -> 1151950.3 | EA20: =EA18*$D$20 -> 1151950.3 | EG20: =EG18*$D$20 -> 1151950.3 | ES20: =SUM(E20:ER20) -> 25342906 | ET20: =D20-ES20 -> 0
B21: 6.0 | C21: =PLANILHA!D92 -> PISTA DUPLICADA - PAVIMENTO RÍGIDO | D21: =D23/$EM$81 -> 0.27226047 | K21: =1/13 -> 0.076923077 | Q21: =1/13 -> 0.076923077 | W21: =1/13 -> 0.076923077 | AC21: =1/13 -> 0.076923077 | AI21: =1/13 -> 0.076923077 | AO21: =1/13 -> 0.076923077 | AU21: =1/13 -> 0.076923077 | BA21: =1/13 -> 0.076923077 | BG21: =1/13 -> 0.076923077 | BM21: =1/13 -> 0.076923077 | BS21: =1/13 -> 0.076923077 | BY21: =1/13 -> 0.076923077 | CE21: =1/13 -> 0.076923077
D23: =PLANILHA!I92 -> 67898663 | K23: =K21*$D$23 -> 5222974 | Q23: =Q21*$D$23 -> 5222974 | W23: =W21*$D$23 -> 5222974 | AC23: =AC21*$D$23 -> 5222974 | AI23: =AI21*$D$23 -> 5222974 | AO23: =AO21*$D$23 -> 5222974 | AU23: =AU21*$D$23 -> 5222974 | BA23: =BA21*$D$23 -> 5222974 | BG23: =BG21*$D$23 -> 5222974 | BM23: =BM21*$D$23 -> 5222974 | BS23: =BS21*$D$23 -> 5222974 | BY23: =BY21*$D$23 -> 5222974 | CE23: =CE21*$D$23 -> 5222974 | ES23: =SUM(E23:ER23) -> 67898663 | ET23: =D23-ES23 -> 0
B24: 6.0 | C24: =PLANILHA!D108 -> PISTA EXISTENTE - PAVIMENTO RÍGIDO | D24: =D26/$EM$81 -> 0.21176039 | K24: =1/22 -> 0.045454545 | Q24: =1/22 -> 0.045454545 | W24: =1/22 -> 0.045454545 | AC24: =1/22 -> 0.045454545 | AI24: =1/22 -> 0.045454545 | AO24: =1/22 -> 0.045454545 | AU24: =1/22 -> 0.045454545 | BA24: =1/22 -> 0.045454545 | BG24: =1/22 -> 0.045454545 | BM24: =1/22 -> 0.045454545 | BS24: =1/22 -> 0.045454545 | BY24: =1/22 -> 0.045454545 | CE24: =1/22 -> 0.045454545 | CK24: =1/22 -> 0.045454545 | CQ24: =1/22 -> 0.045454545 | CW24: =1/22 -> 0.045454545 | DC24: =1/22 -> 0.045454545 | DI24: =1/22 -> 0.045454545 | DO24: =1/22 -> 0.045454545 | DU24: =1/22 -> 0.045454545 | EA24: =1/22 -> 0.045454545 | EG24: =1/22 -> 0.045454545
D26: =PLANILHA!I108 -> 52810632 | K26: =K24*$D$26 -> 2400483.3 | Q26: =Q24*$D$26 -> 2400483.3 | W26: =W24*$D$26 -> 2400483.3 | AC26: =AC24*$D$26 -> 2400483.3 | AI26: =AI24*$D$26 -> 2400483.3 | AO26: =AO24*$D$26 -> 2400483.3 | AU26: =AU24*$D$26 -> 2400483.3 | BA26: =BA24*$D$26 -> 2400483.3 | BG26: =BG24*$D$26 -> 2400483.3 | BM26: =BM24*$D$26 -> 2400483.3 | BS26: =BS24*$D$26 -> 2400483.3 | BY26: =BY24*$D$26 -> 2400483.3 | CE26: =CE24*$D$26 -> 2400483.3 | CK26: =CK24*$D$26 -> 2400483.3 | CQ26: =CQ24*$D$26 -> 2400483.3 | CW26: =CW24*$D$26 -> 2400483.3 | DC26: =DC24*$D$26 -> 2400483.3 | DI26: =DI24*$D$26 -> 2400483.3 | DO26: =DO24*$D$26 -> 2400483.3 | DU26: =DU24*$D$26 -> 2400483.3 | EA26: =EA24*$D$26 -> 2400483.3 | EG26: =EG24*$D$26 -> 2400483.3 | ES26: =SUM(E26:ER26) -> 52810632 | ET26: =D26-ES26 -> 0
B27: 7.0 | C27: =RESUMO!B14 -> OBRAS DE ARTE ESPECIAIS | D27: =D29/$EM$81 -> 0.052153871 | AO27: =1/12 -> 0.083333333 | AU27: =1/12 -> 0.083333333 | BA27: =1/12 -> 0.083333333 | BG27: =1/12 -> 0.083333333 | BM27: =1/12 -> 0.083333333 | BS27: =1/12 -> 0.083333333 | BY27: =1/12 -> 0.083333333 | CE27: =1/12 -> 0.083333333 | CK27: =1/12 -> 0.083333333 | CQ27: =1/12 -> 0.083333333 | CW27: =1/12 -> 0.083333333 | DC27: =1/12 -> 0.083333333
D29: =RESUMO!C14 -> 13006582 | AO29: =AO27*$D$29 -> 1083881.8 | AU29: =AU27*$D$29 -> 1083881.8 | BA29: =BA27*$D$29 -> 1083881.8 | BG29: =BG27*$D$29 -> 1083881.8 | BM29: =BM27*$D$29 -> 1083881.8 | BS29: =BS27*$D$29 -> 1083881.8 | BY29: =BY27*$D$29 -> 1083881.8 | CE29: =CE27*$D$29 -> 1083881.8 | CK29: =CK27*$D$29 -> 1083881.8 | CQ29: =CQ27*$D$29 -> 1083881.8 | CW29: =CW27*$D$29 -> 1083881.8 | DC29: =DC27*$D$29 -> 1083881.8 | ES29: =SUM(E29:ER29) -> 13006582 | ET29: =D29-ES29 -> 0
B30: 8.0 | C30: =RESUMO!B15 -> OBRAS COMPLEMENTARES | D30: =D32/$EM$81 -> 0.025460791 | CQ30: =1/9 -> 0.11111111 | CW30: =1/9 -> 0.11111111 | DC30: =1/9 -> 0.11111111 | DI30: =1/9 -> 0.11111111 | DO30: =1/9 -> 0.11111111 | DU30: =1/9 -> 0.11111111 | EA30: =1/9 -> 0.11111111 | EG30: =1/9 -> 0.11111111 | EM30: =1/9 -> 0.11111111
D32: =RESUMO!C15 -> 6349631.6 | CQ32: =CQ30*$D$32 -> 705514.62 | CW32: =CW30*$D$32 -> 705514.62 | DC32: =DC30*$D$32 -> 705514.62 | DI32: =DI30*$D$32 -> 705514.62 | DO32: =DO30*$D$32 -> 705514.62 | DU32: =DU30*$D$32 -> 705514.62 | EA32: =EA30*$D$32 -> 705514.62 | EG32: =EG30*$D$32 -> 705514.62 | EM32: =EM30*$D$32 -> 705514.62 | ES32: =SUM(E32:ER32) -> 6349631.6 | ET32: =D32-ES32 -> 0
B33: 8.1 | C33: SINALIZAÇÃO DE OBRAS | D33: =D35/$EM$81 -> 0.0028716245 | K33: =1/23 -> 0.043478261 | Q33: =1/23 -> 0.043478261 | W33: =1/23 -> 0.043478261 | AC33: =1/23 -> 0.043478261 | AI33: =1/23 -> 0.043478261 | AO33: =1/23 -> 0.043478261 | AU33: =1/23 -> 0.043478261 | BA33: =1/23 -> 0.043478261 | BG33: =1/23 -> 0.043478261 | BM33: =1/23 -> 0.043478261 | BS33: =1/23 -> 0.043478261 | BY33: =1/23 -> 0.043478261 | CE33: =1/23 -> 0.043478261 | CK33: =1/23 -> 0.043478261 | CQ33: =1/23 -> 0.043478261 | CW33: =1/23 -> 0.043478261 | DC33: =1/23 -> 0.043478261 | DI33: =1/23 -> 0.043478261 | DO33: =1/23 -> 0.043478261 | DU33: =1/23 -> 0.043478261 | EA33: =1/23 -> 0.043478261 | EG33: =1/23 -> 0.043478261 | EM33: =1/23 -> 0.043478261
D35: =PLANILHA!I317 -> 716150.46 | K35: =K33*$D$35 -> 31136.977 | Q35: =Q33*$D$35 -> 31136.977 | W35: =W33*$D$35 -> 31136.977 | AC35: =AC33*$D$35 -> 31136.977 | AI35: =AI33*$D$35 -> 31136.977 | AO35: =AO33*$D$35 -> 31136.977 | AU35: =AU33*$D$35 -> 31136.977 | BA35: =BA33*$D$35 -> 31136.977 | BG35: =BG33*$D$35 -> 31136.977 | BM35: =BM33*$D$35 -> 31136.977 | BS35: =BS33*$D$35 -> 31136.977 | BY35: =BY33*$D$35 -> 31136.977 | CE35: =CE33*$D$35 -> 31136.977 | CK35: =CK33*$D$35 -> 31136.977 | CQ35: =CQ33*$D$35 -> 31136.977 | CW35: =CW33*$D$35 -> 31136.977 | DC35: =DC33*$D$35 -> 31136.977 | DI35: =DI33*$D$35 -> 31136.977 | DO35: =DO33*$D$35 -> 31136.977 | DU35: =DU33*$D$35 -> 31136.977 | EA35: =EA33*$D$35 -> 31136.977 | EG35: =EG33*$D$35 -> 31136.977 | EM35: =EM33*$D$35 -> 31136.977 | ES35: =SUM(E35:ER35) -> 716150.46 | ET35: =D35-ES35 -> 0
B36: 9.0 | C36: =RESUMO!B16 -> SINALIZAÇÃO | D36: =D38/$EM$81 -> 0.029899366 | CE36: =1/10 -> 0.1 | CK36: =1/10 -> 0.1 | CQ36: =1/10 -> 0.1 | CW36: =1/10 -> 0.1 | DC36: =1/10 -> 0.1 | DI36: =1/10 -> 0.1 | DO36: =1/10 -> 0.1 | DU36: =1/10 -> 0.1 | EA36: =1/10 -> 0.1 | EG36: =1/10 -> 0.1
D38: =SUM(PLANILHA!I293+PLANILHA!I302) -> 7456561.7 | CE38: =CE36*$D$38 -> 745656.17 | CK38: =CK36*$D$38 -> 745656.17 | CQ38: =CQ36*$D$38 -> 745656.17 | CW38: =CW36*$D$38 -> 745656.17 | DC38: =DC36*$D$38 -> 745656.17 | DI38: =DI36*$D$38 -> 745656.17 | DO38: =DO36*$D$38 -> 745656.17 | DU38: =DU36*$D$38 -> 745656.17 | EA38: =EA36*$D$38 -> 745656.17 | EG38: =EG36*$D$38 -> 745656.17 | ES38: =SUM(E38:ER38) -> 7456561.7 | ET38: =D38-ES38 -> 0
B39: 10.0 | C39: =RESUMO!B17 -> ILUMINAÇÃO PÚBLICA | D39: =D41/$EM$81 -> 0.00076911016 | DI39: =1/6 -> 0.16666667 | DO39: =1/6 -> 0.16666667 | DU39: =1/6 -> 0.16666667 | EA39: =1/6 -> 0.16666667 | EG39: =1/6 -> 0.16666667 | EM39: =1/6 -> 0.16666667
D41: =RESUMO!C17 -> 191807.32 | DI41: =DI39*$D$41 -> 31967.887 | DO41: =DO39*$D$41 -> 31967.887 | DU41: =DU39*$D$41 -> 31967.887 | EA41: =EA39*$D$41 -> 31967.887 | EG41: =EG39*$D$41 -> 31967.887 | EM41: =EM39*$D$41 -> 31967.887 | ES41: =SUM(E41:ER41) -> 191807.32 | ET41: =D41-ES41 -> 0
B42: 11.0 | C42: =RESUMO!B18 -> PROTEÇÃO AMBIENTAL | D42: =D44/$EM$81 -> 0.0084335969 | DC42: =1/7 -> 0.14285714 | DI42: =1/7 -> 0.14285714 | DO42: =1/7 -> 0.14285714 | DU42: =1/7 -> 0.14285714 | EA42: =1/7 -> 0.14285714 | EG42: =1/7 -> 0.14285714 | EM42: =1/7 -> 0.14285714
D44: =RESUMO!C18 -> 2103243.1 | DC44: =DC42*$D$44 -> 300463.3 | DI44: =DI42*$D$44 -> 300463.3 | DO44: =DO42*$D$44 -> 300463.3 | DU44: =DU42*$D$44 -> 300463.3 | EA44: =EA42*$D$44 -> 300463.3 | EG44: =EG42*$D$44 -> 300463.3 | EM44: =EM42*$D$44 -> 300463.3 | ES44: =SUM(E44:ER44) -> 2103243.1 | ET44: =D44-ES44 -> 0
A78: QD - 8.1 | B78: DESEMBOLSO MENSAL | E78: =ROUND(E79/$D$81,4) -> 0.0453 | K78: =ROUND(K79/$D$81,4) -> 0.0463 | Q78: =ROUND(Q79/$D$81,4) -> 0.0463 | W78: =ROUND(W79/$D$81,4) -> 0.0463 | AC78: =ROUND(AC79/$D$81,4) -> 0.0463 | AI78: =ROUND(AI79/$D$81,4) -> 0.0463 | AO78: =ROUND(AO79/$D$81,4) -> 0.0507 | AU78: =ROUND(AU79/$D$81,4) -> 0.0507 | BA78: =ROUND(BA79/$D$81,4) -> 0.0507 | BG78: =ROUND(BG79/$D$81,4) -> 0.0507 | BM78: =ROUND(BM79/$D$81,4) -> 0.0507 | BS78: =ROUND(BS79/$D$81,4) -> 0.0507 | BY78: =ROUND(BY79/$D$81,4) -> 0.0507 | CE78: =ROUND(CE79/$D$81,4) -> 0.0536 | CK78: =ROUND(CK79/$D$81,4) -> 0.0327 | CQ78: =ROUND(CQ79/$D$81,4) -> 0.0355 | CW78: =ROUND(CW79/$D$81,4) -> 0.0355 | DC78: =ROUND(DC79/$D$81,4) -> 0.0367 | DI78: =ROUND(DI79/$D$81,4) -> 0.0325 | DO78: =ROUND(DO79/$D$81,4) -> 0.0325 | DU78: =ROUND(DU79/$D$81,4) -> 0.0325 | EA78: =ROUND(EA79/$D$81,4) -> 0.0215 | EG78: =ROUND(EG79/$D$81,4) -> 0.0215 | EM78: =ROUND(EM79/$D$81,4)-0.01% -> 0.0338
E79: =SUM(E8,E11,E14) -> 11288848 | K79: =SUM(K8,K17,K20,K26,K35,K23) -> 11546915 | Q79: =SUM(Q8,Q17,Q20,Q26,Q35,Q23) -> 11546915 | W79: =SUM(W26,W20,W8,W35,W17,W23) -> 11546915 | AC79: =SUM(AC35,AC8,AC26,AC20,AC17,AC23) -> 11546915 | AI79: =SUM(AI35,AI8,AI26,AI20,AI17,AI23) -> 11546915 | AO79: =SUM(AO8,AO17,AO20,AO23,AO26,AO29,AO35) -> 12631952 | AU79: =SUM(AU35,AU26,AU8,AU20,AU17,AU23,AU29) -> 12631952 | BA79: =SUM(BA35,BA8,BA26,BA20,BA17,BA23,BA29) -> 12631952 | BG79: =SUM(BG35,BG8,BG26,BG20,BG17,BG23,BG29) -> 12631952 | BM79: =SUM(BM35,BM29,BM8,BM26,BM20,BM23,BM17) -> 12631952 | BS79: =SUM(BS35,BS29,BS8,BS26,BS20,BS23,BS17) -> 12631952 | BY79: =SUM(BY35,BY29,BY8,BY26,BY20,BY23,BY17) -> 12631952 | CE79: =SUM(CE35,CE23,CE8,CE26,CE20,CE38,CE17,CE29) -> 13378403 | CK79: =SUM(CK35,CK29,CK8,CK26,CK20,CK38,CK17) -> 8155429 | CQ79: =SUM(CQ35,CQ29,CQ8,CQ26,CQ20,CQ38,CQ17,CQ32) -> 8861695.5 | CW79: =SUM(CW35,CW29,CW8,CW26,CW20,CW38,CW17,CW32) -> 8861695.5 | DC79: =SUM(DC35,DC17,DC8,DC26,DC20,DC38,DC29,DC32,DC44) -> 9162479 | DI79: =SUM(DI35,DI17,DI8,DI26,DI20,DI38,DI41,DI32,DI44) -> 8109444 | DO79: =SUM(DO35,DO32,DO8,DO26,DO20,DO38,DO41,DO17,DO44) -> 8109444 | DU79: =SUM(DU32,DU8,DU26,DU20,DU35,DU38,DU44,DU17,DU41) -> 8109444 | EA79: =SUM(EA32,EA35,EA8,EA26,EA20,EA44,EA38,EA41) -> 5372892.4 | EG79: =SUM(EG32,EG35,EG8,EG26,EG44,EG20,EG38,EG41) -> 5372892.4 | EM79: =SUM(EM8,EM14,EM35,EM32,EM44,EM41) -> 8447712.1
B80: DESEMBOLSO ACUMULADO | D80: 1 | E80: =E78 -> 0.0453 | K80: =K78+E80 -> 0.0916 | Q80: =Q78+K80 -> 0.1379 | W80: =W78+Q80 -> 0.1842 | AC80: =AC78+W80 -> 0.2305 | AI80: =AI78+AC80 -> 0.2768 | AO80: =AO78+AI80 -> 0.3275 | AU80: =AU78+AO80 -> 0.3782 | BA80: =BA78+AU80 -> 0.4289 | BG80: =BG78+BA80 -> 0.4796 | BM80: =BM78+BG80 -> 0.5303 | BS80: =BS78+BM80 -> 0.581 | BY80: =BY78+BS80 -> 0.6317 | CE80: =CE78+BY80 -> 0.6853 | CK80: =CK78+CE80 -> 0.718 | CQ80: =CQ78+CK80 -> 0.7535 | CW80: =CW78+CQ80 -> 0.789 | DC80: =DC78+CW80 -> 0.8257 | DI80: =DI78+DC80 -> 0.8582 | DO80: =DO78+DI80 -> 0.8907 | DU80: =DU78+DO80 -> 0.9232 | EA80: =EA78+DU80 -> 0.9447 | EG80: =EG78+EA80 -> 0.9662 | EM80: =EM78+EG80 -> 1
D81: =SUM(D17,D14,D8,D119,D11,D20,D26,D29,D32,D35,D38,D41,D44,D23) -> 2.4938862e+08 | E81: =E79 -> 11288848 | K81: =K79+E81 -> 22835763 | Q81: =Q79+K81 -> 34382678 | W81: =W79+Q81 -> 45929593 | AC81: =AC79+W81 -> 57476508 | AI81: =AI79+AC81 -> 69023424 | AO81: =AO79+AI81 -> 81655376 | AU81: =AU79+AO81 -> 94287328 | BA81: =BA79+AU81 -> 1.0691928e+08 | BG81: =BG79+BA81 -> 1.1955123e+08 | BM81: =BM79+BG81 -> 1.3218318e+08 | BS81: =BS79+BM81 -> 1.4481514e+08 | BY81: =BY79+BS81 -> 1.5744709e+08 | CE81: =CE79+BY81 -> 1.7082549e+08 | CK81: =CK79+CE81 -> 1.7898092e+08 | CQ81: =CQ79+CK81 -> 1.8784262e+08 | CW81: =CW79+CQ81 -> 1.9670431e+08 | DC81: =DC79+CW81 -> 2.0586679e+08 | DI81: =DI79+DC81 -> 2.1397623e+08 | DO81: =DO79+DI81 -> 2.2208568e+08 | DU81: =DU79+DO81 -> 2.3019512e+08 | EA81: =EA79+DU81 -> 2.3556802e+08 | EG81: =EG79+EA81 -> 2.4094091e+08 | EM81: =EM79+EG81 -> 2.4938862e+08
D83: =D8/(D11+D14+D17+D20+D26+D29+D32+D35+D38+D41+D44) -> 0.001065712
D85: =RESUMO!C19 -> 2.4938862e+08
D87: =D81-D85 -> 0

Sheet BDI
B2: GOVERNO DO ESTADO DE PERNAMBUCO
B3: SECRETARIA DE MOBILIDADE E INFRAESTRUTURA - SEMOBI/PE
B4: DEPARTAMENTO DE ESTRADAS DE RODAGEM - DER/PE
B6: RODOVIA: | C6: BR-232
B7: TRECHO: | C7: FIM DA DUPLICAÇÃO (SÃO CAETANO) - ENTR. VPE-230 (PESQUEIRA)
B8: SEGMENTO: | C8: KM 149,10 - KM 177,90
B9: EXTENSÃO: | C9: 28.8
B10: DATA BASE: | C10: JULHO/2025
B11: TIPO: | C11: SEM DESONERAÇÃO
B13: COMPOSIÇÃO DAS TAXAS DE BENEFÍCIOS E DESPESAS INDIRETAS (BDI)
C15: DETALHAMENTO DO BDI - SEM DESONERAÇÃO
C16: Despesas Indiretas | E16: % | F16: % sobre CD
C17: Administração Central | E17: 0.038
C18: Seguros e Garantias Contratuais | E18: 0.012
C19: Riscos | E19: 0.005
C20: Despesa Financeira | E20: 0.0102
C21: Subtotal Despesas Indiretas | E21: =SUM(E17:F20) -> 0.0652 | F21: =SUM(F17:F20) -> 0
C22: Benefícios | E22: % | F22: % sobre CD
C23: Lucro Operacional | E23: 0.0708
C24: Subtotal Benefícios | E24: =SUM(E23) -> 0.0708 | F24: =SUM(F23) -> 0
C25: Tributos | E25: % | F25: % sobre CD
C26: PIS | E26: 0.0065
C27: COFINS | E27: 0.03
C28: ISSQN | E28: =H42 -> 0.026232639
C29: CPRB | E29: 0
C30: Subtotal Tributos | E30: =SUM(E26:F29) -> 0.062732639 | F30: =SUM(F26:F29) -> 0
C31: BDI com Impostos | E31: =(((1+E17+E18+E19)*(1+E20)*(1+E24))/(1-E30)-1) -> 0.21760015 | F31: =((1+(F17/100+F23/100))/(1-(E18/100+E19/100+E20/100+E26/100+E27/100+E28/100+E29/100))-1)*100 -> 0.09001359
C32: BDI SEM DESONERAÇÃO | F32: =E31 -> 0.21760015
B34: PERCENTUAL DO ISSQN INCIDENTE NA COMPOSIÇÃO DO BDI:
B35: Em atendimento ao item 9.2.2 do Acórdão nº 32/2008 – Plenário, que determina a previsão dos percentuais de recolhimento a título de ISS a serem aplicados na composição de LDI dos licitantes, com base nas alíquotas adotadas pelos municípios situados na região da obra, apresentamos a planilha e cálculo a seguir:
B36: MUNICÍPIO | C36: KM INICIAL | D36: KM FINAL | E36: EXTENSÃO | F36: ALÍQUOTA | G36: DEDUÇÃO | H36: ALÍQUOTA | I36: PROPORÇÃO (%)
E37: (KM)
B38: SÃO CAETANO/PE | C38: 149.1 | D38: 157.1 | E38: =D38-C38 -> 8 | F38: 0.05 | G38: 0.5 | H38: =F38*(1-G38) -> 0.025 | I38: =E38/$E$41 -> 0.27777778
B39: TACAIMBÓ/PE | C39: 157.1 | D39: 170.8 | E39: =D39-C39 -> 13.7 | F39: 0.05 | G39: 0.5 | H39: =F39*(1-G39) -> 0.025 | I39: =E39/$E$41 -> 0.47569444
B40: BELO JARDIM/PE | C40: 170.8 | D40: 177.9 | E40: =D40-C40 -> 7.1 | F40: 0.05 | G40: 0.4 | H40: =F40*(1-G40) -> 0.03 | I40: =E40/$E$41 -> 0.24652778
B41: EXTENSÃO TOTAL DO TRECHO | E41: =SUM(E38:E40) -> 28.8 | I41: =SUM(I38:I40) -> 1
B42: MÉDIA PONDERADA | H42: =SUMPRODUCT(I38:I40,H38:H40) -> 0.026232639
B44: OBSERVAÇÃO:
B45: O percentual de ISSQN adotado foi proveniente das alíquotas dos municípios situados na área de influência da obra.
B46: Código Tributário do Município de São Caetano, Lei Complementar nº 006/2010. Título I, Capítulo V, Seção II, Art. 258, III e Capítulo VI, art. 274.
B47: Código Tributário do Município de Tacaimbó, Lei nº 722/2019. Capítulo III, Seção VII, Art. 91º, § 1º e Anexo I.
B48: Código Tributário do Município de Belo Jardim, Lei nº 2105/2013, Título III, Capítulo IV, ASeção II, Art. 182 e Capítulo V, Art. 182, II.
B50: GOVERNO DO ESTADO DE PERNAMBUCO
B51: SECRETARIA DE MOBILIDADE E INFRAESTRUTURA - SEMOBI/PE
B52: DEPARTAMENTO DE ESTRADAS DE RODAGEM - DER/PE
B54: RODOVIA: | C54: =C6 -> BR-232
B55: TRECHO: | C55: =C7 -> FIM DA DUPLICAÇÃO (SÃO CAETANO) - ENTR. VPE-230 (PESQUEIRA)
B56: SEGMENTO: | C56: =C8 -> KM 149,10 - KM 177,90
B57: EXTENSÃO: | C57: =C9 -> 28.8
B58: DATA BASE: | C58: =C10 -> JULHO/2025
B59: TIPO: | C59: =C11 -> SEM DESONERAÇÃO
B61: COMPOSIÇÃO DAS TAXAS DE BENEFÍCIOS E DESPESAS INDIRETAS - DIFERENCIADO (BDI DIFERENCIADO)
C63: DETALHAMENTO DO BDI DIFERENCIADO - SEM DESONERAÇÃO
C64: Despesas Indiretas | E64: %
C65: Administração Central | E65: 0.015
C66: Seguros e Garantias Contratuais | E66: 0.012
C67: Riscos | E67: 0.0056
C68: Despesa Financeira | E68: 0.0085
C69: Subtotal Despesas Indiretas | E69: =SUM(E65:F68) -> 0.0411
C70: Benefícios | E70: %
C71: Lucro Operacional | E71: 0.0399
C72: Subtotal Benefícios | E72: =SUM(E71) -> 0.0399
C73: Tributos | E73: %
C74: PIS | E74: 0.0065
C75: COFINS | E75: 0.03
C76: ISSQN | E76: =H90 -> 0.026232639
C77: CPRB | E77: 0
D78: Subtotal Tributos | E78: =SUM(E74:F77) -> 0.062732639
C79: BDI com Impostos | E79: =(((1+E65+E66+E67)*(1+E68)*(1+E71))/(1-E78)-1) -> 0.15540996
C80: BDI DIFERENCIADO SEM DESONERAÇÃO | F80: =E79 -> 0.15540996
B82: PERCENTUAL DO ISSQN INCIDENTE NA COMPOSIÇÃO DO BDI:
B83: Em atendimento ao item 9.2.2 do Acórdão nº 32/2008 – Plenário, que determina a previsão dos percentuais de recolhimento a título de ISS a serem aplicados na composição de LDI dos licitantes, com base nas alíquotas adotadas pelos municípios situados na região da obra, apresentamos a planilha e cálculo a seguir:
B84: MUNICÍPIO | C84: KM INICIAL | D84: KM FINAL | E84: EXTENSÃO | F84: ALÍQUOTA | G84: DEDUÇÃO | H84: ALÍQUOTA | I84: PROPORÇÃO (%)
E85: (KM)
B86: =B38 -> SÃO CAETANO/PE | C86: =C38 -> 149.1 | D86: =D38 -> 157.1 | E86: =D86-C86 -> 8 | F86: =F38 -> 0.05 | G86: =G38 -> 0.5 | H86: =F86*(1-G86) -> 0.025 | I86: =E86/$E$41 -> 0.27777778
B87: =B39 -> TACAIMBÓ/PE | C87: =C39 -> 157.1 | D87: =D39 -> 170.8 | E87: =D87-C87 -> 13.7 | F87: =F39 -> 0.05 | G87: =G39 -> 0.5 | H87: =F87*(1-G87) -> 0.025 | I87: =E87/$E$41 -> 0.47569444
B88: =B40 -> BELO JARDIM/PE | C88: =C40 -> 170.8 | D88: =D40 -> 177.9 | E88: =D88-C88 -> 7.1 | F88: =F40 -> 0.05 | G88: =G40 -> 0.4 | H88: =F88*(1-G88) -> 0.03 | I88: =E88/$E$41 -> 0.24652778
B89: EXTENSÃO TOTAL DO TRECHO | E89: =SUM(E86:E88) -> 28.8 | I89: =SUM(I86:I88) -> 1
B90: MÉDIA PONDERADA | H90: =SUMPRODUCT(I86:I88,H86:H88) -> 0.026232639
B92: OBSERVAÇÃO:
B93: =B45 -> O percentual de ISSQN adotado foi proveniente das alíquotas dos municípios situados na área de influência da obra.
B94: =B46 -> Código Tributário do Município de São Caetano, Lei Complementar nº 006/2010. Título I, Capítulo V, Seção II, Art. 258, III e Capítulo VI, art. 274.
B95: =B47 -> Código Tributário do Município de Tacaimbó, Lei nº 722/2019. Capítulo III, Seção VII, Art. 91º, § 1º e Anexo I.
B96: =B48 -> Código Tributário do Município de Belo Jardim, Lei nº 2105/2013, Título III, Capítulo IV, ASeção II, Art. 182 e Capítulo V, Art. 182, II.

Sheet MUNICÍPIOS
A1: GOVERNO DO ESTADO DE PERNAMBUCO
A2: SECRETARIA DE MOBILIDADE E INFRAESTRUTURA - SEMOBI/PE
A3: DEPARTAMENTO DE ESTRADAS DE RODAGEM - DER/PE
A6: RODOVIA: | B6: =BDI!C6 -> BR-232
A7: TRECHO: | B7: =BDI!C7 -> FIM DA DUPLICAÇÃO (SÃO CAETANO) - ENTR. VPE-230 (PESQUEIRA)
A8: EXTENSÃO: | B8: =BDI!C9 -> 28.8 | C8: KM
A10: EXTENSÃO DO MUNICÍPIO: SÃO CAETANO/PE
A44: EXTENSÃO DO MUNICÍPIO: TACAIMBÓ/PE
A77: EXTENSÃO DO MUNICÍPIO: BELO JARDIM/PE

Sheet HISTOGRAMA
C4: CRONOGRAMA DE UTILIZAÇÃO DE MÃO DE OBRA
C5: =CONCATENATE([14]DADOS!$B$4," ",[14]DADOS!$C$4) -> RODOVIA: BR-232
C6: =CONCATENATE([14]DADOS!$B$5," ",[14]DADOS!$C$5) -> TRECHO: FIM DA DUPLICAÇÃO (SÃO CAETANO) - ENTR. VPE-230 (PESQUEIRA) | W6: =CONCATENATE([14]DADOS!$B$7," ",[14]DADOS!$C$7) -> DATA BASE: JULHO/2025 - SEM DESONERAÇÃO
C8: CÓDIGO | D8: DESCRIÇÃO | E8: QUANTIDADE (h) | F8: QUANTIDADE (und) | G8: PRAZO DA OBRA
G9: =IF([14]DADOS!$C$8>=1,"MÊS 01","") -> MÊS 01 | H9: =IF([14]DADOS!$C$8>=2,"MÊS 02","") -> MÊS 02 | I9: =IF([14]DADOS!$C$8>=3,"MÊS 03","") -> MÊS 03 | J9: =IF([14]DADOS!$C$8>=4,"MÊS 04","") -> MÊS 04 | K9: =IF([14]DADOS!$C$8>=5,"MÊS 05","") -> MÊS 05 | L9: =IF([14]DADOS!$C$8>=6,"MÊS 06","") -> MÊS 06 | M9: =IF([14]DADOS!$C$8>=7,"MÊS 07","") -> MÊS 07 | N9: =IF([14]DADOS!$C$8>=8,"MÊS 08","") -> MÊS 08 | O9: =IF([14]DADOS!$C$8>=9,"MÊS 09","") -> MÊS 09 | P9: =IF([14]DADOS!$C$8>=10,"MÊS 10","") -> MÊS 10 | Q9: =IF([14]DADOS!$C$8>=11,"MÊS 11","") -> MÊS 11 | R9: =IF([14]DADOS!$C$8>=12,"MÊS 12","") -> MÊS 12 | S9: =IF([14]DADOS!$C$8>=13,"MÊS 13","") -> MÊS 13 | T9: =IF([14]DADOS!$C$8>=14,"MÊS 14","") -> MÊS 14 | U9: =IF([14]DADOS!$C$8>=15,"MÊS 15","") -> MÊS 15 | V9: =IF([14]DADOS!$C$8>=16,"MÊS 16","") -> MÊS 16 | W9: =IF([14]DADOS!$C$8>=17,"MÊS 17","") -> MÊS 17 | X9: =IF([14]DADOS!$C$8>=18,"MÊS 18","") -> MÊS 18 | Y9: =IF([14]DADOS!$C$8>=19,"MÊS 19","") -> MÊS 19 | Z9: =IF([14]DADOS!$C$8>=20,"MÊS 20","") -> MÊS 20 | AA9: =IF([14]DADOS!$C$8>=21,"MÊS 21","") -> MÊS 21 | AB9: =IF([14]DADOS!$C$8>=22,"MÊS 22","") -> MÊS 22 | AC9: =IF([14]DADOS!$C$8>=23,"MÊS 23","") -> MÊS 23 | AD9: =IF([14]DADOS!$C$8>=24,"MÊS 24","") -> MÊS 24
C11: =IF(D11<>"","4.","") -> 4. | D11: =IFERROR(INDEX([14]COMPOR!$A:$J,MATCH("4.",[14]COMPOR!$I:$I,0),10),"") -> TERRAPLENAGEM
C12: =IF("IH"=LEFT('[14]ABC INS.'!B6,2),'[14]ABC INS.'!B6,"") -> IH9824 | D12: =IF($C12="","",INDEX('[14]ABC INS.'!$B:$J,MATCH($C12,'[14]ABC INS.'!$B:$B,0),8)) -> SERVENTE | E12: =IF($C12="","",INDEX('[14]ABC INS.'!$B:$J,MATCH($C12,'[14]ABC INS.'!$H:$H,0),9)) -> 14648.84 | F12: =IF($E12="","",ROUNDUP($E12/(182.49*(COUNTIF([14]CRONO!$23:$23,"x"))),0)) -> 5 | G12: =IF(G$9="","",IF($E12="","",IF(OFFSET(INDEX([14]CRONO!$A:$AD,10,MATCH(G$9,[14]CRONO!$10:$10,0)),13,0)=0,"",IF(OFFSET(INDEX([14]CRONO!$A:$AD,10,MATCH(G$9,[14]CRONO!$10:$10,0)),13,0)="x",$F12,"ERRO")))) -> #VALUE! | H12: =IF(H$9="","",IF($E12="","",IF(OFFSET(INDEX([14]CRONO!$A:$AD,10,MATCH(H$9,[14]CRONO!$10:$10,0)),13,0)=0,"",IF(OFFSET(INDEX([14]CRONO!$A:$AD,10,MATCH(H$9,[14]CRONO!$10:$10,0)),13,0)="x",$F12,"ERRO")))) -> #VALUE! | I12: =IF(I$9="","",IF($E12="","",IF(OFFSET(INDEX([14]CRONO!$A:$AD,10,MATCH(I$9,[14]CRONO!$10:$10,0)),13,0)=0,"",IF(OFFSET(INDEX([14]CRONO!$A:$AD,10,MATCH(I$9,[14]CRONO!$10:$10,0)),13,0)="x",$F12,"ERRO")))) -> #VALUE! | J12: =IF(J$9="","",IF($E12="","",IF(OFFSET(INDEX([14]CRONO!$A:$AD,10,MATCH(J$9,[14]CRONO!$10:$10,0)),13,0)=0,"",IF(OFFSET(INDEX([14]CRONO!$A:$AD,10,MATCH(J$9,[14]CRONO!$10:$10,0)),13,0)="x",$F12,"ERRO")))) -> #VALUE! | K12: =IF(K$9="","",IF($E12="","",IF(OFFSET(INDEX([14]CRONO!$A:$AD,10,MATCH(K$9,[14]CRONO!$10:$10,0)),13,0)=0,"",IF(OFFSET(INDEX([14]CRONO!$A:$AD,10,MATCH(K$9,[14]CRONO!$10:$10,0)),13,0)="x",$F12,"ERRO")))) -> #VALUE! | L12: =IF(L$9="","",IF($E12="","",IF(OFFSET(INDEX([14]CRONO!$A:$AD,10,MATCH(L$9,[14]CRONO!$10:$10,0)),13,0)=0,"",IF(OFFSET(INDEX([14]CRONO!$A:$AD,10,MATCH(L$9,[14]CRONO!$10:$10,0)),13,0)="x",$F12,"ERRO")))) -> #VALUE! | M12: =IF(M$9="","",IF($E12="","",IF(OFFSET(INDEX([14]CRONO!$A:$AD,10,MATCH(M$9,[14]CRONO!$10:$10,0)),13,0)=0,"",IF(OFFSET(INDEX([14]CRONO!$A:$AD,10,MATCH(M$9,[14]CRONO!$10:$10,0)),13,0)="x",$F12,"ERRO")))) -> #VALUE! | N12: =IF(N$9="","",IF($E12="","",IF(OFFSET(INDEX([14]CRONO!$A:$AD,10,MATCH(N$9,[14]CRONO!$10:$10,0)),13,0)=0,"",IF(OFFSET(INDEX([14]CRONO!$A:$AD,10,MATCH(N$9,[14]CRONO!$10:$10,0)),13,0)="x",$F12,"ERRO")))) -> #VALUE! | ... Z12: =IF(Z$9="","",IF($E12="","",IF(OFFSET(INDEX([14]CRONO!$A:$AD,10,MATCH(Z$9,[14]CRONO!$10:$10,0)),13,0)=0,"",IF(OFFSET(INDEX([14]CRONO!$A:$AD,10,MATCH(Z$9,[14]CRONO!$10:$10,0)),13,0)="x",$F12,"ERRO")))) -> #VALUE! | AA12: 5 | AB12: =IF(AB$9="","",IF($E12="","",IF(OFFSET(INDEX([14]CRONO!$A:$AD,10,MATCH(AB$9,[14]CRONO!$10:$10,0)),13,0)=0,"",IF(OFFSET(INDEX([14]CRONO!$A:$AD,10,MATCH(AB$9,[14]CRONO!$10:$10,0)),13,0)="x",$F12,"ERRO")))) -> #VALUE! | AC12: =IF(AC$9="","",IF($E12="","",IF(OFFSET(INDEX([14]CRONO!$A:$AD,10,MATCH(AC$9,[14]CRONO!$10:$10,0)),13,0)=0,"",IF(OFFSET(INDEX([14]CRONO!$A:$AD,10,MATCH(AC$9,[14]CRONO!$10:$10,0)),13,0)="x",$F12,"ERRO")))) -> #VALUE! | AD12: =IF(AD$9="","",IF($E12="","",IF(OFFSET(INDEX([14]CRONO!$A:$AD,10,MATCH(AD$9,[14]CRONO!$10:$10,0)),13,0)=0,"",IF(OFFSET(INDEX([14]CRONO!$A:$AD,10,MATCH(AD$9,[14]CRONO!$10:$10,0)),13,0)="x",$F12,"ERRO")))) -> #VALUE!
C13: =IF("IH"=LEFT('[14]ABC INS.'!B7,2),'[14]ABC INS.'!B7,"") -> IH9892 | D13: =IF($C13="","",INDEX('[14]ABC INS.'!$B:$J,MATCH($C13,'[14]ABC INS.'!$B:$B,0),8)) -> AUXILIAR DE BLASTER | E13: =IF($C13="","",INDEX('[14]ABC INS.'!$B:$J,MATCH($C13,'[14]ABC INS.'!$H:$H,0),9)) -> 2513.92 | F13: =IF($E13="","",ROUNDUP($E13/(182.49*(COUNTIF([14]CRONO!$23:$23,"x"))),0)) -> 1 | G13: =IF(G$9="","",IF($E13="","",IF(OFFSET(INDEX([14]CRONO!$A:$AD,10,MATCH(G$9,[14]CRONO!$10:$10,0)),13,0)=0,"",IF(OFFSET(INDEX([14]CRONO!$A:$AD,10,MATCH(G$9,[14]CRONO!$10:$10,0)),13,0)="x",$F13,"ERRO")))) -> #VALUE! | H13: =IF(H$9="","",IF($E13="","",IF(OFFSET(INDEX([14]CRONO!$A:$AD,10,MATCH(H$9,[14]CRONO!$10:$10,0)),13,0)=0,"",IF(OFFSET(INDEX([14]CRONO!$A:$AD,10,MATCH(H$9,[14]CRONO!$10:$10,0)),13,0)="x",$F13,"ERRO")))) -> #VALUE! | I13: =IF(I$9="","",IF($E13="","",IF(OFFSET(INDEX([14]CRONO!$A:$AD,10,MATCH(I$9,[14]CRONO!$10:$10,0)),13,0)=0,"",IF(OFFSET(INDEX([14]CRONO!$A:$AD,10,MATCH(I$9,[14]CRONO!$10:$10,0)),13,0)="x",$F13,"ERRO")))) -> #VALUE! | J13: =IF(J$9="","",IF($E13="","",IF(OFFSET(INDEX([14]CRONO!$A:$AD,10,MATCH(J$9,[14]CRONO!$10:$10,0)),13,0)=0,"",IF(OFFSET(INDEX([14]CRONO!$A:$AD,10,MATCH(J$9,[14]CRONO!$10:$10,0)),13,0)="x",$F13,"ERRO")))) -> #VALUE! | K13: =IF(K$9="","",IF($E13="","",IF(OFFSET(INDEX([14]CRONO!$A:$AD,10,MATCH(K$9,[14]CRONO!$10:$10,0)),13,0)=0,"",IF(OFFSET(INDEX([14]CRONO!$A:$AD,10,MATCH(K$9,[14]CRONO!$10:$10,0)),13,0)="x",$F13,"ERRO")))) -> #VALUE! | L13: =IF(L$9="","",IF($E13="","",IF(OFFSET(INDEX([14]CRONO!$A:$AD,10,MATCH(L$9,[14]CRONO!$10:$10,0)),13,0)=0,"",IF(OFFSET(INDEX([14]CRONO!$A:$AD,10,MATCH(L$9,[14]CRONO!$10:$10,0)),13,0)="x",$F13,"ERRO")))) -> #VALUE! | M13: =IF(M$9="","",IF($E13="","",IF(OFFSET(INDEX([14]CRONO!$A:$AD,10,MATCH(M$9,[14]CRONO!$10:$10,0)),13,0)=0,"",IF(OFFSET(INDEX([14]CRONO!$A:$AD,10,MATCH(M$9,[14]CRONO!$10:$10,0)),13,0)="x",$F13,"ERRO")))) -> #VALUE! | N13: =IF(N$9="","",IF($E13="","",IF(OFFSET(INDEX([14]CRONO!$A:$AD,10,MATCH(N$9,[14]CRONO!$10:$10,0)),13,0)=0,"",IF(OFFSET(INDEX([14]CRONO!$A:$AD,10,MATCH(N$9,[14]CRONO!$10:$10,0)),13,0)="x",$F13,"ERRO")))) -> #VALUE! | ... Z13: =IF(Z$9="","",IF($E13="","",IF(OFFSET(INDEX([14]CRONO!$A:$AD,10,MATCH(Z$9,[14]CRONO!$10:$10,0)),13,0)=0,"",IF(OFFSET(INDEX([14]CRONO!$A:$AD,10,MATCH(Z$9,[14]CRONO!$10:$10,0)),13,0)="x",$F13,"ERRO")))) -> #VALUE! | AA13: 1 | AB13: =IF(AB$9="","",IF($E13="","",IF(OFFSET(INDEX([14]CRONO!$A:$AD,10,MATCH(AB$9,[14]CRONO!$10:$10,0)),13,0)=0,"",IF(OFFSET(INDEX([14]CRONO!$A:$AD,10,MATCH(AB$9,[14]CRONO!$10:$10,0)),13,0)="x",$F13,"ERRO")))) -> #VALUE! | AC13: =IF(AC$9="","",IF($E13="","",IF(OFFSET(INDEX([14]CRONO!$A:$AD,10,MATCH(AC$9,[14]CRONO!$10:$10,0)),13,0)=0,"",IF(OFFSET(INDEX([14]CRONO!$A:$AD,10,MATCH(AC$9,[14]CRONO!$10:$10,0)),13,0)="x",$F13,"ERRO")))) -> #VALUE! | AD13: =IF(AD$9="","",IF($E13="","",IF(OFFSET(INDEX([14]CRONO!$A:$AD,10,MATCH(AD$9,[14]CRONO!$10:$10,0)),13,0)=0,"",IF(OFFSET(INDEX([14]CRONO!$A:$AD,10,MATCH(AD$9,[14]CRONO!$10:$10,0)),13,0)="x",$F13,"ERRO")))) -> #VALUE!
C14: =IF("IH"=LEFT('[14]ABC INS.'!B8,2),'[14]ABC INS.'!B8,"") -> IH9852 | D14: =IF($C14="","",INDEX('[14]ABC INS.'!$B:$J,MATCH($C14,'[14]ABC INS.'!$B:$B,0),8)) -> BLASTER | E14: =IF($C14="","",INDEX('[14]ABC INS.'!$B:$J,MATCH($C14,'[14]ABC INS.'!$H:$H,0),9)) -> 1256.96 | F14: =IF($E14="","",ROUNDUP($E14/(182.49*(COUNTIF([14]CRONO!$23:$23,"x"))),0)) -> 1 | G14: =IF(G$9="","",IF($E14="","",IF(OFFSET(INDEX([14]CRONO!$A:$AD,10,MATCH(G$9,[14]CRONO!$10:$10,0)),13,0)=0,"",IF(OFFSET(INDEX([14]CRONO!$A:$AD,10,MATCH(G$9,[14]CRONO!$10:$10,0)),13,0)="x",$F14,"ERRO")))) -> #VALUE! | H14: =IF(H$9="","",IF($E14="","",IF(OFFSET(INDEX([14]CRONO!$A:$AD,10,MATCH(H$9,[14]CRONO!$10:$10,0)),13,0)=0,"",IF(OFFSET(INDEX([14]CRONO!$A:$AD,10,MATCH(H$9,[14]CRONO!$10:$10,0)),13,0)="x",$F14,"ERRO")))) -> #VALUE! | I14: =IF(I$9="","",IF($E14="","",IF(OFFSET(INDEX([14]CRONO!$A:$AD,10,MATCH(I$9,[14]CRONO!$10:$10,0)),13,0)=0,"",IF(OFFSET(INDEX([14]CRONO!$A:$AD,10,MATCH(I$9,[14]CRONO!$10:$10,0)),13,0)="x",$F14,"ERRO")))) -> #VALUE! | J14: =IF(J$9="","",IF($E14="","",IF(OFFSET(INDEX([14]CRONO!$A:$AD,10,MATCH(J$9,[14]CRONO!$10:$10,0)),13,0)=0,"",IF(OFFSET(INDEX([14]CRONO!$A:$AD,10,MATCH(J$9,[14]CRONO!$10:$10,0)),13,0)="x",$F14,"ERRO")))) -> #VALUE! | K14: =IF(K$9="","",IF($E14="","",IF(OFFSET(INDEX([14]CRONO!$A:$AD,10,MATCH(K$9,[14]CRONO!$10:$10,0)),13,0)=0,"",IF(OFFSET(INDEX([14]CRONO!$A:$AD,10,MATCH(K$9,[14]CRONO!$10:$10,0)),13,0)="x",$F14,"ERRO")))) -> #VALUE! | L14: =IF(L$9="","",IF($E14="","",IF(OFFSET(INDEX([14]CRONO!$A:$AD,10,MATCH(L$9,[14]CRONO!$10:$10,0)),13,0)=0,"",IF(OFFSET(INDEX([14]CRONO!$A:$AD,10,MATCH(L$9,[14]CRONO!$10:$10,0)),13,0)="x",$F14,"ERRO")))) -> #VALUE! | M14: =IF(M$9="","",IF($E14="","",IF(OFFSET(INDEX([14]CRONO!$A:$AD,10,MATCH(M$9,[14]CRONO!$10:$10,0)),13,0)=0,"",IF(OFFSET(INDEX([14]CRONO!$A:$AD,10,MATCH(M$9,[14]CRONO!$10:$10,0)),13,0)="x",$F14,"ERRO")))) -> #VALUE! | N14: =IF(N$9="","",IF($E14="","",IF(OFFSET(INDEX([14]CRONO!$A:$AD,10,MATCH(N$9,[14]CRONO!$10:$10,0)),13,0)=0,"",IF(OFFSET(INDEX([14]CRONO!$A:$AD,10,MATCH(N$9,[14]CRONO!$10:$10,0)),13,0)="x",$F14,"ERRO")))) -> #VALUE! | ... Z14: =IF(Z$9="","",IF($E14="","",IF(OFFSET(INDEX([14]CRONO!$A:$AD,10,MATCH(Z$9,[14]CRONO!$10:$10,0)),13,0)=0,"",IF(OFFSET(INDEX([14]CRONO!$A:$AD,10,MATCH(Z$9,[14]CRONO!$10:$10,0)),13,0)="x",$F14,"ERRO")))) -> #VALUE! | AA14: 1 | AB14: =IF(AB$9="","",IF($E14="","",IF(OFFSET(INDEX([14]CRONO!$A:$AD,10,MATCH(AB$9,[14]CRONO!$10:$10,0)),13,0)=0,"",IF(OFFSET(INDEX([14]CRONO!$A:$AD,10,MATCH(AB$9,[14]CRONO!$10:$10,0)),13,0)="x",$F14,"ERRO")))) -> #VALUE! | AC14: =IF(AC$9="","",IF($E14="","",IF(OFFSET(INDEX([14]CRONO!$A:$AD,10,MATCH(AC$9,[14]CRONO!$10:$10,0)),13,0)=0,"",IF(OFFSET(INDEX([14]CRONO!$A:$AD,10,MATCH(AC$9,[14]CRONO!$10:$10,0)),13,0)="x",$F14,"ERRO")))) -> #VALUE! | AD14: =IF(AD$9="","",IF($E14="","",IF(OFFSET(INDEX([14]CRONO!$A:$AD,10,MATCH(AD$9,[14]CRONO!$10:$10,0)),13,0)=0,"",IF(OFFSET(INDEX([14]CRONO!$A:$AD,10,MATCH(AD$9,[14]CRONO!$10:$10,0)),13,0)="x",$F14,"ERRO")))) -> #VALUE!
C15: =IF(D15<>"","5.","") -> 5. | D15: =IFERROR(INDEX([14]COMPOR!$A:$J,MATCH("5.",[14]COMPOR!$I:$I,0),10),"") -> PAVIMENTAÇÃO
C16: =IF("IH"=LEFT('[14]ABC INS.'!K6,2),'[14]ABC INS.'!K6,"") -> IH9824 | D16: =IF($C16="","",INDEX('[14]ABC INS.'!$K:$S,MATCH($C16,'[14]ABC INS.'!$K:$K,0),8)) -> SERVENTE | E16: =IF($C16="","",INDEX('[14]ABC INS.'!$K:$S,MATCH($C16,'[14]ABC INS.'!$K:$K,0),9)) -> 17427.7 | F16: =IF($E16="","",ROUNDUP($E16/(182.49*(COUNTIF([14]CRONO!$26:$26,"x"))),0)) -> 5 | G16: =IF(G$9="","",IF($E16="","",IF(OFFSET(INDEX([14]CRONO!$A:$AD,10,MATCH(G$9,[14]CRONO!$10:$10,0)),13,0)=0,"",IF(OFFSET(INDEX([14]CRONO!$A:$AD,10,MATCH(G$9,[14]CRONO!$10:$10,0)),13,0)="x",$F16,"ERRO")))) -> #VALUE! | H16: =IF(H$9="","",IF($E16="","",IF(OFFSET(INDEX([14]CRONO!$A:$AD,10,MATCH(H$9,[14]CRONO!$10:$10,0)),13,0)=0,"",IF(OFFSET(INDEX([14]CRONO!$A:$AD,10,MATCH(H$9,[14]CRONO!$10:$10,0)),13,0)="x",$F16,"ERRO")))) -> #VALUE! | I16: =IF(I$9="","",IF($E16="","",IF(OFFSET(INDEX([14]CRONO!$A:$AD,10,MATCH(I$9,[14]CRONO!$10:$10,0)),13,0)=0,"",IF(OFFSET(INDEX([14]CRONO!$A:$AD,10,MATCH(I$9,[14]CRONO!$10:$10,0)),13,0)="x",$F16,"ERRO")))) -> #VALUE! | J16: =IF(J$9="","",IF($E16="","",IF(OFFSET(INDEX([14]CRONO!$A:$AD,10,MATCH(J$9,[14]CRONO!$10:$10,0)),13,0)=0,"",IF(OFFSET(INDEX([14]CRONO!$A:$AD,10,MATCH(J$9,[14]CRONO!$10:$10,0)),13,0)="x",$F16,"ERRO")))) -> #VALUE! | K16: =IF(K$9="","",IF($E16="","",IF(OFFSET(INDEX([14]CRONO!$A:$AD,10,MATCH(K$9,[14]CRONO!$10:$10,0)),13,0)=0,"",IF(OFFSET(INDEX([14]CRONO!$A:$AD,10,MATCH(K$9,[14]CRONO!$10:$10,0)),13,0)="x",$F16,"ERRO")))) -> #VALUE! | L16: =IF(L$9="","",IF($E16="","",IF(OFFSET(INDEX([14]CRONO!$A:$AD,10,MATCH(L$9,[14]CRONO!$10:$10,0)),13,0)=0,"",IF(OFFSET(INDEX([14]CRONO!$A:$AD,10,MATCH(L$9,[14]CRONO!$10:$10,0)),13,0)="x",$F16,"ERRO")))) -> #VALUE! | M16: =IF(M$9="","",IF($E16="","",IF(OFFSET(INDEX([14]CRONO!$A:$AD,10,MATCH(M$9,[14]CRONO!$10:$10,0)),13,0)=0,"",IF(OFFSET(INDEX([14]CRONO!$A:$AD,10,MATCH(M$9,[14]CRONO!$10:$10,0)),13,0)="x",$F16,"ERRO")))) -> #VALUE! | N16: =IF(N$9="","",IF($E16="","",IF(OFFSET(INDEX([14]CRONO!$A:$AD,10,MATCH(N$9,[14]CRONO!$10:$10,0)),13,0)=0,"",IF(OFFSET(INDEX([14]CRONO!$A:$AD,10,MATCH(N$9,[14]CRONO!$10:$10,0)),13,0)="x",$F16,"ERRO")))) -> #VALUE! | ... Z16: =IF(Z$9="","",IF($E16="","",IF(OFFSET(INDEX([14]CRONO!$A:$AD,10,MATCH(Z$9,[14]CRONO!$10:$10,0)),13,0)=0,"",IF(OFFSET(INDEX([14]CRONO!$A:$AD,10,MATCH(Z$9,[14]CRONO!$10:$10,0)),13,0)="x",$F16,"ERRO")))) -> #VALUE! | AA16: 5 | AB16: 5 | AC16: 5 | AD16: =IF(AD$9="","",IF($E16="","",IF(OFFSET(INDEX([14]CRONO!$A:$AD,10,MATCH(AD$9,[14]CRONO!$10:$10,0)),13,0)=0,"",IF(OFFSET(INDEX([14]CRONO!$A:$AD,10,MATCH(AD$9,[14]CRONO!$10:$10,0)),13,0)="x",$F16,"ERRO")))) -> #VALUE!
C17: =IF("IH"=LEFT('[14]ABC INS.'!K7,2),'[14]ABC INS.'!K7,"") -> IH9821 | D17: =IF($C17="","",INDEX('[14]ABC INS.'!$K:$S,MATCH($C17,'[14]ABC INS.'!$K:$K,0),8)) -> PEDREIRO | E17: =IF($C17="","",INDEX('[14]ABC INS.'!$K:$S,MATCH($C17,'[14]ABC INS.'!$K:$K,0),9)) -> 2377.77 | F17: =IF($E17="","",ROUNDUP($E17/(182.49*(COUNTIF([14]CRONO!$26:$26,"x"))),0)) -> 1 | G17: =IF(G$9="","",IF($E17="","",IF(OFFSET(INDEX([14]CRONO!$A:$AD,10,MATCH(G$9,[14]CRONO!$10:$10,0)),13,0)=0,"",IF(OFFSET(INDEX([14]CRONO!$A:$AD,10,MATCH(G$9,[14]CRONO!$10:$10,0)),13,0)="x",$F17,"ERRO")))) -> #VALUE! | H17: =IF(H$9="","",IF($E17="","",IF(OFFSET(INDEX([14]CRONO!$A:$AD,10,MATCH(H$9,[14]CRONO!$10:$10,0)),13,0)=0,"",IF(OFFSET(INDEX([14]CRONO!$A:$AD,10,MATCH(H$9,[14]CRONO!$10:$10,0)),13,0)="x",$F17,"ERRO")))) -> #VALUE! | I17: =IF(I$9="","",IF($E17="","",IF(OFFSET(INDEX([14]CRONO!$A:$AD,10,MATCH(I$9,[14]CRONO!$10:$10,0)),13,0)=0,"",IF(OFFSET(INDEX([14]CRONO!$A:$AD,10,MATCH(I$9,[14]CRONO!$10:$10,0)),13,0)="x",$F17,"ERRO")))) -> #VALUE! | J17: =IF(J$9="","",IF($E17="","",IF(OFFSET(INDEX([14]CRONO!$A:$AD,10,MATCH(J$9,[14]CRONO!$10:$10,0)),13,0)=0,"",IF(OFFSET(INDEX([14]CRONO!$A:$AD,10,MATCH(J$9,[14]CRONO!$10:$10,0)),13,0)="x",$F17,"ERRO")))) -> #VALUE! | K17: =IF(K$9="","",IF($E17="","",IF(OFFSET(INDEX([14]CRONO!$A:$AD,10,MATCH(K$9,[14]CRONO!$10:$10,0)),13,0)=0,"",IF(OFFSET(INDEX([14]CRONO!$A:$AD,10,MATCH(K$9,[14]CRONO!$10:$10,0)),13,0)="x",$F17,"ERRO")))) -> #VALUE! | L17: =IF(L$9="","",IF($E17="","",IF(OFFSET(INDEX([14]CRONO!$A:$AD,10,MATCH(L$9,[14]CRONO!$10:$10,0)),13,0)=0,"",IF(OFFSET(INDEX([14]CRONO!$A:$AD,10,MATCH(L$9,[14]CRONO!$10:$10,0)),13,0)="x",$F17,"ERRO")))) -> #VALUE! | M17: =IF(M$9="","",IF($E17="","",IF(OFFSET(INDEX([14]CRONO!$A:$AD,10,MATCH(M$9,[14]CRONO!$10:$10,0)),13,0)=0,"",IF(OFFSET(INDEX([14]CRONO!$A:$AD,10,MATCH(M$9,[14]CRONO!$10:$10,0)),13,0)="x",$F17,"ERRO")))) -> #VALUE! | N17: =IF(N$9="","",IF($E17="","",IF(OFFSET(INDEX([14]CRONO!$A:$AD,10,MATCH(N$9,[14]CRONO!$10:$10,0)),13,0)=0,"",IF(OFFSET(INDEX([14]CRONO!$A:$AD,10,MATCH(N$9,[14]CRONO!$10:$10,0)),13,0)="x",$F17,"ERRO")))) -> #VALUE! | ... Z17: =IF(Z$9="","",IF($E17="","",IF(OFFSET(INDEX([14]CRONO!$A:$AD,10,MATCH(Z$9,[14]CRONO!$10:$10,0)),13,0)=0,"",IF(OFFSET(INDEX([14]CRONO!$A:$AD,10,MATCH(Z$9,[14]CRONO!$10:$10,0)),13,0)="x",$F17,"ERRO")))) -> #VALUE! | AA17: 1 | AB17: 1 | AC17: 1 | AD17: =IF(AD$9="","",IF($E17="","",IF(OFFSET(INDEX([14]CRONO!$A:$AD,10,MATCH(AD$9,[14]CRONO!$10:$10,0)),13,0)=0,"",IF(OFFSET(INDEX([14]CRONO!$A:$AD,10,MATCH(AD$9,[14]CRONO!$10:$10,0)),13,0)="x",$F17,"ERRO")))) -> #VALUE!
C18: =IF("IH"=LEFT('[14]ABC INS.'!K8,2),'[14]ABC INS.'!K8,"") -> IH9805 | D18: =IF($C18="","",INDEX('[14]ABC INS.'!$K:$S,MATCH($C18,'[14]ABC INS.'!$K:$K,0),8)) -> ARMADOR | E18: =IF($C18="","",INDEX('[14]ABC INS.'!$K:$S,MATCH($C18,'[14]ABC INS.'!$K:$K,0),9)) -> 594.44 | F18: =IF($E18="","",ROUNDUP($E18/(182.49*(COUNTIF([14]CRONO!$26:$26,"x"))),0)) -> 1 | G18: =IF(G$9="","",IF($E18="","",IF(OFFSET(INDEX([14]CRONO!$A:$AD,10,MATCH(G$9,[14]CRONO!$10:$10,0)),13,0)=0,"",IF(OFFSET(INDEX([14]CRONO!$A:$AD,10,MATCH(G$9,[14]CRONO!$10:$10,0)),13,0)="x",$F18,"ERRO")))) -> #VALUE! | H18: =IF(H$9="","",IF($E18="","",IF(OFFSET(INDEX([14]CRONO!$A:$AD,10,MATCH(H$9,[14]CRONO!$10:$10,0)),13,0)=0,"",IF(OFFSET(INDEX([14]CRONO!$A:$AD,10,MATCH(H$9,[14]CRONO!$10:$10,0)),13,0)="x",$F18,"ERRO")))) -> #VALUE! | I18: =IF(I$9="","",IF($E18="","",IF(OFFSET(INDEX([14]CRONO!$A:$AD,10,MATCH(I$9,[14]CRONO!$10:$10,0)),13,0)=0,"",IF(OFFSET(INDEX([14]CRONO!$A:$AD,10,MATCH(I$9,[14]CRONO!$10:$10,0)),13,0)="x",$F18,"ERRO")))) -> #VALUE! | J18: =IF(J$9="","",IF($E18="","",IF(OFFSET(INDEX([14]CRONO!$A:$AD,10,MATCH(J$9,[14]CRONO!$10:$10,0)),13,0)=0,"",IF(OFFSET(INDEX([14]CRONO!$A:$AD,10,MATCH(J$9,[14]CRONO!$10:$10,0)),13,0)="x",$F18,"ERRO")))) -> #VALUE! | K18: =IF(K$9="","",IF($E18="","",IF(OFFSET(INDEX([14]CRONO!$A:$AD,10,MATCH(K$9,[14]CRONO!$10:$10,0)),13,0)=0,"",IF(OFFSET(INDEX([14]CRONO!$A:$AD,10,MATCH(K$9,[14]CRONO!$10:$10,0)),13,0)="x",$F18,"ERRO")))) -> #VALUE! | L18: =IF(L$9="","",IF($E18="","",IF(OFFSET(INDEX([14]CRONO!$A:$AD,10,MATCH(L$9,[14]CRONO!$10:$10,0)),13,0)=0,"",IF(OFFSET(INDEX([14]CRONO!$A:$AD,10,MATCH(L$9,[14]CRONO!$10:$10,0)),13,0)="x",$F18,"ERRO")))) -> #VALUE! | M18: =IF(M$9="","",IF($E18="","",IF(OFFSET(INDEX([14]CRONO!$A:$AD,10,MATCH(M$9,[14]CRONO!$10:$10,0)),13,0)=0,"",IF(OFFSET(INDEX([14]CRONO!$A:$AD,10,MATCH(M$9,[14]CRONO!$10:$10,0)),13,0)="x",$F18,"ERRO")))) -> #VALUE! | N18: =IF(N$9="","",IF($E18="","",IF(OFFSET(INDEX([14]CRONO!$A:$AD,10,MATCH(N$9,[14]CRONO!$10:$10,0)),13,0)=0,"",IF(OFFSET(INDEX([14]CRONO!$A:$AD,10,MATCH(N$9,[14]CRONO!$10:$10,0)),13,0)="x",$F18,"ERRO")))) -> #VALUE! | ... Z18: =IF(Z$9="","",IF($E18="","",IF(OFFSET(INDEX([14]CRONO!$A:$AD,10,MATCH(Z$9,[14]CRONO!$10:$10,0)),13,0)=0,"",IF(OFFSET(INDEX([14]CRONO!$A:$AD,10,MATCH(Z$9,[14]CRONO!$10:$10,0)),13,0)="x",$F18,"ERRO")))) -> #VALUE! | AA18: 1 | AB18: 1 | AC18: 1 | AD18: =IF(AD$9="","",IF($E18="","",IF(OFFSET(INDEX([14]CRONO!$A:$AD,10,MATCH(AD$9,[14]CRONO!$10:$10,0)),13,0)=0,"",IF(OFFSET(INDEX([14]CRONO!$A:$AD,10,MATCH(AD$9,[14]CRONO!$10:$10,0)),13,0)="x",$F18,"ERRO")))) -> #VALUE!
C19: =IF("IH"=LEFT('[14]ABC INS.'!K9,2),'[14]ABC INS.'!K9,"") -> IH9801 | D19: =IF($C19="","",INDEX('[14]ABC INS.'!$K:$S,MATCH($C19,'[14]ABC INS.'!$K:$K,0),8)) -> AJUDANTE | E19: =IF($C19="","",INDEX('[14]ABC INS.'!$K:$S,MATCH($C19,'[14]ABC INS.'!$K:$K,0),9)) -> 594.44 | F19: =IF($E19="","",ROUNDUP($E19/(182.49*(COUNTIF([14]CRONO!$26:$26,"x"))),0)) -> 1 | G19: =IF(G$9="","",IF($E19="","",IF(OFFSET(INDEX([14]CRONO!$A:$AD,10,MATCH(G$9,[14]CRONO!$10:$10,0)),13,0)=0,"",IF(OFFSET(INDEX([14]CRONO!$A:$AD,10,MATCH(G$9,[14]CRONO!$10:$10,0)),13,0)="x",$F19,"ERRO")))) -> #VALUE! | H19: =IF(H$9="","",IF($E19="","",IF(OFFSET(INDEX([14]CRONO!$A:$AD,10,MATCH(H$9,[14]CRONO!$10:$10,0)),13,0)=0,"",IF(OFFSET(INDEX([14]CRONO!$A:$AD,10,MATCH(H$9,[14]CRONO!$10:$10,0)),13,0)="x",$F19,"ERRO")))) -> #VALUE! | I19: =IF(I$9="","",IF($E19="","",IF(OFFSET(INDEX([14]CRONO!$A:$AD,10,MATCH(I$9,[14]CRONO!$10:$10,0)),13,0)=0,"",IF(OFFSET(INDEX([14]CRONO!$A:$AD,10,MATCH(I$9,[14]CRONO!$10:$10,0)),13,0)="x",$F19,"ERRO")))) -> #VALUE! | J19: =IF(J$9="","",IF($E19="","",IF(OFFSET(INDEX([14]CRONO!$A:$AD,10,MATCH(J$9,[14]CRONO!$10:$10,0)),13,0)=0,"",IF(OFFSET(INDEX([14]CRONO!$A:$AD,10,MATCH(J$9,[14]CRONO!$10:$10,0)),13,0)="x",$F19,"ERRO")))) -> #VALUE! | K19: =IF(K$9="","",IF($E19="","",IF(OFFSET(INDEX([14]CRONO!$A:$AD,10,MATCH(K$9,[14]CRONO!$10:$10,0)),13,0)=0,"",IF(OFFSET(INDEX([14]CRONO!$A:$AD,10,MATCH(K$9,[14]CRONO!$10:$10,0)),13,0)="x",$F19,"ERRO")))) -> #VALUE! | L19: =IF(L$9="","",IF($E19="","",IF(OFFSET(INDEX([14]CRONO!$A:$AD,10,MATCH(L$9,[14]CRONO!$10:$10,0)),13,0)=0,"",IF(OFFSET(INDEX([14]CRONO!$A:$AD,10,MATCH(L$9,[14]CRONO!$10:$10,0)),13,0)="x",$F19,"ERRO")))) -> #VALUE! | M19: =IF(M$9="","",IF($E19="","",IF(OFFSET(INDEX([14]CRONO!$A:$AD,10,MATCH(M$9,[14]CRONO!$10:$10,0)),13,0)=0,"",IF(OFFSET(INDEX([14]CRONO!$A:$AD,10,MATCH(M$9,[14]CRONO!$10:$10,0)),13,0)="x",$F19,"ERRO")))) -> #VALUE! | N19: =IF(N$9="","",IF($E19="","",IF(OFFSET(INDEX([14]CRONO!$A:$AD,10,MATCH(N$9,[14]CRONO!$10:$10,0)),13,0)=0,"",IF(OFFSET(INDEX([14]CRONO!$A:$AD,10,MATCH(N$9,[14]CRONO!$10:$10,0)),13,0)="x",$F19,"ERRO")))) -> #VALUE! | ... Z19: =IF(Z$9="","",IF($E19="","",IF(OFFSET(INDEX([14]CRONO!$A:$AD,10,MATCH(Z$9,[14]CRONO!$10:$10,0)),13,0)=0,"",IF(OFFSET(INDEX([14]CRONO!$A:$AD,10,MATCH(Z$9,[14]CRONO!$10:$10,0)),13,0)="x",$F19,"ERRO")))) -> #VALUE! | AA19: 1 | AB19: 1 | AC19: 1 | AD19: =IF(AD$9="","",IF($E19="","",IF(OFFSET(INDEX([14]CRONO!$A:$AD,10,MATCH(AD$9,[14]CRONO!$10:$10,0)),13,0)=0,"",IF(OFFSET(INDEX([14]CRONO!$A:$AD,10,MATCH(AD$9,[14]CRONO!$10:$10,0)),13,0)="x",$F19,"ERRO")))) -> #VALUE!
C20: =IF(D20<>"","6.","") -> 6. | D20: =IFERROR(INDEX([14]COMPOR!$A:$J,MATCH("6.",[14]COMPOR!$I:$I,0),10),"") -> DRENAGEM E OAC
C21: =IF("IH"=LEFT('[14]ABC INS.'!T6,2),'[14]ABC INS.'!T6,"") -> IH9824 | D21: =IF($C21="","",INDEX('[14]ABC INS.'!$T:$AB,MATCH($C21,'[14]ABC INS.'!$Z:$Z,0),8)) -> SERVENTE | E21: =IF($C21="","",INDEX('[14]ABC INS.'!$T:$AB,MATCH($C21,'[14]ABC INS.'!$Z:$Z,0),9)) -> 59544.85 | F21: =IF($E21="","",ROUNDUP($E21/(182.49*(COUNTIF([14]CRONO!$30:$30,"x"))),0)) -> 17 | G21: =IF(G$9="","",IF($E21="","",IF(OFFSET(INDEX([14]CRONO!$A:$AD,10,MATCH(G$9,[14]CRONO!$10:$10,0)),13,0)=0,"",IF(OFFSET(INDEX([14]CRONO!$A:$AD,10,MATCH(G$9,[14]CRONO!$10:$10,0)),13,0)="x",$F21,"ERRO")))) -> #VALUE! | H21: =IF(H$9="","",IF($E21="","",IF(OFFSET(INDEX([14]CRONO!$A:$AD,10,MATCH(H$9,[14]CRONO!$10:$10,0)),13,0)=0,"",IF(OFFSET(INDEX([14]CRONO!$A:$AD,10,MATCH(H$9,[14]CRONO!$10:$10,0)),13,0)="x",$F21,"ERRO")))) -> #VALUE! | I21: =IF(I$9="","",IF($E21="","",IF(OFFSET(INDEX([14]CRONO!$A:$AD,10,MATCH(I$9,[14]CRONO!$10:$10,0)),13,0)=0,"",IF(OFFSET(INDEX([14]CRONO!$A:$AD,10,MATCH(I$9,[14]CRONO!$10:$10,0)),13,0)="x",$F21,"ERRO")))) -> #VALUE! | J21: =IF(J$9="","",IF($E21="","",IF(OFFSET(INDEX([14]CRONO!$A:$AD,10,MATCH(J$9,[14]CRONO!$10:$10,0)),13,0)=0,"",IF(OFFSET(INDEX([14]CRONO!$A:$AD,10,MATCH(J$9,[14]CRONO!$10:$10,0)),13,0)="x",$F21,"ERRO")))) -> #VALUE! | K21: =IF(K$9="","",IF($E21="","",IF(OFFSET(INDEX([14]CRONO!$A:$AD,10,MATCH(K$9,[14]CRONO!$10:$10,0)),13,0)=0,"",IF(OFFSET(INDEX([14]CRONO!$A:$AD,10,MATCH(K$9,[14]CRONO!$10:$10,0)),13,0)="x",$F21,"ERRO")))) -> #VALUE! | L21: =IF(L$9="","",IF($E21="","",IF(OFFSET(INDEX([14]CRONO!$A:$AD,10,MATCH(L$9,[14]CRONO!$10:$10,0)),13,0)=0,"",IF(OFFSET(INDEX([14]CRONO!$A:$AD,10,MATCH(L$9,[14]CRONO!$10:$10,0)),13,0)="x",$F21,"ERRO")))) -> #VALUE! | M21: =IF(M$9="","",IF($E21="","",IF(OFFSET(INDEX([14]CRONO!$A:$AD,10,MATCH(M$9,[14]CRONO!$10:$10,0)),13,0)=0,"",IF(OFFSET(INDEX([14]CRONO!$A:$AD,10,MATCH(M$9,[14]CRONO!$10:$10,0)),13,0)="x",$F21,"ERRO")))) -> #VALUE! | N21: =IF(N$9="","",IF($E21="","",IF(OFFSET(INDEX([14]CRONO!$A:$AD,10,MATCH(N$9,[14]CRONO!$10:$10,0)),13,0)=0,"",IF(OFFSET(INDEX([14]CRONO!$A:$AD,10,MATCH(N$9,[14]CRONO!$10:$10,0)),13,0)="x",$F21,"ERRO")))) -> #VALUE! | ... Z21: =IF(Z$9="","",IF($E21="","",IF(OFFSET(INDEX([14]CRONO!$A:$AD,10,MATCH(Z$9,[14]CRONO!$10:$10,0)),13,0)=0,"",IF(OFFSET(INDEX([14]CRONO!$A:$AD,10,MATCH(Z$9,[14]CRONO!$10:$10,0)),13,0)="x",$F21,"ERRO")))) -> #VALUE! | AA21: 17 | AB21: 17 | AC21: =IF(AC$9="","",IF($E21="","",IF(OFFSET(INDEX([14]CRONO!$A:$AD,10,MATCH(AC$9,[14]CRONO!$10:$10,0)),13,0)=0,"",IF(OFFSET(INDEX([14]CRONO!$A:$AD,10,MATCH(AC$9,[14]CRONO!$10:$10,0)),13,0)="x",$F21,"ERRO")))) -> #VALUE! | AD21: =IF(AD$9="","",IF($E21="","",IF(OFFSET(INDEX([14]CRONO!$A:$AD,10,MATCH(AD$9,[14]CRONO!$10:$10,0)),13,0)=0,"",IF(OFFSET(INDEX([14]CRONO!$A:$AD,10,MATCH(AD$9,[14]CRONO!$10:$10,0)),13,0)="x",$F21,"ERRO")))) -> #VALUE!
C22: =IF("IH"=LEFT('[14]ABC INS.'!T7,2),'[14]ABC INS.'!T7,"") -> IH9808 | D22: =IF($C22="","",INDEX('[14]ABC INS.'!$T:$AB,MATCH($C22,'[14]ABC INS.'!$Z:$Z,0),8)) -> CARPINTEIRO | E22: =IF($C22="","",INDEX('[14]ABC INS.'!$T:$AB,MATCH($C22,'[14]ABC INS.'!$Z:$Z,0),9)) -> 45897.59 | F22: =IF($E22="","",ROUNDUP($E22/(182.49*(COUNTIF([14]CRONO!$30:$30,"x"))),0)) -> 13 | G22: =IF(G$9="","",IF($E22="","",IF(OFFSET(INDEX([14]CRONO!$A:$AD,10,MATCH(G$9,[14]CRONO!$10:$10,0)),13,0)=0,"",IF(OFFSET(INDEX([14]CRONO!$A:$AD,10,MATCH(G$9,[14]CRONO!$10:$10,0)),13,0)="x",$F22,"ERRO")))) -> #VALUE! | H22: =IF(H$9="","",IF($E22="","",IF(OFFSET(INDEX([14]CRONO!$A:$AD,10,MATCH(H$9,[14]CRONO!$10:$10,0)),13,0)=0,"",IF(OFFSET(INDEX([14]CRONO!$A:$AD,10,MATCH(H$9,[14]CRONO!$10:$10,0)),13,0)="x",$F22,"ERRO")))) -> #VALUE! | I22: =IF(I$9="","",IF($E22="","",IF(OFFSET(INDEX([14]CRONO!$A:$AD,10,MATCH(I$9,[14]CRONO!$10:$10,0)),13,0)=0,"",IF(OFFSET(INDEX([14]CRONO!$A:$AD,10,MATCH(I$9,[14]CRONO!$10:$10,0)),13,0)="x",$F22,"ERRO")))) -> #VALUE! | J22: =IF(J$9="","",IF($E22="","",IF(OFFSET(INDEX([14]CRONO!$A:$AD,10,MATCH(J$9,[14]CRONO!$10:$10,0)),13,0)=0,"",IF(OFFSET(INDEX([14]CRONO!$A:$AD,10,MATCH(J$9,[14]CRONO!$10:$10,0)),13,0)="x",$F22,"ERRO")))) -> #VALUE! | K22: =IF(K$9="","",IF($E22="","",IF(OFFSET(INDEX([14]CRONO!$A:$AD,10,MATCH(K$9,[14]CRONO!$10:$10,0)),13,0)=0,"",IF(OFFSET(INDEX([14]CRONO!$A:$AD,10,MATCH(K$9,[14]CRONO!$10:$10,0)),13,0)="x",$F22,"ERRO")))) -> #VALUE! | L22: =IF(L$9="","",IF($E22="","",IF(OFFSET(INDEX([14]CRONO!$A:$AD,10,MATCH(L$9,[14]CRONO!$10:$10,0)),13,0)=0,"",IF(OFFSET(INDEX([14]CRONO!$A:$AD,10,MATCH(L$9,[14]CRONO!$10:$10,0)),13,0)="x",$F22,"ERRO")))) -> #VALUE! | M22: =IF(M$9="","",IF($E22="","",IF(OFFSET(INDEX([14]CRONO!$A:$AD,10,MATCH(M$9,[14]CRONO!$10:$10,0)),13,0)=0,"",IF(OFFSET(INDEX([14]CRONO!$A:$AD,10,MATCH(M$9,[14]CRONO!$10:$10,0)),13,0)="x",$F22,"ERRO")))) -> #VALUE! | N22: =IF(N$9="","",IF($E22="","",IF(OFFSET(INDEX([14]CRONO!$A:$AD,10,MATCH(N$9,[14]CRONO!$10:$10,0)),13,0)=0,"",IF(OFFSET(INDEX([14]CRONO!$A:$AD,10,MATCH(N$9,[14]CRONO!$10:$10,0)),13,0)="x",$F22,"ERRO")))) -> #VALUE! | ... Z22: =IF(Z$9="","",IF($E22="","",IF(OFFSET(INDEX([14]CRONO!$A:$AD,10,MATCH(Z$9,[14]CRONO!$10:$10,0)),13,0)=0,"",IF(OFFSET(INDEX([14]CRONO!$A:$AD,10,MATCH(Z$9,[14]CRONO!$10:$10,0)),13,0)="x",$F22,"ERRO")))) -> #VALUE! | AA22: 13 | AB22: 13 | AC22: =IF(AC$9="","",IF($E22="","",IF(OFFSET(INDEX([14]CRONO!$A:$AD,10,MATCH(AC$9,[14]CRONO!$10:$10,0)),13,0)=0,"",IF(OFFSET(INDEX([14]CRONO!$A:$AD,10,MATCH(AC$9,[14]CRONO!$10:$10,0)),13,0)="x",$F22,"ERRO")))) -> #VALUE! | AD22: =IF(AD$9="","",IF($E22="","",IF(OFFSET(INDEX([14]CRONO!$A:$AD,10,MATCH(AD$9,[14]CRONO!$10:$10,0)),13,0)=0,"",IF(OFFSET(INDEX([14]CRONO!$A:$AD,10,MATCH(AD$9,[14]CRONO!$10:$10,0)),13,0)="x",$F22,"ERRO")))) -> #VALUE!
C23: =IF("IH"=LEFT('[14]ABC INS.'!T8,2),'[14]ABC INS.'!T8,"") -> IH9801 | D23: =IF($C23="","",INDEX('[14]ABC INS.'!$T:$AB,MATCH($C23,'[14]ABC INS.'!$Z:$Z,0),8)) -> AJUDANTE | E23: =IF($C23="","",INDEX('[14]ABC INS.'!$T:$AB,MATCH($C23,'[14]ABC INS.'!$Z:$Z,0),9)) -> 54522.82 | F23: =IF($E23="","",ROUNDUP($E23/(182.49*(COUNTIF([14]CRONO!$30:$30,"x"))),0)) -> 15 | G23: =IF(G$9="","",IF($E23="","",IF(OFFSET(INDEX([14]CRONO!$A:$AD,10,MATCH(G$9,[14]CRONO!$10:$10,0)),13,0)=0,"",IF(OFFSET(INDEX([14]CRONO!$A:$AD,10,MATCH(G$9,[14]CRONO!$10:$10,0)),13,0)="x",$F23,"ERRO")))) -> #VALUE! | H23: =IF(H$9="","",IF($E23="","",IF(OFFSET(INDEX([14]CRONO!$A:$AD,10,MATCH(H$9,[14]CRONO!$10:$10,0)),13,0)=0,"",IF(OFFSET(INDEX([14]CRONO!$A:$AD,10,MATCH(H$9,[14]CRONO!$10:$10,0)),13,0)="x",$F23,"ERRO")))) -> #VALUE! | I23: =IF(I$9="","",IF($E23="","",IF(OFFSET(INDEX([14]CRONO!$A:$AD,10,MATCH(I$9,[14]CRONO!$10:$10,0)),13,0)=0,"",IF(OFFSET(INDEX([14]CRONO!$A:$AD,10,MATCH(I$9,[14]CRONO!$10:$10,0)),13,0)="x",$F23,"ERRO")))) -> #VALUE! | J23: =IF(J$9="","",IF($E23="","",IF(OFFSET(INDEX([14]CRONO!$A:$AD,10,MATCH(J$9,[14]CRONO!$10:$10,0)),13,0)=0,"",IF(OFFSET(INDEX([14]CRONO!$A:$AD,10,MATCH(J$9,[14]CRONO!$10:$10,0)),13,0)="x",$F23,"ERRO")))) -> #VALUE! | K23: =IF(K$9="","",IF($E23="","",IF(OFFSET(INDEX([14]CRONO!$A:$AD,10,MATCH(K$9,[14]CRONO!$10:$10,0)),13,0)=0,"",IF(OFFSET(INDEX([14]CRONO!$A:$AD,10,MATCH(K$9,[14]CRONO!$10:$10,0)),13,0)="x",$F23,"ERRO")))) -> #VALUE! | L23: =IF(L$9="","",IF($E23="","",IF(OFFSET(INDEX([14]CRONO!$A:$AD,10,MATCH(L$9,[14]CRONO!$10:$10,0)),13,0)=0,"",IF(OFFSET(INDEX([14]CRONO!$A:$AD,10,MATCH(L$9,[14]CRONO!$10:$10,0)),13,0)="x",$F23,"ERRO")))) -> #VALUE! | M23: =IF(M$9="","",IF($E23="","",IF(OFFSET(INDEX([14]CRONO!$A:$AD,10,MATCH(M$9,[14]CRONO!$10:$10,0)),13,0)=0,"",IF(OFFSET(INDEX([14]CRONO!$A:$AD,10,MATCH(M$9,[14]CRONO!$10:$10,0)),13,0)="x",$F23,"ERRO")))) -> #VALUE! | N23: =IF(N$9="","",IF($E23="","",IF(OFFSET(INDEX([14]CRONO!$A:$AD,10,MATCH(N$9,[14]CRONO!$10:$10,0)),13,0)=0,"",IF(OFFSET(INDEX([14]CRONO!$A:$AD,10,MATCH(N$9,[14]CRONO!$10:$10,0)),13,0)="x",$F23,"ERRO")))) -> #VALUE! | ... Z23: =IF(Z$9="","",IF($E23="","",IF(OFFSET(INDEX([14]CRONO!$A:$AD,10,MATCH(Z$9,[14]CRONO!$10:$10,0)),13,0)=0,"",IF(OFFSET(INDEX([14]CRONO!$A:$AD,10,MATCH(Z$9,[14]CRONO!$10:$10,0)),13,0)="x",$F23,"ERRO")))) -> #VALUE! | AA23: 15 | AB23: 15 | AC23: =IF(AC$9="","",IF($E23="","",IF(OFFSET(INDEX([14]CRONO!$A:$AD,10,MATCH(AC$9,[14]CRONO!$10:$10,0)),13,0)=0,"",IF(OFFSET(INDEX([14]CRONO!$A:$AD,10,MATCH(AC$9,[14]CRONO!$10:$10,0)),13,0)="x",$F23,"ERRO")))) -> #VALUE! | AD23: =IF(AD$9="","",IF($E23="","",IF(OFFSET(INDEX([14]CRONO!$A:$AD,10,MATCH(AD$9,[14]CRONO!$10:$10,0)),13,0)=0,"",IF(OFFSET(INDEX([14]CRONO!$A:$AD,10,MATCH(AD$9,[14]CRONO!$10:$10,0)),13,0)="x",$F23,"ERRO")))) -> #VALUE!
C24: =IF("IH"=LEFT('[14]ABC INS.'!T9,2),'[14]ABC INS.'!T9,"") -> IH9805 | D24: =IF($C24="","",INDEX('[14]ABC INS.'!$T:$AB,MATCH($C24,'[14]ABC INS.'!$Z:$Z,0),8)) -> ARMADOR | E24: =IF($C24="","",INDEX('[14]ABC INS.'!$T:$AB,MATCH($C24,'[14]ABC INS.'!$Z:$Z,0),9)) -> 8625.23 | F24: =IF($E24="","",ROUNDUP($E24/(182.49*(COUNTIF([14]CRONO!$30:$30,"x"))),0)) -> 3 | G24: =IF(G$9="","",IF($E24="","",IF(OFFSET(INDEX([14]CRONO!$A:$AD,10,MATCH(G$9,[14]CRONO!$10:$10,0)),13,0)=0,"",IF(OFFSET(INDEX([14]CRONO!$A:$AD,10,MATCH(G$9,[14]CRONO!$10:$10,0)),13,0)="x",$F24,"ERRO")))) -> #VALUE! | H24: =IF(H$9="","",IF($E24="","",IF(OFFSET(INDEX([14]CRONO!$A:$AD,10,MATCH(H$9,[14]CRONO!$10:$10,0)),13,0)=0,"",IF(OFFSET(INDEX([14]CRONO!$A:$AD,10,MATCH(H$9,[14]CRONO!$10:$10,0)),13,0)="x",$F24,"ERRO")))) -> #VALUE! | I24: =IF(I$9="","",IF($E24="","",IF(OFFSET(INDEX([14]CRONO!$A:$AD,10,MATCH(I$9,[14]CRONO!$10:$10,0)),13,0)=0,"",IF(OFFSET(INDEX([14]CRONO!$A:$AD,10,MATCH(I$9,[14]CRONO!$10:$10,0)),13,0)="x",$F24,"ERRO")))) -> #VALUE! | J24: =IF(J$9="","",IF($E24="","",IF(OFFSET(INDEX([14]CRONO!$A:$AD,10,MATCH(J$9,[14]CRONO!$10:$10,0)),13,0)=0,"",IF(OFFSET(INDEX([14]CRONO!$A:$AD,10,MATCH(J$9,[14]CRONO!$10:$10,0)),13,0)="x",$F24,"ERRO")))) -> #VALUE! | K24: =IF(K$9="","",IF($E24="","",IF(OFFSET(INDEX([14]CRONO!$A:$AD,10,MATCH(K$9,[14]CRONO!$10:$10,0)),13,0)=0,"",IF(OFFSET(INDEX([14]CRONO!$A:$AD,10,MATCH(K$9,[14]CRONO!$10:$10,0)),13,0)="x",$F24,"ERRO")))) -> #VALUE! | L24: =IF(L$9="","",IF($E24="","",IF(OFFSET(INDEX([14]CRONO!$A:$AD,10,MATCH(L$9,[14]CRONO!$10:$10,0)),13,0)=0,"",IF(OFFSET(INDEX([14]CRONO!$A:$AD,10,MATCH(L$9,[14]CRONO!$10:$10,0)),13,0)="x",$F24,"ERRO")))) -> #VALUE! | M24: =IF(M$9="","",IF($E24="","",IF(OFFSET(INDEX([14]CRONO!$A:$AD,10,MATCH(M$9,[14]CRONO!$10:$10,0)),13,0)=0,"",IF(OFFSET(INDEX([14]CRONO!$A:$AD,10,MATCH(M$9,[14]CRONO!$10:$10,0)),13,0)="x",$F24,"ERRO")))) -> #VALUE! | N24: =IF(N$9="","",IF($E24="","",IF(OFFSET(INDEX([14]CRONO!$A:$AD,10,MATCH(N$9,[14]CRONO!$10:$10,0)),13,0)=0,"",IF(OFFSET(INDEX([14]CRONO!$A:$AD,10,MATCH(N$9,[14]CRONO!$10:$10,0)),13,0)="x",$F24,"ERRO")))) -> #VALUE! | ... Z24: =IF(Z$9="","",IF($E24="","",IF(OFFSET(INDEX([14]CRONO!$A:$AD,10,MATCH(Z$9,[14]CRONO!$10:$10,0)),13,0)=0,"",IF(OFFSET(INDEX([14]CRONO!$A:$AD,10,MATCH(Z$9,[14]CRONO!$10:$10,0)),13,0)="x",$F24,"ERRO")))) -> #VALUE! | AA24: 3 | AB24: 3 | AC24: =IF(AC$9="","",IF($E24="","",IF(OFFSET(INDEX([14]CRONO!$A:$AD,10,MATCH(AC$9,[14]CRONO!$10:$10,0)),13,0)=0,"",IF(OFFSET(INDEX([14]CRONO!$A:$AD,10,MATCH(AC$9,[14]CRONO!$10:$10,0)),13,0)="x",$F24,"ERRO")))) -> #VALUE! | AD24: =IF(AD$9="","",IF($E24="","",IF(OFFSET(INDEX([14]CRONO!$A:$AD,10,MATCH(AD$9,[14]CRONO!$10:$10,0)),13,0)=0,"",IF(OFFSET(INDEX([14]CRONO!$A:$AD,10,MATCH(AD$9,[14]CRONO!$10:$10,0)),13,0)="x",$F24,"ERRO")))) -> #VALUE!
C25: =IF("IH"=LEFT('[14]ABC INS.'!T10,2),'[14]ABC INS.'!T10,"") -> IH9821 | D25: =IF($C25="","",INDEX('[14]ABC INS.'!$T:$AB,MATCH($C25,'[14]ABC INS.'!$Z:$Z,0),8)) -> PEDREIRO | E25: =IF($C25="","",INDEX('[14]ABC INS.'!$T:$AB,MATCH($C25,'[14]ABC INS.'!$Z:$Z,0),9)) -> 4235.91 | F25: =IF($E25="","",ROUNDUP($E25/(182.49*(COUNTIF([14]CRONO!$30:$30,"x"))),0)) -> 2 | G25: =IF(G$9="","",IF($E25="","",IF(OFFSET(INDEX([14]CRONO!$A:$AD,10,MATCH(G$9,[14]CRONO!$10:$10,0)),13,0)=0,"",IF(OFFSET(INDEX([14]CRONO!$A:$AD,10,MATCH(G$9,[14]CRONO!$10:$10,0)),13,0)="x",$F25,"ERRO")))) -> #VALUE! | H25: =IF(H$9="","",IF($E25="","",IF(OFFSET(INDEX([14]CRONO!$A:$AD,10,MATCH(H$9,[14]CRONO!$10:$10,0)),13,0)=0,"",IF(OFFSET(INDEX([14]CRONO!$A:$AD,10,MATCH(H$9,[14]CRONO!$10:$10,0)),13,0)="x",$F25,"ERRO")))) -> #VALUE! | I25: =IF(I$9="","",IF($E25="","",IF(OFFSET(INDEX([14]CRONO!$A:$AD,10,MATCH(I$9,[14]CRONO!$10:$10,0)),13,0)=0,"",IF(OFFSET(INDEX([14]CRONO!$A:$AD,10,MATCH(I$9,[14]CRONO!$10:$10,0)),13,0)="x",$F25,"ERRO")))) -> #VALUE! | J25: =IF(J$9="","",IF($E25="","",IF(OFFSET(INDEX([14]CRONO!$A:$AD,10,MATCH(J$9,[14]CRONO!$10:$10,0)),13,0)=0,"",IF(OFFSET(INDEX([14]CRONO!$A:$AD,10,MATCH(J$9,[14]CRONO!$10:$10,0)),13,0)="x",$F25,"ERRO")))) -> #VALUE! | K25: =IF(K$9="","",IF($E25="","",IF(OFFSET(INDEX([14]CRONO!$A:$AD,10,MATCH(K$9,[14]CRONO!$10:$10,0)),13,0)=0,"",IF(OFFSET(INDEX([14]CRONO!$A:$AD,10,MATCH(K$9,[14]CRONO!$10:$10,0)),13,0)="x",$F25,"ERRO")))) -> #VALUE! | L25: =IF(L$9="","",IF($E25="","",IF(OFFSET(INDEX([14]CRONO!$A:$AD,10,MATCH(L$9,[14]CRONO!$10:$10,0)),13,0)=0,"",IF(OFFSET(INDEX([14]CRONO!$A:$AD,10,MATCH(L$9,[14]CRONO!$10:$10,0)),13,0)="x",$F25,"ERRO")))) -> #VALUE! | M25: =IF(M$9="","",IF($E25="","",IF(OFFSET(INDEX([14]CRONO!$A:$AD,10,MATCH(M$9,[14]CRONO!$10:$10,0)),13,0)=0,"",IF(OFFSET(INDEX([14]CRONO!$A:$AD,10,MATCH(M$9,[14]CRONO!$10:$10,0)),13,0)="x",$F25,"ERRO")))) -> #VALUE! | N25: =IF(N$9="","",IF($E25="","",IF(OFFSET(INDEX([14]CRONO!$A:$AD,10,MATCH(N$9,[14]CRONO!$10:$10,0)),13,0)=0,"",IF(OFFSET(INDEX([14]CRONO!$A:$AD,10,MATCH(N$9,[14]CRONO!$10:$10,0)),13,0)="x",$F25,"ERRO")))) -> #VALUE! | ... Z25: =IF(Z$9="","",IF($E25="","",IF(OFFSET(INDEX([14]CRONO!$A:$AD,10,MATCH(Z$9,[14]CRONO!$10:$10,0)),13,0)=0,"",IF(OFFSET(INDEX([14]CRONO!$A:$AD,10,MATCH(Z$9,[14]CRONO!$10:$10,0)),13,0)="x",$F25,"ERRO")))) -> #VALUE! | AA25: 2 | AB25: 2 | AC25: =IF(AC$9="","",IF($E25="","",IF(OFFSET(INDEX([14]CRONO!$A:$AD,10,MATCH(AC$9,[14]CRONO!$10:$10,0)),13,0)=0,"",IF(OFFSET(INDEX([14]CRONO!$A:$AD,10,MATCH(AC$9,[14]CRONO!$10:$10,0)),13,0)="x",$F25,"ERRO")))) -> #VALUE! | AD25: =IF(AD$9="","",IF($E25="","",IF(OFFSET(INDEX([14]CRONO!$A:$AD,10,MATCH(AD$9,[14]CRONO!$10:$10,0)),13,0)=0,"",IF(OFFSET(INDEX([14]CRONO!$A:$AD,10,MATCH(AD$9,[14]CRONO!$10:$10,0)),13,0)="x",$F25,"ERRO")))) -> #VALUE!
C26: =IF("IH"=LEFT('[14]ABC INS.'!T11,2),'[14]ABC INS.'!T11,"") -> IH9852 | D26: =IF($C26="","",INDEX('[14]ABC INS.'!$T:$AB,MATCH($C26,'[14]ABC INS.'!$Z:$Z,0),8)) -> BLASTER | E26: =IF($C26="","",INDEX('[14]ABC INS.'!$T:$AB,MATCH($C26,'[14]ABC INS.'!$Z:$Z,0),9)) -> 182.09 | F26: =IF($E26="","",ROUNDUP($E26/(182.49*(COUNTIF([14]CRONO!$30:$30,"x"))),0)) -> 1 | G26: =IF(G$9="","",IF($E26="","",IF(OFFSET(INDEX([14]CRONO!$A:$AD,10,MATCH(G$9,[14]CRONO!$10:$10,0)),13,0)=0,"",IF(OFFSET(INDEX([14]CRONO!$A:$AD,10,MATCH(G$9,[14]CRONO!$10:$10,0)),13,0)="x",$F26,"ERRO")))) -> #VALUE! | H26: =IF(H$9="","",IF($E26="","",IF(OFFSET(INDEX([14]CRONO!$A:$AD,10,MATCH(H$9,[14]CRONO!$10:$10,0)),13,0)=0,"",IF(OFFSET(INDEX([14]CRONO!$A:$AD,10,MATCH(H$9,[14]CRONO!$10:$10,0)),13,0)="x",$F26,"ERRO")))) -> #VALUE! | I26: =IF(I$9="","",IF($E26="","",IF(OFFSET(INDEX([14]CRONO!$A:$AD,10,MATCH(I$9,[14]CRONO!$10:$10,0)),13,0)=0,"",IF(OFFSET(INDEX([14]CRONO!$A:$AD,10,MATCH(I$9,[14]CRONO!$10:$10,0)),13,0)="x",$F26,"ERRO")))) -> #VALUE! | J26: =IF(J$9="","",IF($E26="","",IF(OFFSET(INDEX([14]CRONO!$A:$AD,10,MATCH(J$9,[14]CRONO!$10:$10,0)),13,0)=0,"",IF(OFFSET(INDEX([14]CRONO!$A:$AD,10,MATCH(J$9,[14]CRONO!$10:$10,0)),13,0)="x",$F26,"ERRO")))) -> #VALUE! | K26: =IF(K$9="","",IF($E26="","",IF(OFFSET(INDEX([14]CRONO!$A:$AD,10,MATCH(K$9,[14]CRONO!$10:$10,0)),13,0)=0,"",IF(OFFSET(INDEX([14]CRONO!$A:$AD,10,MATCH(K$9,[14]CRONO!$10:$10,0)),13,0)="x",$F26,"ERRO")))) -> #VALUE! | L26: =IF(L$9="","",IF($E26="","",IF(OFFSET(INDEX([14]CRONO!$A:$AD,10,MATCH(L$9,[14]CRONO!$10:$10,0)),13,0)=0,"",IF(OFFSET(INDEX([14]CRONO!$A:$AD,10,MATCH(L$9,[14]CRONO!$10:$10,0)),13,0)="x",$F26,"ERRO")))) -> #VALUE! | M26: =IF(M$9="","",IF($E26="","",IF(OFFSET(INDEX([14]CRONO!$A:$AD,10,MATCH(M$9,[14]CRONO!$10:$10,0)),13,0)=0,"",IF(OFFSET(INDEX([14]CRONO!$A:$AD,10,MATCH(M$9,[14]CRONO!$10:$10,0)),13,0)="x",$F26,"ERRO")))) -> #VALUE! | N26: =IF(N$9="","",IF($E26="","",IF(OFFSET(INDEX([14]CRONO!$A:$AD,10,MATCH(N$9,[14]CRONO!$10:$10,0)),13,0)=0,"",IF(OFFSET(INDEX([14]CRONO!$A:$AD,10,MATCH(N$9,[14]CRONO!$10:$10,0)),13,0)="x",$F26,"ERRO")))) -> #VALUE! | ... Z26: =IF(Z$9="","",IF($E26="","",IF(OFFSET(INDEX([14]CRONO!$A:$AD,10,MATCH(Z$9,[14]CRONO!$10:$10,0)),13,0)=0,"",IF(OFFSET(INDEX([14]CRONO!$A:$AD,10,MATCH(Z$9,[14]CRONO!$10:$10,0)),13,0)="x",$F26,"ERRO")))) -> #VALUE! | AA26: 1 | AB26: 1 | AC26: =IF(AC$9="","",IF($E26="","",IF(OFFSET(INDEX([14]CRONO!$A:$AD,10,MATCH(AC$9,[14]CRONO!$10:$10,0)),13,0)=0,"",IF(OFFSET(INDEX([14]CRONO!$A:$AD,10,MATCH(AC$9,[14]CRONO!$10:$10,0)),13,0)="x",$F26,"ERRO")))) -> #VALUE! | AD26: =IF(AD$9="","",IF($E26="","",IF(OFFSET(INDEX([14]CRONO!$A:$AD,10,MATCH(AD$9,[14]CRONO!$10:$10,0)),13,0)=0,"",IF(OFFSET(INDEX([14]CRONO!$A:$AD,10,MATCH(AD$9,[14]CRONO!$10:$10,0)),13,0)="x",$F26,"ERRO")))) -> #VALUE!
C27: =IF("IH"=LEFT('[14]ABC INS.'!T12,2),'[14]ABC INS.'!T12,"") -> IH9825 | D27: =IF($C27="","",INDEX('[14]ABC INS.'!$T:$AB,MATCH($C27,'[14]ABC INS.'!$Z:$Z,0),8)) -> SOLDADOR | E27: =IF($C27="","",INDEX('[14]ABC INS.'!$T:$AB,MATCH($C27,'[14]ABC INS.'!$Z:$Z,0),9)) -> 30.18 | F27: =IF($E27="","",ROUNDUP($E27/(182.49*(COUNTIF([14]CRONO!$30:$30,"x"))),0)) -> 1 | G27: =IF(G$9="","",IF($E27="","",IF(OFFSET(INDEX([14]CRONO!$A:$AD,10,MATCH(G$9,[14]CRONO!$10:$10,0)),13,0)=0,"",IF(OFFSET(INDEX([14]CRONO!$A:$AD,10,MATCH(G$9,[14]CRONO!$10:$10,0)),13,0)="x",$F27,"ERRO")))) -> #VALUE! | H27: =IF(H$9="","",IF($E27="","",IF(OFFSET(INDEX([14]CRONO!$A:$AD,10,MATCH(H$9,[14]CRONO!$10:$10,0)),13,0)=0,"",IF(OFFSET(INDEX([14]CRONO!$A:$AD,10,MATCH(H$9,[14]CRONO!$10:$10,0)),13,0)="x",$F27,"ERRO")))) -> #VALUE! | I27: =IF(I$9="","",IF($E27="","",IF(OFFSET(INDEX([14]CRONO!$A:$AD,10,MATCH(I$9,[14]CRONO!$10:$10,0)),13,0)=0,"",IF(OFFSET(INDEX([14]CRONO!$A:$AD,10,MATCH(I$9,[14]CRONO!$10:$10,0)),13,0)="x",$F27,"ERRO")))) -> #VALUE! | J27: =IF(J$9="","",IF($E27="","",IF(OFFSET(INDEX([14]CRONO!$A:$AD,10,MATCH(J$9,[14]CRONO!$10:$10,0)),13,0)=0,"",IF(OFFSET(INDEX([14]CRONO!$A:$AD,10,MATCH(J$9,[14]CRONO!$10:$10,0)),13,0)="x",$F27,"ERRO")))) -> #VALUE! | K27: =IF(K$9="","",IF($E27="","",IF(OFFSET(INDEX([14]CRONO!$A:$AD,10,MATCH(K$9,[14]CRONO!$10:$10,0)),13,0)=0,"",IF(OFFSET(INDEX([14]CRONO!$A:$AD,10,MATCH(K$9,[14]CRONO!$10:$10,0)),13,0)="x",$F27,"ERRO")))) -> #VALUE! | L27: =IF(L$9="","",IF($E27="","",IF(OFFSET(INDEX([14]CRONO!$A:$AD,10,MATCH(L$9,[14]CRONO!$10:$10,0)),13,0)=0,"",IF(OFFSET(INDEX([14]CRONO!$A:$AD,10,MATCH(L$9,[14]CRONO!$10:$10,0)),13,0)="x",$F27,"ERRO")))) -> #VALUE! | M27: =IF(M$9="","",IF($E27="","",IF(OFFSET(INDEX([14]CRONO!$A:$AD,10,MATCH(M$9,[14]CRONO!$10:$10,0)),13,0)=0,"",IF(OFFSET(INDEX([14]CRONO!$A:$AD,10,MATCH(M$9,[14]CRONO!$10:$10,0)),13,0)="x",$F27,"ERRO")))) -> #VALUE! | N27: =IF(N$9="","",IF($E27="","",IF(OFFSET(INDEX([14]CRONO!$A:$AD,10,MATCH(N$9,[14]CRONO!$10:$10,0)),13,0)=0,"",IF(OFFSET(INDEX([14]CRONO!$A:$AD,10,MATCH(N$9,[14]CRONO!$10:$10,0)),13,0)="x",$F27,"ERRO")))) -> #VALUE! | ... Z27: =IF(Z$9="","",IF($E27="","",IF(OFFSET(INDEX([14]CRONO!$A:$AD,10,MATCH(Z$9,[14]CRONO!$10:$10,0)),13,0)=0,"",IF(OFFSET(INDEX([14]CRONO!$A:$AD,10,MATCH(Z$9,[14]CRONO!$10:$10,0)),13,0)="x",$F27,"ERRO")))) -> #VALUE! | AA27: 1 | AB27: 1 | AC27: =IF(AC$9="","",IF($E27="","",IF(OFFSET(INDEX([14]CRONO!$A:$AD,10,MATCH(AC$9,[14]CRONO!$10:$10,0)),13,0)=0,"",IF(OFFSET(INDEX([14]CRONO!$A:$AD,10,MATCH(AC$9,[14]CRONO!$10:$10,0)),13,0)="x",$F27,"ERRO")))) -> #VALUE! | AD27: =IF(AD$9="","",IF($E27="","",IF(OFFSET(INDEX([14]CRONO!$A:$AD,10,MATCH(AD$9,[14]CRONO!$10:$10,0)),13,0)=0,"",IF(OFFSET(INDEX([14]CRONO!$A:$AD,10,MATCH(AD$9,[14]CRONO!$10:$10,0)),13,0)="x",$F27,"ERRO")))) -> #VALUE!
C28: =IF(D28<>"","7.","") -> 7. | D28: =IFERROR(INDEX([14]COMPOR!$A:$J,MATCH("7.",[14]COMPOR!$I:$I,0),10),"") -> OAE
C29: =IF("IH"=LEFT('[14]ABC INS.'!AC6,2),'[14]ABC INS.'!AI6,"") -> IH9805 | D29: =IF($C29="","",INDEX('[14]ABC INS.'!$AC:$AK,MATCH($C29,'[14]ABC INS.'!$AI:$AI,0),8)) -> ARMADOR | E29: =IF($C29="","",INDEX('[14]ABC INS.'!$AC:$AK,MATCH($C29,'[14]ABC INS.'!$AI:$AI,0),9)) -> 29567.79 | F29: =IF($E29="","",ROUNDUP($E29/(182.49*(COUNTIF([14]CRONO!$34:$34,"x"))),0)) -> 14 | G29: =IF(G$9="","",IF($E29="","",IF(OFFSET(INDEX([14]CRONO!$A:$AD,10,MATCH(G$9,[14]CRONO!$10:$10,0)),13,0)=0,"",IF(OFFSET(INDEX([14]CRONO!$A:$AD,10,MATCH(G$9,[14]CRONO!$10:$10,0)),13,0)="x",$F29,"ERRO")))) -> #VALUE! | H29: =IF(H$9="","",IF($E29="","",IF(OFFSET(INDEX([14]CRONO!$A:$AD,10,MATCH(H$9,[14]CRONO!$10:$10,0)),13,0)=0,"",IF(OFFSET(INDEX([14]CRONO!$A:$AD,10,MATCH(H$9,[14]CRONO!$10:$10,0)),13,0)="x",$F29,"ERRO")))) -> #VALUE! | I29: =IF(I$9="","",IF($E29="","",IF(OFFSET(INDEX([14]CRONO!$A:$AD,10,MATCH(I$9,[14]CRONO!$10:$10,0)),13,0)=0,"",IF(OFFSET(INDEX([14]CRONO!$A:$AD,10,MATCH(I$9,[14]CRONO!$10:$10,0)),13,0)="x",$F29,"ERRO")))) -> #VALUE! | J29: =IF(J$9="","",IF($E29="","",IF(OFFSET(INDEX([14]CRONO!$A:$AD,10,MATCH(J$9,[14]CRONO!$10:$10,0)),13,0)=0,"",IF(OFFSET(INDEX([14]CRONO!$A:$AD,10,MATCH(J$9,[14]CRONO!$10:$10,0)),13,0)="x",$F29,"ERRO")))) -> #VALUE! | K29: =IF(K$9="","",IF($E29="","",IF(OFFSET(INDEX([14]CRONO!$A:$AD,10,MATCH(K$9,[14]CRONO!$10:$10,0)),13,0)=0,"",IF(OFFSET(INDEX([14]CRONO!$A:$AD,10,MATCH(K$9,[14]CRONO!$10:$10,0)),13,0)="x",$F29,"ERRO")))) -> #VALUE! | L29: =IF(L$9="","",IF($E29="","",IF(OFFSET(INDEX([14]CRONO!$A:$AD,10,MATCH(L$9,[14]CRONO!$10:$10,0)),13,0)=0,"",IF(OFFSET(INDEX([14]CRONO!$A:$AD,10,MATCH(L$9,[14]CRONO!$10:$10,0)),13,0)="x",$F29,"ERRO")))) -> #VALUE! | M29: =IF(M$9="","",IF($E29="","",IF(OFFSET(INDEX([14]CRONO!$A:$AD,10,MATCH(M$9,[14]CRONO!$10:$10,0)),13,0)=0,"",IF(OFFSET(INDEX([14]CRONO!$A:$AD,10,MATCH(M$9,[14]CRONO!$10:$10,0)),13,0)="x",$F29,"ERRO")))) -> #VALUE! | N29: =IF(N$9="","",IF($E29="","",IF(OFFSET(INDEX([14]CRONO!$A:$AD,10,MATCH(N$9,[14]CRONO!$10:$10,0)),13,0)=0,"",IF(OFFSET(INDEX([14]CRONO!$A:$AD,10,MATCH(N$9,[14]CRONO!$10:$10,0)),13,0)="x",$F29,"ERRO")))) -> #VALUE! | ... R29: =IF(R$9="","",IF($E29="","",IF(OFFSET(INDEX([14]CRONO!$A:$AD,10,MATCH(R$9,[14]CRONO!$10:$10,0)),13,0)=0,"",IF(OFFSET(INDEX([14]CRONO!$A:$AD,10,MATCH(R$9,[14]CRONO!$10:$10,0)),13,0)="x",$F29,"ERRO")))) -> #VALUE! | AA29: =IF(AA$9="","",IF($E29="","",IF(OFFSET(INDEX([14]CRONO!$A:$AD,10,MATCH(AA$9,[14]CRONO!$10:$10,0)),13,0)=0,"",IF(OFFSET(INDEX([14]CRONO!$A:$AD,10,MATCH(AA$9,[14]CRONO!$10:$10,0)),13,0)="x",$F29,"ERRO")))) -> #VALUE! | AB29: =IF(AB$9="","",IF($E29="","",IF(OFFSET(INDEX([14]CRONO!$A:$AD,10,MATCH(AB$9,[14]CRONO!$10:$10,0)),13,0)=0,"",IF(OFFSET(INDEX([14]CRONO!$A:$AD,10,MATCH(AB$9,[14]CRONO!$10:$10,0)),13,0)="x",$F29,"ERRO")))) -> #VALUE! | AC29: =IF(AC$9="","",IF($E29="","",IF(OFFSET(INDEX([14]CRONO!$A:$AD,10,MATCH(AC$9,[14]CRONO!$10:$10,0)),13,0)=0,"",IF(OFFSET(INDEX([14]CRONO!$A:$AD,10,MATCH(AC$9,[14]CRONO!$10:$10,0)),13,0)="x",$F29,"ERRO")))) -> #VALUE! | AD29: =IF(AD$9="","",IF($E29="","",IF(OFFSET(INDEX([14]CRONO!$A:$AD,10,MATCH(AD$9,[14]CRONO!$10:$10,0)),13,0)=0,"",IF(OFFSET(INDEX([14]CRONO!$A:$AD,10,MATCH(AD$9,[14]CRONO!$10:$10,0)),13,0)="x",$F29,"ERRO")))) -> #VALUE!
C30: =IF("IH"=LEFT('[14]ABC INS.'!AC7,2),'[14]ABC INS.'!AI7,"") -> IH9801 | D30: =IF($C30="","",INDEX('[14]ABC INS.'!$AC:$AK,MATCH($C30,'[14]ABC INS.'!$AI:$AI,0),8)) -> AJUDANTE | E30: =IF($C30="","",INDEX('[14]ABC INS.'!$AC:$AK,MATCH($C30,'[14]ABC INS.'!$AI:$AI,0),9)) -> 37135.02 | F30: =IF($E30="","",ROUNDUP($E30/(182.49*(COUNTIF([14]CRONO!$34:$34,"x"))),0)) -> 17 | G30: =IF(G$9="","",IF($E30="","",IF(OFFSET(INDEX([14]CRONO!$A:$AD,10,MATCH(G$9,[14]CRONO!$10:$10,0)),13,0)=0,"",IF(OFFSET(INDEX([14]CRONO!$A:$AD,10,MATCH(G$9,[14]CRONO!$10:$10,0)),13,0)="x",$F30,"ERRO")))) -> #VALUE! | H30: =IF(H$9="","",IF($E30="","",IF(OFFSET(INDEX([14]CRONO!$A:$AD,10,MATCH(H$9,[14]CRONO!$10:$10,0)),13,0)=0,"",IF(OFFSET(INDEX([14]CRONO!$A:$AD,10,MATCH(H$9,[14]CRONO!$10:$10,0)),13,0)="x",$F30,"ERRO")))) -> #VALUE! | I30: =IF(I$9="","",IF($E30="","",IF(OFFSET(INDEX([14]CRONO!$A:$AD,10,MATCH(I$9,[14]CRONO!$10:$10,0)),13,0)=0,"",IF(OFFSET(INDEX([14]CRONO!$A:$AD,10,MATCH(I$9,[14]CRONO!$10:$10,0)),13,0)="x",$F30,"ERRO")))) -> #VALUE! | J30: =IF(J$9="","",IF($E30="","",IF(OFFSET(INDEX([14]CRONO!$A:$AD,10,MATCH(J$9,[14]CRONO!$10:$10,0)),13,0)=0,"",IF(OFFSET(INDEX([14]CRONO!$A:$AD,10,MATCH(J$9,[14]CRONO!$10:$10,0)),13,0)="x",$F30,"ERRO")))) -> #VALUE! | K30: =IF(K$9="","",IF($E30="","",IF(OFFSET(INDEX([14]CRONO!$A:$AD,10,MATCH(K$9,[14]CRONO!$10:$10,0)),13,0)=0,"",IF(OFFSET(INDEX([14]CRONO!$A:$AD,10,MATCH(K$9,[14]CRONO!$10:$10,0)),13,0)="x",$F30,"ERRO")))) -> #VALUE! | L30: =IF(L$9="","",IF($E30="","",IF(OFFSET(INDEX([14]CRONO!$A:$AD,10,MATCH(L$9,[14]CRONO!$10:$10,0)),13,0)=0,"",IF(OFFSET(INDEX([14]CRONO!$A:$AD,10,MATCH(L$9,[14]CRONO!$10:$10,0)),13,0)="x",$F30,"ERRO")))) -> #VALUE! | M30: =IF(M$9="","",IF($E30="","",IF(OFFSET(INDEX([14]CRONO!$A:$AD,10,MATCH(M$9,[14]CRONO!$10:$10,0)),13,0)=0,"",IF(OFFSET(INDEX([14]CRONO!$A:$AD,10,MATCH(M$9,[14]CRONO!$10:$10,0)),13,0)="x",$F30,"ERRO")))) -> #VALUE! | N30: =IF(N$9="","",IF($E30="","",IF(OFFSET(INDEX([14]CRONO!$A:$AD,10,MATCH(N$9,[14]CRONO!$10:$10,0)),13,0)=0,"",IF(OFFSET(INDEX([14]CRONO!$A:$AD,10,MATCH(N$9,[14]CRONO!$10:$10,0)),13,0)="x",$F30,"ERRO")))) -> #VALUE! | ... R30: =IF(R$9="","",IF($E30="","",IF(OFFSET(INDEX([14]CRONO!$A:$AD,10,MATCH(R$9,[14]CRONO!$10:$10,0)),13,0)=0,"",IF(OFFSET(INDEX([14]CRONO!$A:$AD,10,MATCH(R$9,[14]CRONO!$10:$10,0)),13,0)="x",$F30,"ERRO")))) -> #VALUE! | AA30: =IF(AA$9="","",IF($E30="","",IF(OFFSET(INDEX([14]CRONO!$A:$AD,10,MATCH(AA$9,[14]CRONO!$10:$10,0)),13,0)=0,"",IF(OFFSET(INDEX([14]CRONO!$A:$AD,10,MATCH(AA$9,[14]CRONO!$10:$10,0)),13,0)="x",$F30,"ERRO")))) -> #VALUE! | AB30: =IF(AB$9="","",IF($E30="","",IF(OFFSET(INDEX([14]CRONO!$A:$AD,10,MATCH(AB$9,[14]CRONO!$10:$10,0)),13,0)=0,"",IF(OFFSET(INDEX([14]CRONO!$A:$AD,10,MATCH(AB$9,[14]CRONO!$10:$10,0)),13,0)="x",$F30,"ERRO")))) -> #VALUE! | AC30: =IF(AC$9="","",IF($E30="","",IF(OFFSET(INDEX([14]CRONO!$A:$AD,10,MATCH(AC$9,[14]CRONO!$10:$10,0)),13,0)=0,"",IF(OFFSET(INDEX([14]CRONO!$A:$AD,10,MATCH(AC$9,[14]CRONO!$10:$10,0)),13,0)="x",$F30,"ERRO")))) -> #VALUE! | AD30: =IF(AD$9="","",IF($E30="","",IF(OFFSET(INDEX([14]CRONO!$A:$AD,10,MATCH(AD$9,[14]CRONO!$10:$10,0)),13,0)=0,"",IF(OFFSET(INDEX([14]CRONO!$A:$AD,10,MATCH(AD$9,[14]CRONO!$10:$10,0)),13,0)="x",$F30,"ERRO")))) -> #VALUE!
C31: =IF("IH"=LEFT('[14]ABC INS.'!AC8,2),'[14]ABC INS.'!AI8,"") -> IH9824 | D31: =IF($C31="","",INDEX('[14]ABC INS.'!$AC:$AK,MATCH($C31,'[14]ABC INS.'!$AI:$AI,0),8)) -> SERVENTE | E31: =IF($C31="","",INDEX('[14]ABC INS.'!$AC:$AK,MATCH($C31,'[14]ABC INS.'!$AI:$AI,0),9)) -> 34178.85 | F31: =IF($E31="","",ROUNDUP($E31/(182.49*(COUNTIF([14]CRONO!$34:$34,"x"))),0)) -> 16 | G31: =IF(G$9="","",IF($E31="","",IF(OFFSET(INDEX([14]CRONO!$A:$AD,10,MATCH(G$9,[14]CRONO!$10:$10,0)),13,0)=0,"",IF(OFFSET(INDEX([14]CRONO!$A:$AD,10,MATCH(G$9,[14]CRONO!$10:$10,0)),13,0)="x",$F31,"ERRO")))) -> #VALUE! | H31: =IF(H$9="","",IF($E31="","",IF(OFFSET(INDEX([14]CRONO!$A:$AD,10,MATCH(H$9,[14]CRONO!$10:$10,0)),13,0)=0,"",IF(OFFSET(INDEX([14]CRONO!$A:$AD,10,MATCH(H$9,[14]CRONO!$10:$10,0)),13,0)="x",$F31,"ERRO")))) -> #VALUE! | I31: =IF(I$9="","",IF($E31="","",IF(OFFSET(INDEX([14]CRONO!$A:$AD,10,MATCH(I$9,[14]CRONO!$10:$10,0)),13,0)=0,"",IF(OFFSET(INDEX([14]CRONO!$A:$AD,10,MATCH(I$9,[14]CRONO!$10:$10,0)),13,0)="x",$F31,"ERRO")))) -> #VALUE! | J31: =IF(J$9="","",IF($E31="","",IF(OFFSET(INDEX([14]CRONO!$A:$AD,10,MATCH(J$9,[14]CRONO!$10:$10,0)),13,0)=0,"",IF(OFFSET(INDEX([14]CRONO!$A:$AD,10,MATCH(J$9,[14]CRONO!$10:$10,0)),13,0)="x",$F31,"ERRO")))) -> #VALUE! | K31: =IF(K$9="","",IF($E31="","",IF(OFFSET(INDEX([14]CRONO!$A:$AD,10,MATCH(K$9,[14]CRONO!$10:$10,0)),13,0)=0,"",IF(OFFSET(INDEX([14]CRONO!$A:$AD,10,MATCH(K$9,[14]CRONO!$10:$10,0)),13,0)="x",$F31,"ERRO")))) -> #VALUE! | L31: =IF(L$9="","",IF($E31="","",IF(OFFSET(INDEX([14]CRONO!$A:$AD,10,MATCH(L$9,[14]CRONO!$10:$10,0)),13,0)=0,"",IF(OFFSET(INDEX([14]CRONO!$A:$AD,10,MATCH(L$9,[14]CRONO!$10:$10,0)),13,0)="x",$F31,"ERRO")))) -> #VALUE! | M31: =IF(M$9="","",IF($E31="","",IF(OFFSET(INDEX([14]CRONO!$A:$AD,10,MATCH(M$9,[14]CRONO!$10:$10,0)),13,0)=0,"",IF(OFFSET(INDEX([14]CRONO!$A:$AD,10,MATCH(M$9,[14]CRONO!$10:$10,0)),13,0)="x",$F31,"ERRO")))) -> #VALUE! | N31: =IF(N$9="","",IF($E31="","",IF(OFFSET(INDEX([14]CRONO!$A:$AD,10,MATCH(N$9,[14]CRONO!$10:$10,0)),13,0)=0,"",IF(OFFSET(INDEX([14]CRONO!$A:$AD,10,MATCH(N$9,[14]CRONO!$10:$10,0)),13,0)="x",$F31,"ERRO")))) -> #VALUE! | ... R31: =IF(R$9="","",IF($E31="","",IF(OFFSET(INDEX([14]CRONO!$A:$AD,10,MATCH(R$9,[14]CRONO!$10:$10,0)),13,0)=0,"",IF(OFFSET(INDEX([14]CRONO!$A:$AD,10,MATCH(R$9,[14]CRONO!$10:$10,0)),13,0)="x",$F31,"ERRO")))) -> #VALUE! | AA31: =IF(AA$9="","",IF($E31="","",IF(OFFSET(INDEX([14]CRONO!$A:$AD,10,MATCH(AA$9,[14]CRONO!$10:$10,0)),13,0)=0,"",IF(OFFSET(INDEX([14]CRONO!$A:$AD,10,MATCH(AA$9,[14]CRONO!$10:$10,0)),13,0)="x",$F31,"ERRO")))) -> #VALUE! | AB31: =IF(AB$9="","",IF($E31="","",IF(OFFSET(INDEX([14]CRONO!$A:$AD,10,MATCH(AB$9,[14]CRONO!$10:$10,0)),13,0)=0,"",IF(OFFSET(INDEX([14]CRONO!$A:$AD,10,MATCH(AB$9,[14]CRONO!$10:$10,0)),13,0)="x",$F31,"ERRO")))) -> #VALUE! | AC31: =IF(AC$9="","",IF($E31="","",IF(OFFSET(INDEX([14]CRONO!$A:$AD,10,MATCH(AC$9,[14]CRONO!$10:$10,0)),13,0)=0,"",IF(OFFSET(INDEX([14]CRONO!$A:$AD,10,MATCH(AC$9,[14]CRONO!$10:$10,0)),13,0)="x",$F31,"ERRO")))) -> #VALUE! | AD31: =IF(AD$9="","",IF($E31="","",IF(OFFSET(INDEX([14]CRONO!$A:$AD,10,MATCH(AD$9,[14]CRONO!$10:$10,0)),13,0)=0,"",IF(OFFSET(INDEX([14]CRONO!$A:$AD,10,MATCH(AD$9,[14]CRONO!$10:$10,0)),13,0)="x",$F31,"ERRO")))) -> #VALUE!
C32: =IF("IH"=LEFT('[14]ABC INS.'!AC9,2),'[14]ABC INS.'!AI9,"") -> IH9821 | D32: =IF($C32="","",INDEX('[14]ABC INS.'!$AC:$AK,MATCH($C32,'[14]ABC INS.'!$AI:$AI,0),8)) -> PEDREIRO | E32: =IF($C32="","",INDEX('[14]ABC INS.'!$AC:$AK,MATCH($C32,'[14]ABC INS.'!$AI:$AI,0),9)) -> 5266.73 | F32: =IF($E32="","",ROUNDUP($E32/(182.49*(COUNTIF([14]CRONO!$34:$34,"x"))),0)) -> 3 | G32: =IF(G$9="","",IF($E32="","",IF(OFFSET(INDEX([14]CRONO!$A:$AD,10,MATCH(G$9,[14]CRONO!$10:$10,0)),13,0)=0,"",IF(OFFSET(INDEX([14]CRONO!$A:$AD,10,MATCH(G$9,[14]CRONO!$10:$10,0)),13,0)="x",$F32,"ERRO")))) -> #VALUE! | H32: =IF(H$9="","",IF($E32="","",IF(OFFSET(INDEX([14]CRONO!$A:$AD,10,MATCH(H$9,[14]CRONO!$10:$10,0)),13,0)=0,"",IF(OFFSET(INDEX([14]CRONO!$A:$AD,10,MATCH(H$9,[14]CRONO!$10:$10,0)),13,0)="x",$F32,"ERRO")))) -> #VALUE! | I32: =IF(I$9="","",IF($E32="","",IF(OFFSET(INDEX([14]CRONO!$A:$AD,10,MATCH(I$9,[14]CRONO!$10:$10,0)),13,0)=0,"",IF(OFFSET(INDEX([14]CRONO!$A:$AD,10,MATCH(I$9,[14]CRONO!$10:$10,0)),13,0)="x",$F32,"ERRO")))) -> #VALUE! | J32: =IF(J$9="","",IF($E32="","",IF(OFFSET(INDEX([14]CRONO!$A:$AD,10,MATCH(J$9,[14]CRONO!$10:$10,0)),13,0)=0,"",IF(OFFSET(INDEX([14]CRONO!$A:$AD,10,MATCH(J$9,[14]CRONO!$10:$10,0)),13,0)="x",$F32,"ERRO")))) -> #VALUE! | K32: =IF(K$9="","",IF($E32="","",IF(OFFSET(INDEX([14]CRONO!$A:$AD,10,MATCH(K$9,[14]CRONO!$10:$10,0)),13,0)=0,"",IF(OFFSET(INDEX([14]CRONO!$A:$AD,10,MATCH(K$9,[14]CRONO!$10:$10,0)),13,0)="x",$F32,"ERRO")))) -> #VALUE! | L32: =IF(L$9="","",IF($E32="","",IF(OFFSET(INDEX([14]CRONO!$A:$AD,10,MATCH(L$9,[14]CRONO!$10:$10,0)),13,0)=0,"",IF(OFFSET(INDEX([14]CRONO!$A:$AD,10,MATCH(L$9,[14]CRONO!$10:$10,0)),13,0)="x",$F32,"ERRO")))) -> #VALUE! | M32: =IF(M$9="","",IF($E32="","",IF(OFFSET(INDEX([14]CRONO!$A:$AD,10,MATCH(M$9,[14]CRONO!$10:$10,0)),13,0)=0,"",IF(OFFSET(INDEX([14]CRONO!$A:$AD,10,MATCH(M$9,[14]CRONO!$10:$10,0)),13,0)="x",$F32,"ERRO")))) -> #VALUE! | N32: =IF(N$9="","",IF($E32="","",IF(OFFSET(INDEX([14]CRONO!$A:$AD,10,MATCH(N$9,[14]CRONO!$10:$10,0)),13,0)=0,"",IF(OFFSET(INDEX([14]CRONO!$A:$AD,10,MATCH(N$9,[14]CRONO!$10:$10,0)),13,0)="x",$F32,"ERRO")))) -> #VALUE! | ... R32: =IF(R$9="","",IF($E32="","",IF(OFFSET(INDEX([14]CRONO!$A:$AD,10,MATCH(R$9,[14]CRONO!$10:$10,0)),13,0)=0,"",IF(OFFSET(INDEX([14]CRONO!$A:$AD,10,MATCH(R$9,[14]CRONO!$10:$10,0)),13,0)="x",$F32,"ERRO")))) -> #VALUE! | AA32: =IF(AA$9="","",IF($E32="","",IF(OFFSET(INDEX([14]CRONO!$A:$AD,10,MATCH(AA$9,[14]CRONO!$10:$10,0)),13,0)=0,"",IF(OFFSET(INDEX([14]CRONO!$A:$AD,10,MATCH(AA$9,[14]CRONO!$10:$10,0)),13,0)="x",$F32,"ERRO")))) -> #VALUE! | AB32: =IF(AB$9="","",IF($E32="","",IF(OFFSET(INDEX([14]CRONO!$A:$AD,10,MATCH(AB$9,[14]CRONO!$10:$10,0)),13,0)=0,"",IF(OFFSET(INDEX([14]CRONO!$A:$AD,10,MATCH(AB$9,[14]CRONO!$10:$10,0)),13,0)="x",$F32,"ERRO")))) -> #VALUE! | AC32: =IF(AC$9="","",IF($E32="","",IF(OFFSET(INDEX([14]CRONO!$A:$AD,10,MATCH(AC$9,[14]CRONO!$10:$10,0)),13,0)=0,"",IF(OFFSET(INDEX([14]CRONO!$A:$AD,10,MATCH(AC$9,[14]CRONO!$10:$10,0)),13,0)="x",$F32,"ERRO")))) -> #VALUE! | AD32: =IF(AD$9="","",IF($E32="","",IF(OFFSET(INDEX([14]CRONO!$A:$AD,10,MATCH(AD$9,[14]CRONO!$10:$10,0)),13,0)=0,"",IF(OFFSET(INDEX([14]CRONO!$A:$AD,10,MATCH(AD$9,[14]CRONO!$10:$10,0)),13,0)="x",$F32,"ERRO")))) -> #VALUE!
C33: =IF("IH"=LEFT('[14]ABC INS.'!AC10,2),'[14]ABC INS.'!AI10,"") -> IH9830 | D33: =IF($C33="","",INDEX('[14]ABC INS.'!$AC:$AK,MATCH($C33,'[14]ABC INS.'!$AI:$AI,0),8)) -> MONTADOR | E33: =IF($C33="","",INDEX('[14]ABC INS.'!$AC:$AK,MATCH($C33,'[14]ABC INS.'!$AI:$AI,0),9)) -> 3779.73 | F33: =IF($E33="","",ROUNDUP($E33/(182.49*(COUNTIF([14]CRONO!$34:$34,"x"))),0)) -> 2 | G33: =IF(G$9="","",IF($E33="","",IF(OFFSET(INDEX([14]CRONO!$A:$AD,10,MATCH(G$9,[14]CRONO!$10:$10,0)),13,0)=0,"",IF(OFFSET(INDEX([14]CRONO!$A:$AD,10,MATCH(G$9,[14]CRONO!$10:$10,0)),13,0)="x",$F33,"ERRO")))) -> #VALUE! | H33: =IF(H$9="","",IF($E33="","",IF(OFFSET(INDEX([14]CRONO!$A:$AD,10,MATCH(H$9,[14]CRONO!$10:$10,0)),13,0)=0,"",IF(OFFSET(INDEX([14]CRONO!$A:$AD,10,MATCH(H$9,[14]CRONO!$10:$10,0)),13,0)="x",$F33,"ERRO")))) -> #VALUE! | I33: =IF(I$9="","",IF($E33="","",IF(OFFSET(INDEX([14]CRONO!$A:$AD,10,MATCH(I$9,[14]CRONO!$10:$10,0)),13,0)=0,"",IF(OFFSET(INDEX([14]CRONO!$A:$AD,10,MATCH(I$9,[14]CRONO!$10:$10,0)),13,0)="x",$F33,"ERRO")))) -> #VALUE! | J33: =IF(J$9="","",IF($E33="","",IF(OFFSET(INDEX([14]CRONO!$A:$AD,10,MATCH(J$9,[14]CRONO!$10:$10,0)),13,0)=0,"",IF(OFFSET(INDEX([14]CRONO!$A:$AD,10,MATCH(J$9,[14]CRONO!$10:$10,0)),13,0)="x",$F33,"ERRO")))) -> #VALUE! | K33: =IF(K$9="","",IF($E33="","",IF(OFFSET(INDEX([14]CRONO!$A:$AD,10,MATCH(K$9,[14]CRONO!$10:$10,0)),13,0)=0,"",IF(OFFSET(INDEX([14]CRONO!$A:$AD,10,MATCH(K$9,[14]CRONO!$10:$10,0)),13,0)="x",$F33,"ERRO")))) -> #VALUE! | L33: =IF(L$9="","",IF($E33="","",IF(OFFSET(INDEX([14]CRONO!$A:$AD,10,MATCH(L$9,[14]CRONO!$10:$10,0)),13,0)=0,"",IF(OFFSET(INDEX([14]CRONO!$A:$AD,10,MATCH(L$9,[14]CRONO!$10:$10,0)),13,0)="x",$F33,"ERRO")))) -> #VALUE! | M33: =IF(M$9="","",IF($E33="","",IF(OFFSET(INDEX([14]CRONO!$A:$AD,10,MATCH(M$9,[14]CRONO!$10:$10,0)),13,0)=0,"",IF(OFFSET(INDEX([14]CRONO!$A:$AD,10,MATCH(M$9,[14]CRONO!$10:$10,0)),13,0)="x",$F33,"ERRO")))) -> #VALUE! | N33: =IF(N$9="","",IF($E33="","",IF(OFFSET(INDEX([14]CRONO!$A:$AD,10,MATCH(N$9,[14]CRONO!$10:$10,0)),13,0)=0,"",IF(OFFSET(INDEX([14]CRONO!$A:$AD,10,MATCH(N$9,[14]CRONO!$10:$10,0)),13,0)="x",$F33,"ERRO")))) -> #VALUE! | ... R33: =IF(R$9="","",IF($E33="","",IF(OFFSET(INDEX([14]CRONO!$A:$AD,10,MATCH(R$9,[14]CRONO!$10:$10,0)),13,0)=0,"",IF(OFFSET(INDEX([14]CRONO!$A:$AD,10,MATCH(R$9,[14]CRONO!$10:$10,0)),13,0)="x",$F33,"ERRO")))) -> #VALUE! | AA33: =IF(AA$9="","",IF($E33="","",IF(OFFSET(INDEX([14]CRONO!$A:$AD,10,MATCH(AA$9,[14]CRONO!$10:$10,0)),13,0)=0,"",IF(OFFSET(INDEX([14]CRONO!$A:$AD,10,MATCH(AA$9,[14]CRONO!$10:$10,0)),13,0)="x",$F33,"ERRO")))) -> #VALUE! | AB33: =IF(AB$9="","",IF($E33="","",IF(OFFSET(INDEX([14]CRONO!$A:$AD,10,MATCH(AB$9,[14]CRONO!$10:$10,0)),13,0)=0,"",IF(OFFSET(INDEX([14]CRONO!$A:$AD,10,MATCH(AB$9,[14]CRONO!$10:$10,0)),13,0)="x",$F33,"ERRO")))) -> #VALUE! | AC33: =IF(AC$9="","",IF($E33="","",IF(OFFSET(INDEX([14]CRONO!$A:$AD,10,MATCH(AC$9,[14]CRONO!$10:$10,0)),13,0)=0,"",IF(OFFSET(INDEX([14]CRONO!$A:$AD,10,MATCH(AC$9,[14]CRONO!$10:$10,0)),13,0)="x",$F33,"ERRO")))) -> #VALUE! | AD33: =IF(AD$9="","",IF($E33="","",IF(OFFSET(INDEX([14]CRONO!$A:$AD,10,MATCH(AD$9,[14]CRONO!$10:$10,0)),13,0)=0,"",IF(OFFSET(INDEX([14]CRONO!$A:$AD,10,MATCH(AD$9,[14]CRONO!$10:$10,0)),13,0)="x",$F33,"ERRO")))) -> #VALUE!
C34: =IF("IH"=LEFT('[14]ABC INS.'!AC11,2),'[14]ABC INS.'!AI11,"") -> IH9808 | D34: =IF($C34="","",INDEX('[14]ABC INS.'!$AC:$AK,MATCH($C34,'[14]ABC INS.'!$AI:$AI,0),8)) -> CARPINTEIRO | E34: =IF($C34="","",INDEX('[14]ABC INS.'!$AC:$AK,MATCH($C34,'[14]ABC INS.'!$AI:$AI,0),9)) -> 3791.01 | F34: =IF($E34="","",ROUNDUP($E34/(182.49*(COUNTIF([14]CRONO!$34:$34,"x"))),0)) -> 2 | G34: =IF(G$9="","",IF($E34="","",IF(OFFSET(INDEX([14]CRONO!$A:$AD,10,MATCH(G$9,[14]CRONO!$10:$10,0)),13,0)=0,"",IF(OFFSET(INDEX([14]CRONO!$A:$AD,10,MATCH(G$9,[14]CRONO!$10:$10,0)),13,0)="x",$F34,"ERRO")))) -> #VALUE! | H34: =IF(H$9="","",IF($E34="","",IF(OFFSET(INDEX([14]CRONO!$A:$AD,10,MATCH(H$9,[14]CRONO!$10:$10,0)),13,0)=0,"",IF(OFFSET(INDEX([14]CRONO!$A:$AD,10,MATCH(H$9,[14]CRONO!$10:$10,0)),13,0)="x",$F34,"ERRO")))) -> #VALUE! | I34: =IF(I$9="","",IF($E34="","",IF(OFFSET(INDEX([14]CRONO!$A:$AD,10,MATCH(I$9,[14]CRONO!$10:$10,0)),13,0)=0,"",IF(OFFSET(INDEX([14]CRONO!$A:$AD,10,MATCH(I$9,[14]CRONO!$10:$10,0)),13,0)="x",$F34,"ERRO")))) -> #VALUE! | J34: =IF(J$9="","",IF($E34="","",IF(OFFSET(INDEX([14]CRONO!$A:$AD,10,MATCH(J$9,[14]CRONO!$10:$10,0)),13,0)=0,"",IF(OFFSET(INDEX([14]CRONO!$A:$AD,10,MATCH(J$9,[14]CRONO!$10:$10,0)),13,0)="x",$F34,"ERRO")))) -> #VALUE! | K34: =IF(K$9="","",IF($E34="","",IF(OFFSET(INDEX([14]CRONO!$A:$AD,10,MATCH(K$9,[14]CRONO!$10:$10,0)),13,0)=0,"",IF(OFFSET(INDEX([14]CRONO!$A:$AD,10,MATCH(K$9,[14]CRONO!$10:$10,0)),13,0)="x",$F34,"ERRO")))) -> #VALUE! | L34: =IF(L$9="","",IF($E34="","",IF(OFFSET(INDEX([14]CRONO!$A:$AD,10,MATCH(L$9,[14]CRONO!$10:$10,0)),13,0)=0,"",IF(OFFSET(INDEX([14]CRONO!$A:$AD,10,MATCH(L$9,[14]CRONO!$10:$10,0)),13,0)="x",$F34,"ERRO")))) -> #VALUE! | M34: =IF(M$9="","",IF($E34="","",IF(OFFSET(INDEX([14]CRONO!$A:$AD,10,MATCH(M$9,[14]CRONO!$10:$10,0)),13,0)=0,"",IF(OFFSET(INDEX([14]CRONO!$A:$AD,10,MATCH(M$9,[14]CRONO!$10:$10,0)),13,0)="x",$F34,"ERRO")))) -> #VALUE! | N34: =IF(N$9="","",IF($E34="","",IF(OFFSET(INDEX([14]CRONO!$A:$AD,10,MATCH(N$9,[14]CRONO!$10:$10,0)),13,0)=0,"",IF(OFFSET(INDEX([14]CRONO!$A:$AD,10,MATCH(N$9,[14]CRONO!$10:$10,0)),13,0)="x",$F34,"ERRO")))) -> #VALUE! | ... R34: =IF(R$9="","",IF($E34="","",IF(OFFSET(INDEX([14]CRONO!$A:$AD,10,MATCH(R$9,[14]CRONO!$10:$10,0)),13,0)=0,"",IF(OFFSET(INDEX([14]CRONO!$A:$AD,10,MATCH(R$9,[14]CRONO!$10:$10,0)),13,0)="x",$F34,"ERRO")))) -> #VALUE! | AA34: =IF(AA$9="","",IF($E34="","",IF(OFFSET(INDEX([14]CRONO!$A:$AD,10,MATCH(AA$9,[14]CRONO!$10:$10,0)),13,0)=0,"",IF(OFFSET(INDEX([14]CRONO!$A:$AD,10,MATCH(AA$9,[14]CRONO!$10:$10,0)),13,0)="x",$F34,"ERRO")))) -> #VALUE! | AB34: =IF(AB$9="","",IF($E34="","",IF(OFFSET(INDEX([14]CRONO!$A:$AD,10,MATCH(AB$9,[14]CRONO!$10:$10,0)),13,0)=0,"",IF(OFFSET(INDEX([14]CRONO!$A:$AD,10,MATCH(AB$9,[14]CRONO!$10:$10,0)),13,0)="x",$F34,"ERRO")))) -> #VALUE! | AC34: =IF(AC$9="","",IF($E34="","",IF(OFFSET(INDEX([14]CRONO!$A:$AD,10,MATCH(AC$9,[14]CRONO!$10:$10,0)),13,0)=0,"",IF(OFFSET(INDEX([14]CRONO!$A:$AD,10,MATCH(AC$9,[14]CRONO!$10:$10,0)),13,0)="x",$F34,"ERRO")))) -> #VALUE! | AD34: =IF(AD$9="","",IF($E34="","",IF(OFFSET(INDEX([14]CRONO!$A:$AD,10,MATCH(AD$9,[14]CRONO!$10:$10,0)),13,0)=0,"",IF(OFFSET(INDEX([14]CRONO!$A:$AD,10,MATCH(AD$9,[14]CRONO!$10:$10,0)),13,0)="x",$F34,"ERRO")))) -> #VALUE!
C35: =IF("IH"=LEFT('[14]ABC INS.'!AC12,2),'[14]ABC INS.'!AI12,"") -> IH9802 | D35: =IF($C35="","",INDEX('[14]ABC INS.'!$AC:$AK,MATCH($C35,'[14]ABC INS.'!$AI:$AI,0),8)) -> AJUDANTE ESPECIALIZADO | E35: =IF($C35="","",INDEX('[14]ABC INS.'!$AC:$AK,MATCH($C35,'[14]ABC INS.'!$AI:$AI,0),9)) -> 38.86 | F35: =IF($E35="","",ROUNDUP($E35/(182.49*(COUNTIF([14]CRONO!$34:$34,"x"))),0)) -> 1 | G35: =IF(G$9="","",IF($E35="","",IF(OFFSET(INDEX([14]CRONO!$A:$AD,10,MATCH(G$9,[14]CRONO!$10:$10,0)),13,0)=0,"",IF(OFFSET(INDEX([14]CRONO!$A:$AD,10,MATCH(G$9,[14]CRONO!$10:$10,0)),13,0)="x",$F35,"ERRO")))) -> #VALUE! | H35: =IF(H$9="","",IF($E35="","",IF(OFFSET(INDEX([14]CRONO!$A:$AD,10,MATCH(H$9,[14]CRONO!$10:$10,0)),13,0)=0,"",IF(OFFSET(INDEX([14]CRONO!$A:$AD,10,MATCH(H$9,[14]CRONO!$10:$10,0)),13,0)="x",$F35,"ERRO")))) -> #VALUE! | I35: =IF(I$9="","",IF($E35="","",IF(OFFSET(INDEX([14]CRONO!$A:$AD,10,MATCH(I$9,[14]CRONO!$10:$10,0)),13,0)=0,"",IF(OFFSET(INDEX([14]CRONO!$A:$AD,10,MATCH(I$9,[14]CRONO!$10:$10,0)),13,0)="x",$F35,"ERRO")))) -> #VALUE! | J35: =IF(J$9="","",IF($E35="","",IF(OFFSET(INDEX([14]CRONO!$A:$AD,10,MATCH(J$9,[14]CRONO!$10:$10,0)),13,0)=0,"",IF(OFFSET(INDEX([14]CRONO!$A:$AD,10,MATCH(J$9,[14]CRONO!$10:$10,0)),13,0)="x",$F35,"ERRO")))) -> #VALUE! | K35: =IF(K$9="","",IF($E35="","",IF(OFFSET(INDEX([14]CRONO!$A:$AD,10,MATCH(K$9,[14]CRONO!$10:$10,0)),13,0)=0,"",IF(OFFSET(INDEX([14]CRONO!$A:$AD,10,MATCH(K$9,[14]CRONO!$10:$10,0)),13,0)="x",$F35,"ERRO")))) -> #VALUE! | L35: =IF(L$9="","",IF($E35="","",IF(OFFSET(INDEX([14]CRONO!$A:$AD,10,MATCH(L$9,[14]CRONO!$10:$10,0)),13,0)=0,"",IF(OFFSET(INDEX([14]CRONO!$A:$AD,10,MATCH(L$9,[14]CRONO!$10:$10,0)),13,0)="x",$F35,"ERRO")))) -> #VALUE! | M35: =IF(M$9="","",IF($E35="","",IF(OFFSET(INDEX([14]CRONO!$A:$AD,10,MATCH(M$9,[14]CRONO!$10:$10,0)),13,0)=0,"",IF(OFFSET(INDEX([14]CRONO!$A:$AD,10,MATCH(M$9,[14]CRONO!$10:$10,0)),13,0)="x",$F35,"ERRO")))) -> #VALUE! | N35: =IF(N$9="","",IF($E35="","",IF(OFFSET(INDEX([14]CRONO!$A:$AD,10,MATCH(N$9,[14]CRONO!$10:$10,0)),13,0)=0,"",IF(OFFSET(INDEX([14]CRONO!$A:$AD,10,MATCH(N$9,[14]CRONO!$10:$10,0)),13,0)="x",$F35,"ERRO")))) -> #VALUE! | ... R35: =IF(R$9="","",IF($E35="","",IF(OFFSET(INDEX([14]CRONO!$A:$AD,10,MATCH(R$9,[14]CRONO!$10:$10,0)),13,0)=0,"",IF(OFFSET(INDEX([14]CRONO!$A:$AD,10,MATCH(R$9,[14]CRONO!$10:$10,0)),13,0)="x",$F35,"ERRO")))) -> #VALUE! | AA35: =IF(AA$9="","",IF($E35="","",IF(OFFSET(INDEX([14]CRONO!$A:$AD,10,MATCH(AA$9,[14]CRONO!$10:$10,0)),13,0)=0,"",IF(OFFSET(INDEX([14]CRONO!$A:$AD,10,MATCH(AA$9,[14]CRONO!$10:$10,0)),13,0)="x",$F35,"ERRO")))) -> #VALUE! | AB35: =IF(AB$9="","",IF($E35="","",IF(OFFSET(INDEX([14]CRONO!$A:$AD,10,MATCH(AB$9,[14]CRONO!$10:$10,0)),13,0)=0,"",IF(OFFSET(INDEX([14]CRONO!$A:$AD,10,MATCH(AB$9,[14]CRONO!$10:$10,0)),13,0)="x",$F35,"ERRO")))) -> #VALUE! | AC35: =IF(AC$9="","",IF($E35="","",IF(OFFSET(INDEX([14]CRONO!$A:$AD,10,MATCH(AC$9,[14]CRONO!$10:$10,0)),13,0)=0,"",IF(OFFSET(INDEX([14]CRONO!$A:$AD,10,MATCH(AC$9,[14]CRONO!$10:$10,0)),13,0)="x",$F35,"ERRO")))) -> #VALUE! | AD35: =IF(AD$9="","",IF($E35="","",IF(OFFSET(INDEX([14]CRONO!$A:$AD,10,MATCH(AD$9,[14]CRONO!$10:$10,0)),13,0)=0,"",IF(OFFSET(INDEX([14]CRONO!$A:$AD,10,MATCH(AD$9,[14]CRONO!$10:$10,0)),13,0)="x",$F35,"ERRO")))) -> #VALUE!
C36: =IF("IH"=LEFT('[14]ABC INS.'!AC13,2),'[14]ABC INS.'!AI13,"") -> IH9825 | D36: =IF($C36="","",INDEX('[14]ABC INS.'!$AC:$AK,MATCH($C36,'[14]ABC INS.'!$AI:$AI,0),8)) -> SOLDADOR | E36: =IF($C36="","",INDEX('[14]ABC INS.'!$AC:$AK,MATCH($C36,'[14]ABC INS.'!$AI:$AI,0),9)) -> 20.33 | F36: =IF($E36="","",ROUNDUP($E36/(182.49*(COUNTIF([14]CRONO!$34:$34,"x"))),0)) -> 1 | G36: =IF(G$9="","",IF($E36="","",IF(OFFSET(INDEX([14]CRONO!$A:$AD,10,MATCH(G$9,[14]CRONO!$10:$10,0)),13,0)=0,"",IF(OFFSET(INDEX([14]CRONO!$A:$AD,10,MATCH(G$9,[14]CRONO!$10:$10,0)),13,0)="x",$F36,"ERRO")))) -> #VALUE! | H36: =IF(H$9="","",IF($E36="","",IF(OFFSET(INDEX([14]CRONO!$A:$AD,10,MATCH(H$9,[14]CRONO!$10:$10,0)),13,0)=0,"",IF(OFFSET(INDEX([14]CRONO!$A:$AD,10,MATCH(H$9,[14]CRONO!$10:$10,0)),13,0)="x",$F36,"ERRO")))) -> #VALUE! | I36: =IF(I$9="","",IF($E36="","",IF(OFFSET(INDEX([14]CRONO!$A:$AD,10,MATCH(I$9,[14]CRONO!$10:$10,0)),13,0)=0,"",IF(OFFSET(INDEX([14]CRONO!$A:$AD,10,MATCH(I$9,[14]CRONO!$10:$10,0)),13,0)="x",$F36,"ERRO")))) -> #VALUE! | J36: =IF(J$9="","",IF($E36="","",IF(OFFSET(INDEX([14]CRONO!$A:$AD,10,MATCH(J$9,[14]CRONO!$10:$10,0)),13,0)=0,"",IF(OFFSET(INDEX([14]CRONO!$A:$AD,10,MATCH(J$9,[14]CRONO!$10:$10,0)),13,0)="x",$F36,"ERRO")))) -> #VALUE! | K36: =IF(K$9="","",IF($E36="","",IF(OFFSET(INDEX([14]CRONO!$A:$AD,10,MATCH(K$9,[14]CRONO!$10:$10,0)),13,0)=0,"",IF(OFFSET(INDEX([14]CRONO!$A:$AD,10,MATCH(K$9,[14]CRONO!$10:$10,0)),13,0)="x",$F36,"ERRO")))) -> #VALUE! | L36: =IF(L$9="","",IF($E36="","",IF(OFFSET(INDEX([14]CRONO!$A:$AD,10,MATCH(L$9,[14]CRONO!$10:$10,0)),13,0)=0,"",IF(OFFSET(INDEX([14]CRONO!$A:$AD,10,MATCH(L$9,[14]CRONO!$10:$10,0)),13,0)="x",$F36,"ERRO")))) -> #VALUE! | M36: =IF(M$9="","",IF($E36="","",IF(OFFSET(INDEX([14]CRONO!$A:$AD,10,MATCH(M$9,[14]CRONO!$10:$10,0)),13,0)=0,"",IF(OFFSET(INDEX([14]CRONO!$A:$AD,10,MATCH(M$9,[14]CRONO!$10:$10,0)),13,0)="x",$F36,"ERRO")))) -> #VALUE! | N36: =IF(N$9="","",IF($E36="","",IF(OFFSET(INDEX([14]CRONO!$A:$AD,10,MATCH(N$9,[14]CRONO!$10:$10,0)),13,0)=0,"",IF(OFFSET(INDEX([14]CRONO!$A:$AD,10,MATCH(N$9,[14]CRONO!$10:$10,0)),13,0)="x",$F36,"ERRO")))) -> #VALUE! | ... R36: =IF(R$9="","",IF($E36="","",IF(OFFSET(INDEX([14]CRONO!$A:$AD,10,MATCH(R$9,[14]CRONO!$10:$10,0)),13,0)=0,"",IF(OFFSET(INDEX([14]CRONO!$A:$AD,10,MATCH(R$9,[14]CRONO!$10:$10,0)),13,0)="x",$F36,"ERRO")))) -> #VALUE! | AA36: =IF(AA$9="","",IF($E36="","",IF(OFFSET(INDEX([14]CRONO!$A:$AD,10,MATCH(AA$9,[14]CRONO!$10:$10,0)),13,0)=0,"",IF(OFFSET(INDEX([14]CRONO!$A:$AD,10,MATCH(AA$9,[14]CRONO!$10:$10,0)),13,0)="x",$F36,"ERRO")))) -> #VALUE! | AB36: =IF(AB$9="","",IF($E36="","",IF(OFFSET(INDEX([14]CRONO!$A:$AD,10,MATCH(AB$9,[14]CRONO!$10:$10,0)),13,0)=0,"",IF(OFFSET(INDEX([14]CRONO!$A:$AD,10,MATCH(AB$9,[14]CRONO!$10:$10,0)),13,0)="x",$F36,"ERRO")))) -> #VALUE! | AC36: =IF(AC$9="","",IF($E36="","",IF(OFFSET(INDEX([14]CRONO!$A:$AD,10,MATCH(AC$9,[14]CRONO!$10:$10,0)),13,0)=0,"",IF(OFFSET(INDEX([14]CRONO!$A:$AD,10,MATCH(AC$9,[14]CRONO!$10:$10,0)),13,0)="x",$F36,"ERRO")))) -> #VALUE! | AD36: =IF(AD$9="","",IF($E36="","",IF(OFFSET(INDEX([14]CRONO!$A:$AD,10,MATCH(AD$9,[14]CRONO!$10:$10,0)),13,0)=0,"",IF(OFFSET(INDEX([14]CRONO!$A:$AD,10,MATCH(AD$9,[14]CRONO!$10:$10,0)),13,0)="x",$F36,"ERRO")))) -> #VALUE!
C37: =IF("IH"=LEFT('[14]ABC INS.'!AC14,2),'[14]ABC INS.'!AI14,"") -> IH9823 | D37: =IF($C37="","",INDEX('[14]ABC INS.'!$AC:$AK,MATCH($C37,'[14]ABC INS.'!$AI:$AI,0),8)) -> SERRALHEIRO | E37: =IF($C37="","",INDEX('[14]ABC INS.'!$AC:$AK,MATCH($C37,'[14]ABC INS.'!$AI:$AI,0),9)) -> 16.66 | F37: =IF($E37="","",ROUNDUP($E37/(182.49*(COUNTIF([14]CRONO!$34:$34,"x"))),0)) -> 1 | G37: =IF(G$9="","",IF($E37="","",IF(OFFSET(INDEX([14]CRONO!$A:$AD,10,MATCH(G$9,[14]CRONO!$10:$10,0)),13,0)=0,"",IF(OFFSET(INDEX([14]CRONO!$A:$AD,10,MATCH(G$9,[14]CRONO!$10:$10,0)),13,0)="x",$F37,"ERRO")))) -> #VALUE! | H37: =IF(H$9="","",IF($E37="","",IF(OFFSET(INDEX([14]CRONO!$A:$AD,10,MATCH(H$9,[14]CRONO!$10:$10,0)),13,0)=0,"",IF(OFFSET(INDEX([14]CRONO!$A:$AD,10,MATCH(H$9,[14]CRONO!$10:$10,0)),13,0)="x",$F37,"ERRO")))) -> #VALUE! | I37: =IF(I$9="","",IF($E37="","",IF(OFFSET(INDEX([14]CRONO!$A:$AD,10,MATCH(I$9,[14]CRONO!$10:$10,0)),13,0)=0,"",IF(OFFSET(INDEX([14]CRONO!$A:$AD,10,MATCH(I$9,[14]CRONO!$10:$10,0)),13,0)="x",$F37,"ERRO")))) -> #VALUE! | J37: =IF(J$9="","",IF($E37="","",IF(OFFSET(INDEX([14]CRONO!$A:$AD,10,MATCH(J$9,[14]CRONO!$10:$10,0)),13,0)=0,"",IF(OFFSET(INDEX([14]CRONO!$A:$AD,10,MATCH(J$9,[14]CRONO!$10:$10,0)),13,0)="x",$F37,"ERRO")))) -> #VALUE! | K37: =IF(K$9="","",IF($E37="","",IF(OFFSET(INDEX([14]CRONO!$A:$AD,10,MATCH(K$9,[14]CRONO!$10:$10,0)),13,0)=0,"",IF(OFFSET(INDEX([14]CRONO!$A:$AD,10,MATCH(K$9,[14]CRONO!$10:$10,0)),13,0)="x",$F37,"ERRO")))) -> #VALUE! | L37: =IF(L$9="","",IF($E37="","",IF(OFFSET(INDEX([14]CRONO!$A:$AD,10,MATCH(L$9,[14]CRONO!$10:$10,0)),13,0)=0,"",IF(OFFSET(INDEX([14]CRONO!$A:$AD,10,MATCH(L$9,[14]CRONO!$10:$10,0)),13,0)="x",$F37,"ERRO")))) -> #VALUE! | M37: =IF(M$9="","",IF($E37="","",IF(OFFSET(INDEX([14]CRONO!$A:$AD,10,MATCH(M$9,[14]CRONO!$10:$10,0)),13,0)=0,"",IF(OFFSET(INDEX([14]CRONO!$A:$AD,10,MATCH(M$9,[14]CRONO!$10:$10,0)),13,0)="x",$F37,"ERRO")))) -> #VALUE! | N37: =IF(N$9="","",IF($E37="","",IF(OFFSET(INDEX([14]CRONO!$A:$AD,10,MATCH(N$9,[14]CRONO!$10:$10,0)),13,0)=0,"",IF(OFFSET(INDEX([14]CRONO!$A:$AD,10,MATCH(N$9,[14]CRONO!$10:$10,0)),13,0)="x",$F37,"ERRO")))) -> #VALUE! | ... R37: =IF(R$9="","",IF($E37="","",IF(OFFSET(INDEX([14]CRONO!$A:$AD,10,MATCH(R$9,[14]CRONO!$10:$10,0)),13,0)=0,"",IF(OFFSET(INDEX([14]CRONO!$A:$AD,10,MATCH(R$9,[14]CRONO!$10:$10,0)),13,0)="x",$F37,"ERRO")))) -> #VALUE! | AA37: =IF(AA$9="","",IF($E37="","",IF(OFFSET(INDEX([14]CRONO!$A:$AD,10,MATCH(AA$9,[14]CRONO!$10:$10,0)),13,0)=0,"",IF(OFFSET(INDEX([14]CRONO!$A:$AD,10,MATCH(AA$9,[14]CRONO!$10:$10,0)),13,0)="x",$F37,"ERRO")))) -> #VALUE! | AB37: =IF(AB$9="","",IF($E37="","",IF(OFFSET(INDEX([14]CRONO!$A:$AD,10,MATCH(AB$9,[14]CRONO!$10:$10,0)),13,0)=0,"",IF(OFFSET(INDEX([14]CRONO!$A:$AD,10,MATCH(AB$9,[14]CRONO!$10:$10,0)),13,0)="x",$F37,"ERRO")))) -> #VALUE! | AC37: =IF(AC$9="","",IF($E37="","",IF(OFFSET(INDEX([14]CRONO!$A:$AD,10,MATCH(AC$9,[14]CRONO!$10:$10,0)),13,0)=0,"",IF(OFFSET(INDEX([14]CRONO!$A:$AD,10,MATCH(AC$9,[14]CRONO!$10:$10,0)),13,0)="x",$F37,"ERRO")))) -> #VALUE! | AD37: =IF(AD$9="","",IF($E37="","",IF(OFFSET(INDEX([14]CRONO!$A:$AD,10,MATCH(AD$9,[14]CRONO!$10:$10,0)),13,0)=0,"",IF(OFFSET(INDEX([14]CRONO!$A:$AD,10,MATCH(AD$9,[14]CRONO!$10:$10,0)),13,0)="x",$F37,"ERRO")))) -> #VALUE!
C38: =IF(D38<>"","8.","") -> 8. | D38: =IFERROR(INDEX([14]COMPOR!$A:$J,MATCH("8.",[14]COMPOR!$I:$I,0),10),"") -> OBRAS COMPLEMENTARES
C39: =IF("IH"=LEFT('[14]ABC INS.'!AL6,2),'[14]ABC INS.'!AL6,"") -> IH9805 | D39: =IF($C39="","",INDEX('[14]ABC INS.'!$AC:$AK,MATCH($C39,'[14]ABC INS.'!$AI:$AI,0),8)) -> ARMADOR | E39: =IF($C39="","",INDEX('[14]ABC INS.'!$AC:$AK,MATCH($C39,'[14]ABC INS.'!$AI:$AI,0),9)) -> 29567.79 | F39: =IF($E39="","",ROUNDUP($E39/(182.49*(COUNTIF([14]CRONO!$38:$38,"x"))),0)) -> 17 | G39: =IF(G$9="","",IF($E39="","",IF(OFFSET(INDEX([14]CRONO!$A:$AD,10,MATCH(G$9,[14]CRONO!$10:$10,0)),13,0)=0,"",IF(OFFSET(INDEX([14]CRONO!$A:$AD,10,MATCH(G$9,[14]CRONO!$10:$10,0)),13,0)="x",$F39,"ERRO")))) -> #VALUE! | R39: =IF(R$9="","",IF($E39="","",IF(OFFSET(INDEX([14]CRONO!$A:$AD,10,MATCH(R$9,[14]CRONO!$10:$10,0)),13,0)=0,"",IF(OFFSET(INDEX([14]CRONO!$A:$AD,10,MATCH(R$9,[14]CRONO!$10:$10,0)),13,0)="x",$F39,"ERRO")))) -> #VALUE! | S39: =IF(S$9="","",IF($E39="","",IF(OFFSET(INDEX([14]CRONO!$A:$AD,10,MATCH(S$9,[14]CRONO!$10:$10,0)),13,0)=0,"",IF(OFFSET(INDEX([14]CRONO!$A:$AD,10,MATCH(S$9,[14]CRONO!$10:$10,0)),13,0)="x",$F39,"ERRO")))) -> #VALUE! | T39: =IF(T$9="","",IF($E39="","",IF(OFFSET(INDEX([14]CRONO!$A:$AD,10,MATCH(T$9,[14]CRONO!$10:$10,0)),13,0)=0,"",IF(OFFSET(INDEX([14]CRONO!$A:$AD,10,MATCH(T$9,[14]CRONO!$10:$10,0)),13,0)="x",$F39,"ERRO")))) -> #VALUE! | U39: =IF(U$9="","",IF($E39="","",IF(OFFSET(INDEX([14]CRONO!$A:$AD,10,MATCH(U$9,[14]CRONO!$10:$10,0)),13,0)=0,"",IF(OFFSET(INDEX([14]CRONO!$A:$AD,10,MATCH(U$9,[14]CRONO!$10:$10,0)),13,0)="x",$F39,"ERRO")))) -> #VALUE! | V39: =IF(V$9="","",IF($E39="","",IF(OFFSET(INDEX([14]CRONO!$A:$AD,10,MATCH(V$9,[14]CRONO!$10:$10,0)),13,0)=0,"",IF(OFFSET(INDEX([14]CRONO!$A:$AD,10,MATCH(V$9,[14]CRONO!$10:$10,0)),13,0)="x",$F39,"ERRO")))) -> #VALUE! | W39: =IF(W$9="","",IF($E39="","",IF(OFFSET(INDEX([14]CRONO!$A:$AD,10,MATCH(W$9,[14]CRONO!$10:$10,0)),13,0)=0,"",IF(OFFSET(INDEX([14]CRONO!$A:$AD,10,MATCH(W$9,[14]CRONO!$10:$10,0)),13,0)="x",$F39,"ERRO")))) -> #VALUE! | X39: =IF(X$9="","",IF($E39="","",IF(OFFSET(INDEX([14]CRONO!$A:$AD,10,MATCH(X$9,[14]CRONO!$10:$10,0)),13,0)=0,"",IF(OFFSET(INDEX([14]CRONO!$A:$AD,10,MATCH(X$9,[14]CRONO!$10:$10,0)),13,0)="x",$F39,"ERRO")))) -> #VALUE! | Y39: =IF(Y$9="","",IF($E39="","",IF(OFFSET(INDEX([14]CRONO!$A:$AD,10,MATCH(Y$9,[14]CRONO!$10:$10,0)),13,0)=0,"",IF(OFFSET(INDEX([14]CRONO!$A:$AD,10,MATCH(Y$9,[14]CRONO!$10:$10,0)),13,0)="x",$F39,"ERRO")))) -> #VALUE! | Z39: =IF(Z$9="","",IF($E39="","",IF(OFFSET(INDEX([14]CRONO!$A:$AD,10,MATCH(Z$9,[14]CRONO!$10:$10,0)),13,0)=0,"",IF(OFFSET(INDEX([14]CRONO!$A:$AD,10,MATCH(Z$9,[14]CRONO!$10:$10,0)),13,0)="x",$F39,"ERRO")))) -> #VALUE! | AA39: 17 | AB39: 17 | AC39: 17 | AD39: =IF(AD$9="","",IF($E39="","",IF(OFFSET(INDEX([14]CRONO!$A:$AD,10,MATCH(AD$9,[14]CRONO!$10:$10,0)),13,0)=0,"",IF(OFFSET(INDEX([14]CRONO!$A:$AD,10,MATCH(AD$9,[14]CRONO!$10:$10,0)),13,0)="x",$F39,"ERRO")))) -> #VALUE!
C40: =IF("IH"=LEFT('[14]ABC INS.'!AL7,2),'[14]ABC INS.'!AL7,"") -> IH9801 | D40: =IF($C40="","",INDEX('[14]ABC INS.'!$AC:$AK,MATCH($C40,'[14]ABC INS.'!$AI:$AI,0),8)) -> AJUDANTE | E40: =IF($C40="","",INDEX('[14]ABC INS.'!$AC:$AK,MATCH($C40,'[14]ABC INS.'!$AI:$AI,0),9)) -> 37135.02 | F40: =IF($E40="","",ROUNDUP($E40/(182.49*(COUNTIF([14]CRONO!$38:$38,"x"))),0)) -> 21 | G40: =IF(G$9="","",IF($E40="","",IF(OFFSET(INDEX([14]CRONO!$A:$AD,10,MATCH(G$9,[14]CRONO!$10:$10,0)),13,0)=0,"",IF(OFFSET(INDEX([14]CRONO!$A:$AD,10,MATCH(G$9,[14]CRONO!$10:$10,0)),13,0)="x",$F40,"ERRO")))) -> #VALUE! | R40: =IF(R$9="","",IF($E40="","",IF(OFFSET(INDEX([14]CRONO!$A:$AD,10,MATCH(R$9,[14]CRONO!$10:$10,0)),13,0)=0,"",IF(OFFSET(INDEX([14]CRONO!$A:$AD,10,MATCH(R$9,[14]CRONO!$10:$10,0)),13,0)="x",$F40,"ERRO")))) -> #VALUE! | S40: =IF(S$9="","",IF($E40="","",IF(OFFSET(INDEX([14]CRONO!$A:$AD,10,MATCH(S$9,[14]CRONO!$10:$10,0)),13,0)=0,"",IF(OFFSET(INDEX([14]CRONO!$A:$AD,10,MATCH(S$9,[14]CRONO!$10:$10,0)),13,0)="x",$F40,"ERRO")))) -> #VALUE! | T40: =IF(T$9="","",IF($E40="","",IF(OFFSET(INDEX([14]CRONO!$A:$AD,10,MATCH(T$9,[14]CRONO!$10:$10,0)),13,0)=0,"",IF(OFFSET(INDEX([14]CRONO!$A:$AD,10,MATCH(T$9,[14]CRONO!$10:$10,0)),13,0)="x",$F40,"ERRO")))) -> #VALUE! | U40: =IF(U$9="","",IF($E40="","",IF(OFFSET(INDEX([14]CRONO!$A:$AD,10,MATCH(U$9,[14]CRONO!$10:$10,0)),13,0)=0,"",IF(OFFSET(INDEX([14]CRONO!$A:$AD,10,MATCH(U$9,[14]CRONO!$10:$10,0)),13,0)="x",$F40,"ERRO")))) -> #VALUE! | V40: =IF(V$9="","",IF($E40="","",IF(OFFSET(INDEX([14]CRONO!$A:$AD,10,MATCH(V$9,[14]CRONO!$10:$10,0)),13,0)=0,"",IF(OFFSET(INDEX([14]CRONO!$A:$AD,10,MATCH(V$9,[14]CRONO!$10:$10,0)),13,0)="x",$F40,"ERRO")))) -> #VALUE! | W40: =IF(W$9="","",IF($E40="","",IF(OFFSET(INDEX([14]CRONO!$A:$AD,10,MATCH(W$9,[14]CRONO!$10:$10,0)),13,0)=0,"",IF(OFFSET(INDEX([14]CRONO!$A:$AD,10,MATCH(W$9,[14]CRONO!$10:$10,0)),13,0)="x",$F40,"ERRO")))) -> #VALUE! | X40: =IF(X$9="","",IF($E40="","",IF(OFFSET(INDEX([14]CRONO!$A:$AD,10,MATCH(X$9,[14]CRONO!$10:$10,0)),13,0)=0,"",IF(OFFSET(INDEX([14]CRONO!$A:$AD,10,MATCH(X$9,[14]CRONO!$10:$10,0)),13,0)="x",$F40,"ERRO")))) -> #VALUE! | Y40: =IF(Y$9="","",IF($E40="","",IF(OFFSET(INDEX([14]CRONO!$A:$AD,10,MATCH(Y$9,[14]CRONO!$10:$10,0)),13,0)=0,"",IF(OFFSET(INDEX([14]CRONO!$A:$AD,10,MATCH(Y$9,[14]CRONO!$10:$10,0)),13,0)="x",$F40,"ERRO")))) -> #VALUE! | Z40: =IF(Z$9="","",IF($E40="","",IF(OFFSET(INDEX([14]CRONO!$A:$AD,10,MATCH(Z$9,[14]CRONO!$10:$10,0)),13,0)=0,"",IF(OFFSET(INDEX([14]CRONO!$A:$AD,10,MATCH(Z$9,[14]CRONO!$10:$10,0)),13,0)="x",$F40,"ERRO")))) -> #VALUE! | AA40: 21 | AB40: 21 | AC40: 21 | AD40: =IF(AD$9="","",IF($E40="","",IF(OFFSET(INDEX([14]CRONO!$A:$AD,10,MATCH(AD$9,[14]CRONO!$10:$10,0)),13,0)=0,"",IF(OFFSET(INDEX([14]CRONO!$A:$AD,10,MATCH(AD$9,[14]CRONO!$10:$10,0)),13,0)="x",$F40,"ERRO")))) -> #VALUE!
C41: =IF("IH"=LEFT('[14]ABC INS.'!AL8,2),'[14]ABC INS.'!AL8,"") -> IH9830 | D41: =IF($C41="","",INDEX('[14]ABC INS.'!$AC:$AK,MATCH($C41,'[14]ABC INS.'!$AI:$AI,0),8)) -> MONTADOR | E41: =IF($C41="","",INDEX('[14]ABC INS.'!$AC:$AK,MATCH($C41,'[14]ABC INS.'!$AI:$AI,0),9)) -> 3779.73 | F41: =IF($E41="","",ROUNDUP($E41/(182.49*(COUNTIF([14]CRONO!$38:$38,"x"))),0)) -> 3 | G41: =IF(G$9="","",IF($E41="","",IF(OFFSET(INDEX([14]CRONO!$A:$AD,10,MATCH(G$9,[14]CRONO!$10:$10,0)),13,0)=0,"",IF(OFFSET(INDEX([14]CRONO!$A:$AD,10,MATCH(G$9,[14]CRONO!$10:$10,0)),13,0)="x",$F41,"ERRO")))) -> #VALUE! | R41: =IF(R$9="","",IF($E41="","",IF(OFFSET(INDEX([14]CRONO!$A:$AD,10,MATCH(R$9,[14]CRONO!$10:$10,0)),13,0)=0,"",IF(OFFSET(INDEX([14]CRONO!$A:$AD,10,MATCH(R$9,[14]CRONO!$10:$10,0)),13,0)="x",$F41,"ERRO")))) -> #VALUE! | S41: =IF(S$9="","",IF($E41="","",IF(OFFSET(INDEX([14]CRONO!$A:$AD,10,MATCH(S$9,[14]CRONO!$10:$10,0)),13,0)=0,"",IF(OFFSET(INDEX([14]CRONO!$A:$AD,10,MATCH(S$9,[14]CRONO!$10:$10,0)),13,0)="x",$F41,"ERRO")))) -> #VALUE! | T41: =IF(T$9="","",IF($E41="","",IF(OFFSET(INDEX([14]CRONO!$A:$AD,10,MATCH(T$9,[14]CRONO!$10:$10,0)),13,0)=0,"",IF(OFFSET(INDEX([14]CRONO!$A:$AD,10,MATCH(T$9,[14]CRONO!$10:$10,0)),13,0)="x",$F41,"ERRO")))) -> #VALUE! | U41: =IF(U$9="","",IF($E41="","",IF(OFFSET(INDEX([14]CRONO!$A:$AD,10,MATCH(U$9,[14]CRONO!$10:$10,0)),13,0)=0,"",IF(OFFSET(INDEX([14]CRONO!$A:$AD,10,MATCH(U$9,[14]CRONO!$10:$10,0)),13,0)="x",$F41,"ERRO")))) -> #VALUE! | V41: =IF(V$9="","",IF($E41="","",IF(OFFSET(INDEX([14]CRONO!$A:$AD,10,MATCH(V$9,[14]CRONO!$10:$10,0)),13,0)=0,"",IF(OFFSET(INDEX([14]CRONO!$A:$AD,10,MATCH(V$9,[14]CRONO!$10:$10,0)),13,0)="x",$F41,"ERRO")))) -> #VALUE! | W41: =IF(W$9="","",IF($E41="","",IF(OFFSET(INDEX([14]CRONO!$A:$AD,10,MATCH(W$9,[14]CRONO!$10:$10,0)),13,0)=0,"",IF(OFFSET(INDEX([14]CRONO!$A:$AD,10,MATCH(W$9,[14]CRONO!$10:$10,0)),13,0)="x",$F41,"ERRO")))) -> #VALUE! | X41: =IF(X$9="","",IF($E41="","",IF(OFFSET(INDEX([14]CRONO!$A:$AD,10,MATCH(X$9,[14]CRONO!$10:$10,0)),13,0)=0,"",IF(OFFSET(INDEX([14]CRONO!$A:$AD,10,MATCH(X$9,[14]CRONO!$10:$10,0)),13,0)="x",$F41,"ERRO")))) -> #VALUE! | Y41: =IF(Y$9="","",IF($E41="","",IF(OFFSET(INDEX([14]CRONO!$A:$AD,10,MATCH(Y$9,[14]CRONO!$10:$10,0)),13,0)=0,"",IF(OFFSET(INDEX([14]CRONO!$A:$AD,10,MATCH(Y$9,[14]CRONO!$10:$10,0)),13,0)="x",$F41,"ERRO")))) -> #VALUE! | Z41: =IF(Z$9="","",IF($E41="","",IF(OFFSET(INDEX([14]CRONO!$A:$AD,10,MATCH(Z$9,[14]CRONO!$10:$10,0)),13,0)=0,"",IF(OFFSET(INDEX([14]CRONO!$A:$AD,10,MATCH(Z$9,[14]CRONO!$10:$10,0)),13,0)="x",$F41,"ERRO")))) -> #VALUE! | AA41: 3 | AB41: 3 | AC41: 3 | AD41: =IF(AD$9="","",IF($E41="","",IF(OFFSET(INDEX([14]CRONO!$A:$AD,10,MATCH(AD$9,[14]CRONO!$10:$10,0)),13,0)=0,"",IF(OFFSET(INDEX([14]CRONO!$A:$AD,10,MATCH(AD$9,[14]CRONO!$10:$10,0)),13,0)="x",$F41,"ERRO")))) -> #VALUE!
C42: =IF("IH"=LEFT('[14]ABC INS.'!AL9,2),'[14]ABC INS.'!AL9,"") -> IH9824 | D42: =IF($C42="","",INDEX('[14]ABC INS.'!$AC:$AK,MATCH($C42,'[14]ABC INS.'!$AI:$AI,0),8)) -> SERVENTE | E42: =IF($C42="","",INDEX('[14]ABC INS.'!$AC:$AK,MATCH($C42,'[14]ABC INS.'!$AI:$AI,0),9)) -> 34178.85 | F42: =IF($E42="","",ROUNDUP($E42/(182.49*(COUNTIF([14]CRONO!$38:$38,"x"))),0)) -> 19 | G42: =IF(G$9="","",IF($E42="","",IF(OFFSET(INDEX([14]CRONO!$A:$AD,10,MATCH(G$9,[14]CRONO!$10:$10,0)),13,0)=0,"",IF(OFFSET(INDEX([14]CRONO!$A:$AD,10,MATCH(G$9,[14]CRONO!$10:$10,0)),13,0)="x",$F42,"ERRO")))) -> #VALUE! | R42: =IF(R$9="","",IF($E42="","",IF(OFFSET(INDEX([14]CRONO!$A:$AD,10,MATCH(R$9,[14]CRONO!$10:$10,0)),13,0)=0,"",IF(OFFSET(INDEX([14]CRONO!$A:$AD,10,MATCH(R$9,[14]CRONO!$10:$10,0)),13,0)="x",$F42,"ERRO")))) -> #VALUE! | S42: =IF(S$9="","",IF($E42="","",IF(OFFSET(INDEX([14]CRONO!$A:$AD,10,MATCH(S$9,[14]CRONO!$10:$10,0)),13,0)=0,"",IF(OFFSET(INDEX([14]CRONO!$A:$AD,10,MATCH(S$9,[14]CRONO!$10:$10,0)),13,0)="x",$F42,"ERRO")))) -> #VALUE! | T42: =IF(T$9="","",IF($E42="","",IF(OFFSET(INDEX([14]CRONO!$A:$AD,10,MATCH(T$9,[14]CRONO!$10:$10,0)),13,0)=0,"",IF(OFFSET(INDEX([14]CRONO!$A:$AD,10,MATCH(T$9,[14]CRONO!$10:$10,0)),13,0)="x",$F42,"ERRO")))) -> #VALUE! | U42: =IF(U$9="","",IF($E42="","",IF(OFFSET(INDEX([14]CRONO!$A:$AD,10,MATCH(U$9,[14]CRONO!$10:$10,0)),13,0)=0,"",IF(OFFSET(INDEX([14]CRONO!$A:$AD,10,MATCH(U$9,[14]CRONO!$10:$10,0)),13,0)="x",$F42,"ERRO")))) -> #VALUE! | V42: =IF(V$9="","",IF($E42="","",IF(OFFSET(INDEX([14]CRONO!$A:$AD,10,MATCH(V$9,[14]CRONO!$10:$10,0)),13,0)=0,"",IF(OFFSET(INDEX([14]CRONO!$A:$AD,10,MATCH(V$9,[14]CRONO!$10:$10,0)),13,0)="x",$F42,"ERRO")))) -> #VALUE! | W42: =IF(W$9="","",IF($E42="","",IF(OFFSET(INDEX([14]CRONO!$A:$AD,10,MATCH(W$9,[14]CRONO!$10:$10,0)),13,0)=0,"",IF(OFFSET(INDEX([14]CRONO!$A:$AD,10,MATCH(W$9,[14]CRONO!$10:$10,0)),13,0)="x",$F42,"ERRO")))) -> #VALUE! | X42: =IF(X$9="","",IF($E42="","",IF(OFFSET(INDEX([14]CRONO!$A:$AD,10,MATCH(X$9,[14]CRONO!$10:$10,0)),13,0)=0,"",IF(OFFSET(INDEX([14]CRONO!$A:$AD,10,MATCH(X$9,[14]CRONO!$10:$10,0)),13,0)="x",$F42,"ERRO")))) -> #VALUE! | Y42: =IF(Y$9="","",IF($E42="","",IF(OFFSET(INDEX([14]CRONO!$A:$AD,10,MATCH(Y$9,[14]CRONO!$10:$10,0)),13,0)=0,"",IF(OFFSET(INDEX([14]CRONO!$A:$AD,10,MATCH(Y$9,[14]CRONO!$10:$10,0)),13,0)="x",$F42,"ERRO")))) -> #VALUE! | Z42: =IF(Z$9="","",IF($E42="","",IF(OFFSET(INDEX([14]CRONO!$A:$AD,10,MATCH(Z$9,[14]CRONO!$10:$10,0)),13,0)=0,"",IF(OFFSET(INDEX([14]CRONO!$A:$AD,10,MATCH(Z$9,[14]CRONO!$10:$10,0)),13,0)="x",$F42,"ERRO")))) -> #VALUE! | AA42: 19 | AB42: 19 | AC42: 19 | AD42: =IF(AD$9="","",IF($E42="","",IF(OFFSET(INDEX([14]CRONO!$A:$AD,10,MATCH(AD$9,[14]CRONO!$10:$10,0)),13,0)=0,"",IF(OFFSET(INDEX([14]CRONO!$A:$AD,10,MATCH(AD$9,[14]CRONO!$10:$10,0)),13,0)="x",$F42,"ERRO")))) -> #VALUE!
C43: =IF("IH"=LEFT('[14]ABC INS.'!AL10,2),'[14]ABC INS.'!AL10,"") -> IH9825 | D43: =IF($C43="","",INDEX('[14]ABC INS.'!$AC:$AK,MATCH($C43,'[14]ABC INS.'!$AI:$AI,0),8)) -> SOLDADOR | E43: =IF($C43="","",INDEX('[14]ABC INS.'!$AC:$AK,MATCH($C43,'[14]ABC INS.'!$AI:$AI,0),9)) -> 20.33 | F43: =IF($E43="","",ROUNDUP($E43/(182.49*(COUNTIF([14]CRONO!$38:$38,"x"))),0)) -> 1 | G43: =IF(G$9="","",IF($E43="","",IF(OFFSET(INDEX([14]CRONO!$A:$AD,10,MATCH(G$9,[14]CRONO!$10:$10,0)),13,0)=0,"",IF(OFFSET(INDEX([14]CRONO!$A:$AD,10,MATCH(G$9,[14]CRONO!$10:$10,0)),13,0)="x",$F43,"ERRO")))) -> #VALUE! | R43: =IF(R$9="","",IF($E43="","",IF(OFFSET(INDEX([14]CRONO!$A:$AD,10,MATCH(R$9,[14]CRONO!$10:$10,0)),13,0)=0,"",IF(OFFSET(INDEX([14]CRONO!$A:$AD,10,MATCH(R$9,[14]CRONO!$10:$10,0)),13,0)="x",$F43,"ERRO")))) -> #VALUE! | S43: =IF(S$9="","",IF($E43="","",IF(OFFSET(INDEX([14]CRONO!$A:$AD,10,MATCH(S$9,[14]CRONO!$10:$10,0)),13,0)=0,"",IF(OFFSET(INDEX([14]CRONO!$A:$AD,10,MATCH(S$9,[14]CRONO!$10:$10,0)),13,0)="x",$F43,"ERRO")))) -> #VALUE! | T43: =IF(T$9="","",IF($E43="","",IF(OFFSET(INDEX([14]CRONO!$A:$AD,10,MATCH(T$9,[14]CRONO!$10:$10,0)),13,0)=0,"",IF(OFFSET(INDEX([14]CRONO!$A:$AD,10,MATCH(T$9,[14]CRONO!$10:$10,0)),13,0)="x",$F43,"ERRO")))) -> #VALUE! | U43: =IF(U$9="","",IF($E43="","",IF(OFFSET(INDEX([14]CRONO!$A:$AD,10,MATCH(U$9,[14]CRONO!$10:$10,0)),13,0)=0,"",IF(OFFSET(INDEX([14]CRONO!$A:$AD,10,MATCH(U$9,[14]CRONO!$10:$10,0)),13,0)="x",$F43,"ERRO")))) -> #VALUE! | V43: =IF(V$9="","",IF($E43="","",IF(OFFSET(INDEX([14]CRONO!$A:$AD,10,MATCH(V$9,[14]CRONO!$10:$10,0)),13,0)=0,"",IF(OFFSET(INDEX([14]CRONO!$A:$AD,10,MATCH(V$9,[14]CRONO!$10:$10,0)),13,0)="x",$F43,"ERRO")))) -> #VALUE! | W43: =IF(W$9="","",IF($E43="","",IF(OFFSET(INDEX([14]CRONO!$A:$AD,10,MATCH(W$9,[14]CRONO!$10:$10,0)),13,0)=0,"",IF(OFFSET(INDEX([14]CRONO!$A:$AD,10,MATCH(W$9,[14]CRONO!$10:$10,0)),13,0)="x",$F43,"ERRO")))) -> #VALUE! | X43: =IF(X$9="","",IF($E43="","",IF(OFFSET(INDEX([14]CRONO!$A:$AD,10,MATCH(X$9,[14]CRONO!$10:$10,0)),13,0)=0,"",IF(OFFSET(INDEX([14]CRONO!$A:$AD,10,MATCH(X$9,[14]CRONO!$10:$10,0)),13,0)="x",$F43,"ERRO")))) -> #VALUE! | Y43: =IF(Y$9="","",IF($E43="","",IF(OFFSET(INDEX([14]CRONO!$A:$AD,10,MATCH(Y$9,[14]CRONO!$10:$10,0)),13,0)=0,"",IF(OFFSET(INDEX([14]CRONO!$A:$AD,10,MATCH(Y$9,[14]CRONO!$10:$10,0)),13,0)="x",$F43,"ERRO")))) -> #VALUE! | Z43: =IF(Z$9="","",IF($E43="","",IF(OFFSET(INDEX([14]CRONO!$A:$AD,10,MATCH(Z$9,[14]CRONO!$10:$10,0)),13,0)=0,"",IF(OFFSET(INDEX([14]CRONO!$A:$AD,10,MATCH(Z$9,[14]CRONO!$10:$10,0)),13,0)="x",$F43,"ERRO")))) -> #VALUE! | AA43: 1 | AB43: 1 | AC43: 1 | AD43: =IF(AD$9="","",IF($E43="","",IF(OFFSET(INDEX([14]CRONO!$A:$AD,10,MATCH(AD$9,[14]CRONO!$10:$10,0)),13,0)=0,"",IF(OFFSET(INDEX([14]CRONO!$A:$AD,10,MATCH(AD$9,[14]CRONO!$10:$10,0)),13,0)="x",$F43,"ERRO")))) -> #VALUE!
C44: =IF("IH"=LEFT('[14]ABC INS.'!AL11,2),'[14]ABC INS.'!AL11,"") -> IH9823 | D44: =IF($C44="","",INDEX('[14]ABC INS.'!$AC:$AK,MATCH($C44,'[14]ABC INS.'!$AI:$AI,0),8)) -> SERRALHEIRO | E44: =IF($C44="","",INDEX('[14]ABC INS.'!$AC:$AK,MATCH($C44,'[14]ABC INS.'!$AI:$AI,0),9)) -> 16.66 | F44: =IF($E44="","",ROUNDUP($E44/(182.49*(COUNTIF([14]CRONO!$38:$38,"x"))),0)) -> 1 | G44: =IF(G$9="","",IF($E44="","",IF(OFFSET(INDEX([14]CRONO!$A:$AD,10,MATCH(G$9,[14]CRONO!$10:$10,0)),13,0)=0,"",IF(OFFSET(INDEX([14]CRONO!$A:$AD,10,MATCH(G$9,[14]CRONO!$10:$10,0)),13,0)="x",$F44,"ERRO")))) -> #VALUE! | R44: =IF(R$9="","",IF($E44="","",IF(OFFSET(INDEX([14]CRONO!$A:$AD,10,MATCH(R$9,[14]CRONO!$10:$10,0)),13,0)=0,"",IF(OFFSET(INDEX([14]CRONO!$A:$AD,10,MATCH(R$9,[14]CRONO!$10:$10,0)),13,0)="x",$F44,"ERRO")))) -> #VALUE! | S44: =IF(S$9="","",IF($E44="","",IF(OFFSET(INDEX([14]CRONO!$A:$AD,10,MATCH(S$9,[14]CRONO!$10:$10,0)),13,0)=0,"",IF(OFFSET(INDEX([14]CRONO!$A:$AD,10,MATCH(S$9,[14]CRONO!$10:$10,0)),13,0)="x",$F44,"ERRO")))) -> #VALUE! | T44: =IF(T$9="","",IF($E44="","",IF(OFFSET(INDEX([14]CRONO!$A:$AD,10,MATCH(T$9,[14]CRONO!$10:$10,0)),13,0)=0,"",IF(OFFSET(INDEX([14]CRONO!$A:$AD,10,MATCH(T$9,[14]CRONO!$10:$10,0)),13,0)="x",$F44,"ERRO")))) -> #VALUE! | U44: =IF(U$9="","",IF($E44="","",IF(OFFSET(INDEX([14]CRONO!$A:$AD,10,MATCH(U$9,[14]CRONO!$10:$10,0)),13,0)=0,"",IF(OFFSET(INDEX([14]CRONO!$A:$AD,10,MATCH(U$9,[14]CRONO!$10:$10,0)),13,0)="x",$F44,"ERRO")))) -> #VALUE! | V44: =IF(V$9="","",IF($E44="","",IF(OFFSET(INDEX([14]CRONO!$A:$AD,10,MATCH(V$9,[14]CRONO!$10:$10,0)),13,0)=0,"",IF(OFFSET(INDEX([14]CRONO!$A:$AD,10,MATCH(V$9,[14]CRONO!$10:$10,0)),13,0)="x",$F44,"ERRO")))) -> #VALUE! | W44: =IF(W$9="","",IF($E44="","",IF(OFFSET(INDEX([14]CRONO!$A:$AD,10,MATCH(W$9,[14]CRONO!$10:$10,0)),13,0)=0,"",IF(OFFSET(INDEX([14]CRONO!$A:$AD,10,MATCH(W$9,[14]CRONO!$10:$10,0)),13,0)="x",$F44,"ERRO")))) -> #VALUE! | X44: =IF(X$9="","",IF($E44="","",IF(OFFSET(INDEX([14]CRONO!$A:$AD,10,MATCH(X$9,[14]CRONO!$10:$10,0)),13,0)=0,"",IF(OFFSET(INDEX([14]CRONO!$A:$AD,10,MATCH(X$9,[14]CRONO!$10:$10,0)),13,0)="x",$F44,"ERRO")))) -> #VALUE! | Y44: =IF(Y$9="","",IF($E44="","",IF(OFFSET(INDEX([14]CRONO!$A:$AD,10,MATCH(Y$9,[14]CRONO!$10:$10,0)),13,0)=0,"",IF(OFFSET(INDEX([14]CRONO!$A:$AD,10,MATCH(Y$9,[14]CRONO!$10:$10,0)),13,0)="x",$F44,"ERRO")))) -> #VALUE! | Z44: =IF(Z$9="","",IF($E44="","",IF(OFFSET(INDEX([14]CRONO!$A:$AD,10,MATCH(Z$9,[14]CRONO!$10:$10,0)),13,0)=0,"",IF(OFFSET(INDEX([14]CRONO!$A:$AD,10,MATCH(Z$9,[14]CRONO!$10:$10,0)),13,0)="x",$F44,"ERRO")))) -> #VALUE! | AA44: 1 | AB44: 1 | AC44: 1 | AD44: =IF(AD$9="","",IF($E44="","",IF(OFFSET(INDEX([14]CRONO!$A:$AD,10,MATCH(AD$9,[14]CRONO!$10:$10,0)),13,0)=0,"",IF(OFFSET(INDEX([14]CRONO!$A:$AD,10,MATCH(AD$9,[14]CRONO!$10:$10,0)),13,0)="x",$F44,"ERRO")))) -> #VALUE!
C45: =IF(D45<>"","9.","") -> 9. | D45: =IFERROR(INDEX([14]COMPOR!$A:$J,MATCH("9.",[14]COMPOR!$I:$I,0),10),"") -> SINALIZAÇÃO
C46: =IF("IH"=LEFT('[14]ABC INS.'!AU6,2),'[14]ABC INS.'!AU6,"") -> IH9824 | D46: =IF($C46="","",INDEX('[14]ABC INS.'!$AU:$BC,MATCH($C46,'[14]ABC INS.'!$BA:$BA,0),8)) -> SERVENTE | E46: =IF($C46="","",INDEX('[14]ABC INS.'!$AU:$BC,MATCH($C46,'[14]ABC INS.'!$BA:$BA,0),9)) -> 17980.2 | F46: =IF($E46="","",ROUNDUP($E46/(182.49*(COUNTIF([14]CRONO!$42:$42,"x"))),0)) -> 11 | G46: =IF(G$9="","",IF($E46="","",IF(OFFSET(INDEX([14]CRONO!$A:$AD,10,MATCH(G$9,[14]CRONO!$10:$10,0)),13,0)=0,"",IF(OFFSET(INDEX([14]CRONO!$A:$AD,10,MATCH(G$9,[14]CRONO!$10:$10,0)),13,0)="x",$F46,"ERRO")))) -> #VALUE! | V46: =IF(V$9="","",IF($E46="","",IF(OFFSET(INDEX([14]CRONO!$A:$AD,10,MATCH(V$9,[14]CRONO!$10:$10,0)),13,0)=0,"",IF(OFFSET(INDEX([14]CRONO!$A:$AD,10,MATCH(V$9,[14]CRONO!$10:$10,0)),13,0)="x",$F46,"ERRO")))) -> #VALUE! | W46: =IF(W$9="","",IF($E46="","",IF(OFFSET(INDEX([14]CRONO!$A:$AD,10,MATCH(W$9,[14]CRONO!$10:$10,0)),13,0)=0,"",IF(OFFSET(INDEX([14]CRONO!$A:$AD,10,MATCH(W$9,[14]CRONO!$10:$10,0)),13,0)="x",$F46,"ERRO")))) -> #VALUE! | X46: =IF(X$9="","",IF($E46="","",IF(OFFSET(INDEX([14]CRONO!$A:$AD,10,MATCH(X$9,[14]CRONO!$10:$10,0)),13,0)=0,"",IF(OFFSET(INDEX([14]CRONO!$A:$AD,10,MATCH(X$9,[14]CRONO!$10:$10,0)),13,0)="x",$F46,"ERRO")))) -> #VALUE! | Y46: =IF(Y$9="","",IF($E46="","",IF(OFFSET(INDEX([14]CRONO!$A:$AD,10,MATCH(Y$9,[14]CRONO!$10:$10,0)),13,0)=0,"",IF(OFFSET(INDEX([14]CRONO!$A:$AD,10,MATCH(Y$9,[14]CRONO!$10:$10,0)),13,0)="x",$F46,"ERRO")))) -> #VALUE! | Z46: =IF(Z$9="","",IF($E46="","",IF(OFFSET(INDEX([14]CRONO!$A:$AD,10,MATCH(Z$9,[14]CRONO!$10:$10,0)),13,0)=0,"",IF(OFFSET(INDEX([14]CRONO!$A:$AD,10,MATCH(Z$9,[14]CRONO!$10:$10,0)),13,0)="x",$F46,"ERRO")))) -> #VALUE! | AA46: 17 | AB46: 17 | AC46: 17 | AD46: 17
C47: =IF("IH"=LEFT('[14]ABC INS.'!AU7,2),'[14]ABC INS.'!AU7,"") -> IH9830 | D47: =IF($C47="","",INDEX('[14]ABC INS.'!$AU:$BC,MATCH($C47,'[14]ABC INS.'!$BA:$BA,0),8)) -> MONTADOR | E47: =IF($C47="","",INDEX('[14]ABC INS.'!$AU:$BC,MATCH($C47,'[14]ABC INS.'!$BA:$BA,0),9)) -> 633.746 | F47: =IF($E47="","",ROUNDUP($E47/(182.49*(COUNTIF([14]CRONO!$42:$42,"x"))),0)) -> 1 | V47: =IF(V$9="","",IF($E47="","",IF(OFFSET(INDEX([14]CRONO!$A:$AD,10,MATCH(V$9,[14]CRONO!$10:$10,0)),13,0)=0,"",IF(OFFSET(INDEX([14]CRONO!$A:$AD,10,MATCH(V$9,[14]CRONO!$10:$10,0)),13,0)="x",$F47,"ERRO")))) -> #VALUE! | W47: =IF(W$9="","",IF($E47="","",IF(OFFSET(INDEX([14]CRONO!$A:$AD,10,MATCH(W$9,[14]CRONO!$10:$10,0)),13,0)=0,"",IF(OFFSET(INDEX([14]CRONO!$A:$AD,10,MATCH(W$9,[14]CRONO!$10:$10,0)),13,0)="x",$F47,"ERRO")))) -> #VALUE! | X47: =IF(X$9="","",IF($E47="","",IF(OFFSET(INDEX([14]CRONO!$A:$AD,10,MATCH(X$9,[14]CRONO!$10:$10,0)),13,0)=0,"",IF(OFFSET(INDEX([14]CRONO!$A:$AD,10,MATCH(X$9,[14]CRONO!$10:$10,0)),13,0)="x",$F47,"ERRO")))) -> #VALUE! | Y47: =IF(Y$9="","",IF($E47="","",IF(OFFSET(INDEX([14]CRONO!$A:$AD,10,MATCH(Y$9,[14]CRONO!$10:$10,0)),13,0)=0,"",IF(OFFSET(INDEX([14]CRONO!$A:$AD,10,MATCH(Y$9,[14]CRONO!$10:$10,0)),13,0)="x",$F47,"ERRO")))) -> #VALUE! | Z47: =IF(Z$9="","",IF($E47="","",IF(OFFSET(INDEX([14]CRONO!$A:$AD,10,MATCH(Z$9,[14]CRONO!$10:$10,0)),13,0)=0,"",IF(OFFSET(INDEX([14]CRONO!$A:$AD,10,MATCH(Z$9,[14]CRONO!$10:$10,0)),13,0)="x",$F47,"ERRO")))) -> #VALUE! | AA47: 17 | AB47: 17 | AC47: 17 | AD47: 17
C48: =IF("IH"=LEFT('[14]ABC INS.'!AU8,2),'[14]ABC INS.'!AU8,"") -> IH9801 | D48: =IF($C48="","",INDEX('[14]ABC INS.'!$AU:$BC,MATCH($C48,'[14]ABC INS.'!$BA:$BA,0),8)) -> AJUDANTE | E48: =IF($C48="","",INDEX('[14]ABC INS.'!$AU:$BC,MATCH($C48,'[14]ABC INS.'!$BA:$BA,0),9)) -> 295.95 | F48: =IF($E48="","",ROUNDUP($E48/(182.49*(COUNTIF([14]CRONO!$42:$42,"x"))),0)) -> 1 | V48: =IF(V$9="","",IF($E48="","",IF(OFFSET(INDEX([14]CRONO!$A:$AD,10,MATCH(V$9,[14]CRONO!$10:$10,0)),13,0)=0,"",IF(OFFSET(INDEX([14]CRONO!$A:$AD,10,MATCH(V$9,[14]CRONO!$10:$10,0)),13,0)="x",$F48,"ERRO")))) -> #VALUE! | W48: =IF(W$9="","",IF($E48="","",IF(OFFSET(INDEX([14]CRONO!$A:$AD,10,MATCH(W$9,[14]CRONO!$10:$10,0)),13,0)=0,"",IF(OFFSET(INDEX([14]CRONO!$A:$AD,10,MATCH(W$9,[14]CRONO!$10:$10,0)),13,0)="x",$F48,"ERRO")))) -> #VALUE! | X48: =IF(X$9="","",IF($E48="","",IF(OFFSET(INDEX([14]CRONO!$A:$AD,10,MATCH(X$9,[14]CRONO!$10:$10,0)),13,0)=0,"",IF(OFFSET(INDEX([14]CRONO!$A:$AD,10,MATCH(X$9,[14]CRONO!$10:$10,0)),13,0)="x",$F48,"ERRO")))) -> #VALUE! | Y48: =IF(Y$9="","",IF($E48="","",IF(OFFSET(INDEX([14]CRONO!$A:$AD,10,MATCH(Y$9,[14]CRONO!$10:$10,0)),13,0)=0,"",IF(OFFSET(INDEX([14]CRONO!$A:$AD,10,MATCH(Y$9,[14]CRONO!$10:$10,0)),13,0)="x",$F48,"ERRO")))) -> #VALUE! | Z48: =IF(Z$9="","",IF($E48="","",IF(OFFSET(INDEX([14]CRONO!$A:$AD,10,MATCH(Z$9,[14]CRONO!$10:$10,0)),13,0)=0,"",IF(OFFSET(INDEX([14]CRONO!$A:$AD,10,MATCH(Z$9,[14]CRONO!$10:$10,0)),13,0)="x",$F48,"ERRO")))) -> #VALUE! | AA48: 17 | AB48: 17 | AC48: 17 | AD48: 17
C49: =IF("IH"=LEFT('[14]ABC INS.'!AU9,2),'[14]ABC INS.'!AU9,"") -> IH9853 | D49: =IF($C49="","",INDEX('[14]ABC INS.'!$AU:$BC,MATCH($C49,'[14]ABC INS.'!$BA:$BA,0),8)) -> PRÉ-MARCADOR | E49: =IF($C49="","",INDEX('[14]ABC INS.'!$AU:$BC,MATCH($C49,'[14]ABC INS.'!$BA:$BA,0),9)) -> 198.7954 | F49: =IF($E49="","",ROUNDUP($E49/(182.49*(COUNTIF([14]CRONO!$42:$42,"x"))),0)) -> 1 | V49: =IF(V$9="","",IF($E49="","",IF(OFFSET(INDEX([14]CRONO!$A:$AD,10,MATCH(V$9,[14]CRONO!$10:$10,0)),13,0)=0,"",IF(OFFSET(INDEX([14]CRONO!$A:$AD,10,MATCH(V$9,[14]CRONO!$10:$10,0)),13,0)="x",$F49,"ERRO")))) -> #VALUE! | W49: =IF(W$9="","",IF($E49="","",IF(OFFSET(INDEX([14]CRONO!$A:$AD,10,MATCH(W$9,[14]CRONO!$10:$10,0)),13,0)=0,"",IF(OFFSET(INDEX([14]CRONO!$A:$AD,10,MATCH(W$9,[14]CRONO!$10:$10,0)),13,0)="x",$F49,"ERRO")))) -> #VALUE! | X49: =IF(X$9="","",IF($E49="","",IF(OFFSET(INDEX([14]CRONO!$A:$AD,10,MATCH(X$9,[14]CRONO!$10:$10,0)),13,0)=0,"",IF(OFFSET(INDEX([14]CRONO!$A:$AD,10,MATCH(X$9,[14]CRONO!$10:$10,0)),13,0)="x",$F49,"ERRO")))) -> #VALUE! | Y49: =IF(Y$9="","",IF($E49="","",IF(OFFSET(INDEX([14]CRONO!$A:$AD,10,MATCH(Y$9,[14]CRONO!$10:$10,0)),13,0)=0,"",IF(OFFSET(INDEX([14]CRONO!$A:$AD,10,MATCH(Y$9,[14]CRONO!$10:$10,0)),13,0)="x",$F49,"ERRO")))) -> #VALUE! | Z49: =IF(Z$9="","",IF($E49="","",IF(OFFSET(INDEX([14]CRONO!$A:$AD,10,MATCH(Z$9,[14]CRONO!$10:$10,0)),13,0)=0,"",IF(OFFSET(INDEX([14]CRONO!$A:$AD,10,MATCH(Z$9,[14]CRONO!$10:$10,0)),13,0)="x",$F49,"ERRO")))) -> #VALUE! | AA49: 17 | AB49: 17 | AC49: 17 | AD49: 17
C50: =IF("IH"=LEFT('[14]ABC INS.'!AU10,2),'[14]ABC INS.'!AU10,"") -> IH9822 | D50: =IF($C50="","",INDEX('[14]ABC INS.'!$AU:$BC,MATCH($C50,'[14]ABC INS.'!$BA:$BA,0),8)) -> PINTOR | E50: =IF($C50="","",INDEX('[14]ABC INS.'!$AU:$BC,MATCH($C50,'[14]ABC INS.'!$BA:$BA,0),9)) -> 111.36 | F50: =IF($E50="","",ROUNDUP($E50/(182.49*(COUNTIF([14]CRONO!$42:$42,"x"))),0)) -> 1 | V50: =IF(V$9="","",IF($E50="","",IF(OFFSET(INDEX([14]CRONO!$A:$AD,10,MATCH(V$9,[14]CRONO!$10:$10,0)),13,0)=0,"",IF(OFFSET(INDEX([14]CRONO!$A:$AD,10,MATCH(V$9,[14]CRONO!$10:$10,0)),13,0)="x",$F50,"ERRO")))) -> #VALUE! | W50: =IF(W$9="","",IF($E50="","",IF(OFFSET(INDEX([14]CRONO!$A:$AD,10,MATCH(W$9,[14]CRONO!$10:$10,0)),13,0)=0,"",IF(OFFSET(INDEX([14]CRONO!$A:$AD,10,MATCH(W$9,[14]CRONO!$10:$10,0)),13,0)="x",$F50,"ERRO")))) -> #VALUE! | X50: =IF(X$9="","",IF($E50="","",IF(OFFSET(INDEX([14]CRONO!$A:$AD,10,MATCH(X$9,[14]CRONO!$10:$10,0)),13,0)=0,"",IF(OFFSET(INDEX([14]CRONO!$A:$AD,10,MATCH(X$9,[14]CRONO!$10:$10,0)),13,0)="x",$F50,"ERRO")))) -> #VALUE! | Y50: =IF(Y$9="","",IF($E50="","",IF(OFFSET(INDEX([14]CRONO!$A:$AD,10,MATCH(Y$9,[14]CRONO!$10:$10,0)),13,0)=0,"",IF(OFFSET(INDEX([14]CRONO!$A:$AD,10,MATCH(Y$9,[14]CRONO!$10:$10,0)),13,0)="x",$F50,"ERRO")))) -> #VALUE! | Z50: =IF(Z$9="","",IF($E50="","",IF(OFFSET(INDEX([14]CRONO!$A:$AD,10,MATCH(Z$9,[14]CRONO!$10:$10,0)),13,0)=0,"",IF(OFFSET(INDEX([14]CRONO!$A:$AD,10,MATCH(Z$9,[14]CRONO!$10:$10,0)),13,0)="x",$F50,"ERRO")))) -> #VALUE! | AA50: 17 | AB50: 17 | AC50: 17 | AD50: 17
C51: =IF("IH"=LEFT('[14]ABC INS.'!AU11,2),'[14]ABC INS.'!AU11,"") -> IH9808 | D51: =IF($C51="","",INDEX('[14]ABC INS.'!$AU:$BC,MATCH($C51,'[14]ABC INS.'!$BA:$BA,0),8)) -> CARPINTEIRO | E51: =IF($C51="","",INDEX('[14]ABC INS.'!$AU:$BC,MATCH($C51,'[14]ABC INS.'!$BA:$BA,0),9)) -> 114.7385 | F51: =IF($E51="","",ROUNDUP($E51/(182.49*(COUNTIF([14]CRONO!$42:$42,"x"))),0)) -> 1 | V51: =IF(V$9="","",IF($E51="","",IF(OFFSET(INDEX([14]CRONO!$A:$AD,10,MATCH(V$9,[14]CRONO!$10:$10,0)),13,0)=0,"",IF(OFFSET(INDEX([14]CRONO!$A:$AD,10,MATCH(V$9,[14]CRONO!$10:$10,0)),13,0)="x",$F51,"ERRO")))) -> #VALUE! | W51: =IF(W$9="","",IF($E51="","",IF(OFFSET(INDEX([14]CRONO!$A:$AD,10,MATCH(W$9,[14]CRONO!$10:$10,0)),13,0)=0,"",IF(OFFSET(INDEX([14]CRONO!$A:$AD,10,MATCH(W$9,[14]CRONO!$10:$10,0)),13,0)="x",$F51,"ERRO")))) -> #VALUE! | X51: =IF(X$9="","",IF($E51="","",IF(OFFSET(INDEX([14]CRONO!$A:$AD,10,MATCH(X$9,[14]CRONO!$10:$10,0)),13,0)=0,"",IF(OFFSET(INDEX([14]CRONO!$A:$AD,10,MATCH(X$9,[14]CRONO!$10:$10,0)),13,0)="x",$F51,"ERRO")))) -> #VALUE! | Y51: =IF(Y$9="","",IF($E51="","",IF(OFFSET(INDEX([14]CRONO!$A:$AD,10,MATCH(Y$9,[14]CRONO!$10:$10,0)),13,0)=0,"",IF(OFFSET(INDEX([14]CRONO!$A:$AD,10,MATCH(Y$9,[14]CRONO!$10:$10,0)),13,0)="x",$F51,"ERRO")))) -> #VALUE! | Z51: =IF(Z$9="","",IF($E51="","",IF(OFFSET(INDEX([14]CRONO!$A:$AD,10,MATCH(Z$9,[14]CRONO!$10:$10,0)),13,0)=0,"",IF(OFFSET(INDEX([14]CRONO!$A:$AD,10,MATCH(Z$9,[14]CRONO!$10:$10,0)),13,0)="x",$F51,"ERRO")))) -> #VALUE! | AA51: 17 | AB51: 17 | AC51: 17 | AD51: 17
C52: =IF("IH"=LEFT('[14]ABC INS.'!AU12,2),'[14]ABC INS.'!AU12,"") -> IH9823 | D52: =IF($C52="","",INDEX('[14]ABC INS.'!$AU:$BC,MATCH($C52,'[14]ABC INS.'!$BA:$BA,0),8)) -> SERRALHEIRO | E52: =IF($C52="","",INDEX('[14]ABC INS.'!$AU:$BC,MATCH($C52,'[14]ABC INS.'!$BA:$BA,0),9)) -> 102.64 | F52: =IF($E52="","",ROUNDUP($E52/(182.49*(COUNTIF([14]CRONO!$42:$42,"x"))),0)) -> 1 | V52: =IF(V$9="","",IF($E52="","",IF(OFFSET(INDEX([14]CRONO!$A:$AD,10,MATCH(V$9,[14]CRONO!$10:$10,0)),13,0)=0,"",IF(OFFSET(INDEX([14]CRONO!$A:$AD,10,MATCH(V$9,[14]CRONO!$10:$10,0)),13,0)="x",$F52,"ERRO")))) -> #VALUE! | W52: =IF(W$9="","",IF($E52="","",IF(OFFSET(INDEX([14]CRONO!$A:$AD,10,MATCH(W$9,[14]CRONO!$10:$10,0)),13,0)=0,"",IF(OFFSET(INDEX([14]CRONO!$A:$AD,10,MATCH(W$9,[14]CRONO!$10:$10,0)),13,0)="x",$F52,"ERRO")))) -> #VALUE! | X52: =IF(X$9="","",IF($E52="","",IF(OFFSET(INDEX([14]CRONO!$A:$AD,10,MATCH(X$9,[14]CRONO!$10:$10,0)),13,0)=0,"",IF(OFFSET(INDEX([14]CRONO!$A:$AD,10,MATCH(X$9,[14]CRONO!$10:$10,0)),13,0)="x",$F52,"ERRO")))) -> #VALUE! | Y52: =IF(Y$9="","",IF($E52="","",IF(OFFSET(INDEX([14]CRONO!$A:$AD,10,MATCH(Y$9,[14]CRONO!$10:$10,0)),13,0)=0,"",IF(OFFSET(INDEX([14]CRONO!$A:$AD,10,MATCH(Y$9,[14]CRONO!$10:$10,0)),13,0)="x",$F52,"ERRO")))) -> #VALUE! | Z52: =IF(Z$9="","",IF($E52="","",IF(OFFSET(INDEX([14]CRONO!$A:$AD,10,MATCH(Z$9,[14]CRONO!$10:$10,0)),13,0)=0,"",IF(OFFSET(INDEX([14]CRONO!$A:$AD,10,MATCH(Z$9,[14]CRONO!$10:$10,0)),13,0)="x",$F52,"ERRO")))) -> #VALUE! | AA52: 17 | AB52: 17 | AC52: 17 | AD52: 17
C53: =IF("IH"=LEFT('[14]ABC INS.'!AU13,2),'[14]ABC INS.'!AU13,"") -> IH9805 | D53: =IF($C53="","",INDEX('[14]ABC INS.'!$AU:$BC,MATCH($C53,'[14]ABC INS.'!$BA:$BA,0),8)) -> ARMADOR | E53: =IF($C53="","",INDEX('[14]ABC INS.'!$AU:$BC,MATCH($C53,'[14]ABC INS.'!$BA:$BA,0),9)) -> 19.44 | F53: =IF($E53="","",ROUNDUP($E53/(182.49*(COUNTIF([14]CRONO!$42:$42,"x"))),0)) -> 1 | V53: =IF(V$9="","",IF($E53="","",IF(OFFSET(INDEX([14]CRONO!$A:$AD,10,MATCH(V$9,[14]CRONO!$10:$10,0)),13,0)=0,"",IF(OFFSET(INDEX([14]CRONO!$A:$AD,10,MATCH(V$9,[14]CRONO!$10:$10,0)),13,0)="x",$F53,"ERRO")))) -> #VALUE! | W53: =IF(W$9="","",IF($E53="","",IF(OFFSET(INDEX([14]CRONO!$A:$AD,10,MATCH(W$9,[14]CRONO!$10:$10,0)),13,0)=0,"",IF(OFFSET(INDEX([14]CRONO!$A:$AD,10,MATCH(W$9,[14]CRONO!$10:$10,0)),13,0)="x",$F53,"ERRO")))) -> #VALUE! | X53: =IF(X$9="","",IF($E53="","",IF(OFFSET(INDEX([14]CRONO!$A:$AD,10,MATCH(X$9,[14]CRONO!$10:$10,0)),13,0)=0,"",IF(OFFSET(INDEX([14]CRONO!$A:$AD,10,MATCH(X$9,[14]CRONO!$10:$10,0)),13,0)="x",$F53,"ERRO")))) -> #VALUE! | Y53: =IF(Y$9="","",IF($E53="","",IF(OFFSET(INDEX([14]CRONO!$A:$AD,10,MATCH(Y$9,[14]CRONO!$10:$10,0)),13,0)=0,"",IF(OFFSET(INDEX([14]CRONO!$A:$AD,10,MATCH(Y$9,[14]CRONO!$10:$10,0)),13,0)="x",$F53,"ERRO")))) -> #VALUE! | Z53: =IF(Z$9="","",IF($E53="","",IF(OFFSET(INDEX([14]CRONO!$A:$AD,10,MATCH(Z$9,[14]CRONO!$10:$10,0)),13,0)=0,"",IF(OFFSET(INDEX([14]CRONO!$A:$AD,10,MATCH(Z$9,[14]CRONO!$10:$10,0)),13,0)="x",$F53,"ERRO")))) -> #VALUE! | AA53: 17 | AB53: 17 | AC53: 17 | AD53: 17
C54: =IF("IH"=LEFT('[14]ABC INS.'!AU14,2),'[14]ABC INS.'!AU14,"") -> IH9821 | D54: =IF($C54="","",INDEX('[14]ABC INS.'!$AU:$BC,MATCH($C54,'[14]ABC INS.'!$BA:$BA,0),8)) -> PEDREIRO | E54: =IF($C54="","",INDEX('[14]ABC INS.'!$AU:$BC,MATCH($C54,'[14]ABC INS.'!$BA:$BA,0),9)) -> 0.3527 | F54: =IF($E54="","",ROUNDUP($E54/(182.49*(COUNTIF([14]CRONO!$42:$42,"x"))),0)) -> 1 | V54: =IF(V$9="","",IF($E54="","",IF(OFFSET(INDEX([14]CRONO!$A:$AD,10,MATCH(V$9,[14]CRONO!$10:$10,0)),13,0)=0,"",IF(OFFSET(INDEX([14]CRONO!$A:$AD,10,MATCH(V$9,[14]CRONO!$10:$10,0)),13,0)="x",$F54,"ERRO")))) -> #VALUE! | W54: =IF(W$9="","",IF($E54="","",IF(OFFSET(INDEX([14]CRONO!$A:$AD,10,MATCH(W$9,[14]CRONO!$10:$10,0)),13,0)=0,"",IF(OFFSET(INDEX([14]CRONO!$A:$AD,10,MATCH(W$9,[14]CRONO!$10:$10,0)),13,0)="x",$F54,"ERRO")))) -> #VALUE! | X54: =IF(X$9="","",IF($E54="","",IF(OFFSET(INDEX([14]CRONO!$A:$AD,10,MATCH(X$9,[14]CRONO!$10:$10,0)),13,0)=0,"",IF(OFFSET(INDEX([14]CRONO!$A:$AD,10,MATCH(X$9,[14]CRONO!$10:$10,0)),13,0)="x",$F54,"ERRO")))) -> #VALUE! | Y54: =IF(Y$9="","",IF($E54="","",IF(OFFSET(INDEX([14]CRONO!$A:$AD,10,MATCH(Y$9,[14]CRONO!$10:$10,0)),13,0)=0,"",IF(OFFSET(INDEX([14]CRONO!$A:$AD,10,MATCH(Y$9,[14]CRONO!$10:$10,0)),13,0)="x",$F54,"ERRO")))) -> #VALUE! | Z54: =IF(Z$9="","",IF($E54="","",IF(OFFSET(INDEX([14]CRONO!$A:$AD,10,MATCH(Z$9,[14]CRONO!$10:$10,0)),13,0)=0,"",IF(OFFSET(INDEX([14]CRONO!$A:$AD,10,MATCH(Z$9,[14]CRONO!$10:$10,0)),13,0)="x",$F54,"ERRO")))) -> #VALUE! | AA54: 17 | AB54: 17 | AC54: 17 | AD54: 17
C55: =IF("IH"=LEFT('[14]ABC INS.'!AU15,2),'[14]ABC INS.'!AU15,"") -> IH9825 | D55: =IF($C55="","",INDEX('[14]ABC INS.'!$AU:$BC,MATCH($C55,'[14]ABC INS.'!$BA:$BA,0),8)) -> SOLDADOR | E55: =IF($C55="","",INDEX('[14]ABC INS.'!$AU:$BC,MATCH($C55,'[14]ABC INS.'!$BA:$BA,0),9)) -> 2.5473 | F55: =IF($E55="","",ROUNDUP($E55/(182.49*(COUNTIF([14]CRONO!$42:$42,"x"))),0)) -> 1 | V55: =IF(V$9="","",IF($E55="","",IF(OFFSET(INDEX([14]CRONO!$A:$AD,10,MATCH(V$9,[14]CRONO!$10:$10,0)),13,0)=0,"",IF(OFFSET(INDEX([14]CRONO!$A:$AD,10,MATCH(V$9,[14]CRONO!$10:$10,0)),13,0)="x",$F55,"ERRO")))) -> #VALUE! | W55: =IF(W$9="","",IF($E55="","",IF(OFFSET(INDEX([14]CRONO!$A:$AD,10,MATCH(W$9,[14]CRONO!$10:$10,0)),13,0)=0,"",IF(OFFSET(INDEX([14]CRONO!$A:$AD,10,MATCH(W$9,[14]CRONO!$10:$10,0)),13,0)="x",$F55,"ERRO")))) -> #VALUE! | X55: =IF(X$9="","",IF($E55="","",IF(OFFSET(INDEX([14]CRONO!$A:$AD,10,MATCH(X$9,[14]CRONO!$10:$10,0)),13,0)=0,"",IF(OFFSET(INDEX([14]CRONO!$A:$AD,10,MATCH(X$9,[14]CRONO!$10:$10,0)),13,0)="x",$F55,"ERRO")))) -> #VALUE! | Y55: =IF(Y$9="","",IF($E55="","",IF(OFFSET(INDEX([14]CRONO!$A:$AD,10,MATCH(Y$9,[14]CRONO!$10:$10,0)),13,0)=0,"",IF(OFFSET(INDEX([14]CRONO!$A:$AD,10,MATCH(Y$9,[14]CRONO!$10:$10,0)),13,0)="x",$F55,"ERRO")))) -> #VALUE! | Z55: =IF(Z$9="","",IF($E55="","",IF(OFFSET(INDEX([14]CRONO!$A:$AD,10,MATCH(Z$9,[14]CRONO!$10:$10,0)),13,0)=0,"",IF(OFFSET(INDEX([14]CRONO!$A:$AD,10,MATCH(Z$9,[14]CRONO!$10:$10,0)),13,0)="x",$F55,"ERRO")))) -> #VALUE! | AA55: 17 | AB55: 17 | AC55: 17 | AD55: 17
C56: =IF(D56<>"","10.","") -> 10. | D56: =IFERROR(INDEX([14]COMPOR!$A:$J,MATCH("10.",[14]COMPOR!$I:$I,0),10),"") -> ILUMINAÇÃO PÚBLICA
C57: =IF("IH"=LEFT('[14]ABC INS.'!BD6,2),'[14]ABC INS.'!BD6,"") -> IH9824 | D57: =IF($C57="","",INDEX('[14]ABC INS.'!$BD:$BL,MATCH($C57,'[14]ABC INS.'!$BJ:$BJ,0),8)) -> SERVENTE | E57: =IF($C57="","",INDEX('[14]ABC INS.'!$BD:$BL,MATCH($C57,'[14]ABC INS.'!$BJ:$BJ,0),9)) -> 65.8061 | F57: =IF($E57="","",ROUNDUP($E57/(182.49*(COUNTIF([14]CRONO!$49:$49,"x"))),0)) -> 1 | G57: =IF(G$9="","",IF($E57="","",IF(OFFSET(INDEX([14]CRONO!$A:$AD,10,MATCH(G$9,[14]CRONO!$10:$10,0)),13,0)=0,"",IF(OFFSET(INDEX([14]CRONO!$A:$AD,10,MATCH(G$9,[14]CRONO!$10:$10,0)),13,0)="x",$F57,"ERRO")))) -> #VALUE! | X57: =IF(X$9="","",IF($E57="","",IF(OFFSET(INDEX([14]CRONO!$A:$AD,10,MATCH(X$9,[14]CRONO!$10:$10,0)),13,0)=0,"",IF(OFFSET(INDEX([14]CRONO!$A:$AD,10,MATCH(X$9,[14]CRONO!$10:$10,0)),13,0)="x",$F57,"ERRO")))) -> #VALUE! | Y57: =IF(Y$9="","",IF($E57="","",IF(OFFSET(INDEX([14]CRONO!$A:$AD,10,MATCH(Y$9,[14]CRONO!$10:$10,0)),13,0)=0,"",IF(OFFSET(INDEX([14]CRONO!$A:$AD,10,MATCH(Y$9,[14]CRONO!$10:$10,0)),13,0)="x",$F57,"ERRO")))) -> #VALUE! | Z57: =IF(Z$9="","",IF($E57="","",IF(OFFSET(INDEX([14]CRONO!$A:$AD,10,MATCH(Z$9,[14]CRONO!$10:$10,0)),13,0)=0,"",IF(OFFSET(INDEX([14]CRONO!$A:$AD,10,MATCH(Z$9,[14]CRONO!$10:$10,0)),13,0)="x",$F57,"ERRO")))) -> #VALUE! | AA57: 1 | AB57: 1 | AC57: 1 | AD57: 1
C58: =IF("IH"=LEFT('[14]ABC INS.'!BD7,2),'[14]ABC INS.'!BD7,"") -> IH9821 | D58: =IF($C58="","",INDEX('[14]ABC INS.'!$BD:$BL,MATCH($C58,'[14]ABC INS.'!$BJ:$BJ,0),8)) -> PEDREIRO | E58: =IF($C58="","",INDEX('[14]ABC INS.'!$BD:$BL,MATCH($C58,'[14]ABC INS.'!$BJ:$BJ,0),9)) -> 3.5318 | F58: =IF($E58="","",ROUNDUP($E58/(182.49*(COUNTIF([14]CRONO!$49:$49,"x"))),0)) -> 1 | X58: =IF(X$9="","",IF($E58="","",IF(OFFSET(INDEX([14]CRONO!$A:$AD,10,MATCH(X$9,[14]CRONO!$10:$10,0)),13,0)=0,"",IF(OFFSET(INDEX([14]CRONO!$A:$AD,10,MATCH(X$9,[14]CRONO!$10:$10,0)),13,0)="x",$F58,"ERRO")))) -> #VALUE! | Y58: =IF(Y$9="","",IF($E58="","",IF(OFFSET(INDEX([14]CRONO!$A:$AD,10,MATCH(Y$9,[14]CRONO!$10:$10,0)),13,0)=0,"",IF(OFFSET(INDEX([14]CRONO!$A:$AD,10,MATCH(Y$9,[14]CRONO!$10:$10,0)),13,0)="x",$F58,"ERRO")))) -> #VALUE! | Z58: =IF(Z$9="","",IF($E58="","",IF(OFFSET(INDEX([14]CRONO!$A:$AD,10,MATCH(Z$9,[14]CRONO!$10:$10,0)),13,0)=0,"",IF(OFFSET(INDEX([14]CRONO!$A:$AD,10,MATCH(Z$9,[14]CRONO!$10:$10,0)),13,0)="x",$F58,"ERRO")))) -> #VALUE! | AA58: 1 | AB58: 1 | AC58: 1 | AD58: 1
C59: =IF(D59<>"","11.","") -> 11. | D59: =IFERROR(INDEX([14]COMPOR!$A:$J,MATCH("11.",[14]COMPOR!$I:$I,0),10),"") -> PROTEÇÃO AMBIENTAL
C60: =IF("IH"=LEFT('[14]ABC INS.'!BM6,2),'[14]ABC INS.'!BM6,"") -> IH9824 | D60: =IF($C60="","",INDEX('[14]ABC INS.'!$BD:$BL,MATCH($C60,'[14]ABC INS.'!$BJ:$BJ,0),8)) -> SERVENTE | E60: =IF($C60="","",INDEX('[14]ABC INS.'!$BM:$BU,MATCH($C60,'[14]ABC INS.'!$BS:$BS,0),9)) -> 47421.28 | F60: =IF($E60="","",ROUNDUP($E60/(182.49*(COUNTIF([14]CRONO!$53:$53,"x"))),0)) -> 44 | G60: =IF(G$9="","",IF($E60="","",IF(OFFSET(INDEX([14]CRONO!$A:$AD,10,MATCH(G$9,[14]CRONO!$10:$10,0)),13,0)=0,"",IF(OFFSET(INDEX([14]CRONO!$A:$AD,10,MATCH(G$9,[14]CRONO!$10:$10,0)),13,0)="x",$F60,"ERRO")))) -> #VALUE! | Y60: =IF(Y$9="","",IF($E60="","",IF(OFFSET(INDEX([14]CRONO!$A:$AD,10,MATCH(Y$9,[14]CRONO!$10:$10,0)),13,0)=0,"",IF(OFFSET(INDEX([14]CRONO!$A:$AD,10,MATCH(Y$9,[14]CRONO!$10:$10,0)),13,0)="x",$F60,"ERRO")))) -> #VALUE! | Z60: =IF(Z$9="","",IF($E60="","",IF(OFFSET(INDEX([14]CRONO!$A:$AD,10,MATCH(Z$9,[14]CRONO!$10:$10,0)),13,0)=0,"",IF(OFFSET(INDEX([14]CRONO!$A:$AD,10,MATCH(Z$9,[14]CRONO!$10:$10,0)),13,0)="x",$F60,"ERRO")))) -> #VALUE! | AA60: 1 | AB60: 1 | AC60: 1 | AD60: 1
C61: TOTAL DA MÃO DE OBRA | H61: =SUM(H11:H60) -> #VALUE! | I61: =SUM(I11:I60) -> #VALUE! | J61: =SUM(J11:J60) -> #VALUE! | K61: =SUM(K11:K60) -> #VALUE! | L61: =SUM(L11:L60) -> #VALUE! | M61: =SUM(M11:M60) -> #VALUE! | N61: =SUM(N11:N60) -> #VALUE! | O61: =SUM(O11:O60) -> #VALUE! | ... AD61: =SUM(AD11:AD60) -> #VALUE!

Sheet FIT
A1: GOVERNO DO ESTADO DE PERNAMBUCO
A2: SECRETARIA DE MOBILIDADE E INFRAESTRUTURA - SEMOBI/PE
A3: DEPARTAMENTO DE ESTRADAS DE RODAGEM - DER/PE
A5: RODOVIA: | B5: BR-232
A6: TRECHO: | B6: FIM DA DUPLICAÇÃO (SÃO CAETANO) - ENTR. VPE-230 (PESQUEIRA)
A7: SEGMENTO: | B7: KM 149,10 - KM 177,90
A8: EXTENSÃO: | B8: 28.8
A9: DATA BASE: | B9: JULHO/2025
A10: TIPO: | B10: SEM DESONERAÇÃO
A12: CÁLCULO DO FIT
A13: CÁLCULO DO FIT:
A14: RODOVIA | B14: MUNICÍPIO | D14: KM INICIAL | E14: KM FINAL | F14: EXTENSÃO (KM) | G14: % | H14: TRECHO URBANO (KM)
H15: KM INICIAL | I15: KM FINAL | J15: EXTENSÃO (KM)
A16: BR-232 | B16: SÃO CAETANO | D16: 149.1 | E16: 157.1 | F16: =E16-D16 -> 8 | G16: =F16/(SUM($F$16:$F$18)) -> 0.24509804 | H16: 149.1 | I16: =H16+0.5 -> 149.6 | J16: =I16-H16 -> 0.5
A17: BR-232 | B17: TACAIMBÓ | D17: =E16 -> 157.1 | E17: 170.8 | F17: =E17-D17 -> 13.7 | G17: =F17/(SUM($F$16:$F$18)) -> 0.41973039 | H17: 0 | I17: 0 | J17: =I17-H17 -> 0
A18: BR-232 | B18: BELO JARDIM | D18: =E17 -> 170.8 | E18: 181.74 | F18: =E18-D18 -> 10.94 | G18: =F18/(SUM($F$16:$F$18)) -> 0.33517157 | H18: =I18-5 -> 176.74 | I18: 181.74 | J18: =I18-H18 -> 5
F19: =SUM(F16:F18) -> 32.64 | G19: =SUM(G16:G18) -> 1 | J19: =SUM(J16:J18) -> 5.5
I20: Percentual de trecho urbano na Rodovia | J20: =J19/F19 -> 0.1685049
A22: VMD = | B22: 12452 | C22: (Conforme Dados PNCT DNIT, VMDa 2023)
C23: Fonte: https://servicos.dnit.gov.br/dadospnct
A34: =ROUND(IF(B22<2000,0%,IF(AND(B22>=2000,B22<=11000),(((B22-2000)/600)/100),IF(B22>11000,15%,"-"))),4) -> 0.15
A35: FIT = 15% + (16,85% x 5%)
A37: FIT = | B37: =0.15+(0.1685*0.05) -> 0.158425

Sheet CPU Iluminação
C1: Composições Analíticas com Preço Unitário | E1: Bancos | G1: B.D.I. | I1: Encargos Sociais
C2: ILUMINAÇÃO DUPLICAÇÃO BR-232 - TRECHO TACAIMBÓ_REV01 | E2: SINAPI - 07/2025 - Pernambuco SICRO3 - 07/2025 - Pernambuco | G2: 0,0% | I2: Não Desonerado: embutido nos preços unitário dos insumos de mão de obra, de acordo com as bases.
A3: Composições Analíticas com Preço Unitário
A4: Composições Principais
A5: 1.1 | B5: Código | C5: Banco | D5: Descrição | E5: Tipo | G5: Und | H5: Quant. | I5: Valor Unit | J5: Total
A6: Composição | B6: CP0023 | C6: Próprio | D6: LUMINÁRIA DE LED PARA ILUMINAÇÃO PÚBLICA, DE 181 W ATÉ 239 W - FORNECIMENTO E INSTALAÇÃO | E6: INEL - INSTALAÇÃO ELÉTRICA/ELETRIFICAÇÃO E ILUMINAÇÃO EXTERNA | G6: UN | H6: 1 | I6: 768.29 | J6: 768.29
A7: A | B7: Código | C7: Banco | D7: Equipamentos | E7: Quantidade | F7: Utilização | H7: Custo Horário | J7: Custo Horário Total
F8: Operativa | G8: Improdutiva | H8: Operativa | I8: Improdutiva
A9: Insumo | B9: E9686 | C9: SICRO3 | D9: Caminhão guindauto com capacidade de elevação de 6,2 t e carroceria de 7 t - 136 kW | E9: 1 | F9: 0.2 | G9: 0.05 | H9: 316.8 | I9: 111.32 | J9: 69.62
F10: Custo horário total de equipamentos | J10: 69.624
A11: B | B11: Código | C11: Banco | D11: Mão de Obra | E11: Quantidade | F11: Custo Horário | J11: Custo Horário Total
A12: Insumo | B12: P9801 | C12: SICRO3 | D12: Ajudante | E12: 0.2064 | I12: 22,59 | J12: 4,66
A13: Insumo | B13: P9810 | C13: SICRO3 | D13: Eletricista | E13: 0.2064 | I13: 32,19 | J13: 6,64
F14: Adicional de Mão de obra (0.0%) | J14: 0
F15: Custo horário total de mão de obra | J15: 11.3066
F16: Custo horário total de execução | J16: 80.9306
F17: Produção de equipe | J17: 1
F18: Custo unitário de execução | J18: 80.9306
F19: Custo do FIC | J19: 0
A20: C | B20: Código | C20: Banco | D20: MATERIAL | E20: Quantidade | F20: Unidade | G20: Preço Unitário | J20: Custo Horário
A21: Insumo | B21: 00042248 | C21: SINAPI | D21: LUMINARIA DE LED PARA ILUMINACAO PUBLICA, DE 181 W ATE 239 W, INVOLUCRO EM ALUMINIO OU ACO INOX | E21: 1 | F21: UN | G21: 687,26 | J21: 687,26
A22: Insumo | B22: 00021127 | C22: SINAPI | D22: FITA ISOLANTE ADESIVA ANTICHAMA, USO ATE 750 V, EM ROLO DE 19 MM X 5 M | E22: 0.014 | F22: UN | G22: 7,17 | J22: 0,10
F23: Custo unitário total de material | J23: 687.3604
A24: F | B24: Momento de Transporte | C24: Banco | D24: Descrição | E24: Quantidade | F24: Distância Média de Transporte (DMT) | J24: Custo Horário
F25: LN | G25: RP | H25: P | I25: FE
F26: Custo total de transporte | J26: 0
E27: MO sem LS => | F27: 11.3 | G27: LS => | H27: 0.01 | I27: MO com LS => | J27: 11.3066
E28: Valor do BDI => | F28: 0 | H28: Valor com BDI => | J28: 768.29
A29: Observação
A30: REF: SINAPI 07/2025 CÓDIGO 101659
A32: 1.2 | B32: Código | C32: Banco | D32: Descrição | E32: Tipo | G32: Und | H32: Quant. | I32: Valor Unit | J32: Total
A33: Composição | B33: CP0024 | C33: Próprio | D33: POSTE DE AÇO CONICO CONTÍNUO CURVO SIMPLES, FLANGEADO, H=6M, INCLUSIVE LUMINÁRIAS, SEM LÂMPADAS | E33: INEL - INSTALAÇÃO ELÉTRICA/ELETRIFICAÇÃO E ILUMINAÇÃO EXTERNA | G33: UN | H33: 1 | I33: 2662.41 | J33: 2662.41
A34: A | B34: Código | C34: Banco | D34: Equipamentos | E34: Quantidade | F34: Utilização | H34: Custo Horário | J34: Custo Horário Total
F35: Operativa | G35: Improdutiva | H35: Operativa | I35: Improdutiva
A36: Insumo | B36: E9686 | C36: SICRO3 | D36: Caminhão guindauto com capacidade de elevação de 6,2 t e carroceria de 7 t - 136 kW | E36: 1 | F36: 0.18 | G36: 0.99 | H36: 316.8 | I36: 111.32 | J36: 166.88
F37: Custo horário total de equipamentos | J37: 166.8756
A38: B | B38: Código | C38: Banco | D38: Mão de Obra | E38: Quantidade | F38: Custo Horário | J38: Custo Horário Total
A39: Insumo | B39: P9810 | C39: SICRO3 | D39: Eletricista | E39: 1.2053455 | I39: 32,19 | J39: 38,80
A40: Insumo | B40: P9801 | C40: SICRO3 | D40: Ajudante | E40: 0.2678545 | I40: 22,59 | J40: 6,05
F41: Adicional de Mão de obra (0.0%) | J41: 0
F42: Custo horário total de mão de obra | J42: 44.8473
F43: Custo horário total de execução | J43: 211.7229
F44: Produção de equipe | J44: 1
F45: Custo unitário de execução | J45: 211.7229
F46: Custo do FIC | J46: 0
A47: C | B47: Código | C47: Banco | D47: MATERIAL | E47: Quantidade | F47: Unidade | G47: Preço Unitário | J47: Custo Horário
A48: Insumo | B48: 00014162 | C48: SINAPI | D48: POSTE CONICO CONTINUO EM ACO GALVANIZADO, CURVO, BRACO SIMPLES, FLANGEADO, H = 9 M, DIAMETRO INFERIOR = *135* MM | E48: 1 | F48: UN | G48: 1.589,87 | J48: 1.589,87
A49: Insumo | B49: 00039746 | C49: SINAPI | D49: CHUMBADOR DE ACO GALVANIZADO, 1" X 600 MM, PARA POSTES DE ACO COM BASE, INCLUSO PORCA E ARRUELA | E49: 4 | F49: UN | G49: 127,68 | J49: 510,72
A50: Insumo | B50: 00000863 | C50: SINAPI | D50: CABO DE COBRE NU 35 MM2 MEIO-DURO | E50: 9 | F50: M | G50: 38,90 | J50: 350,10
F51: Custo unitário total de material | J51: 2450.69
A52: F | B52: Momento de Transporte | C52: Banco | D52: Descrição | E52: Quantidade | F52: Distância Média de Transporte (DMT) | J52: Custo Horário
F53: LN | G53: RP | H53: P | I53: FE
F54: Custo total de transporte | J54: 0
E55: MO sem LS => | F55: 44.84 | G55: LS => | H55: 0.01 | I55: MO com LS => | J55: 44.8473
E56: Valor do BDI => | F56: 0 | H56: Valor com BDI => | J56: 2662.41
A57: Observação
A58: REFERÊNCIA SINAPI CÓDIGO 100620
A60: 1.3 | B60: Código | C60: Banco | D60: Descrição | E60: Tipo | G60: Und | H60: Quant. | I60: Valor Unit | J60: Total
A61: Composição | B61: Código | C61: Próprio | D61: POSTE DE AÇO CONICO CONTÍNUO CURVO DUPLO, FLANGEADO, H=9M, INCLUSIVE LUMINÁRIAS, SEM LÂMPADAS | E61: INEL - INSTALAÇÃO ELÉTRICA/ELETRIFICAÇÃO E ILUMINAÇÃO EXTERNA | G61: UN | H61: 1 | I61: 2949.36 | J61: 2949.36
A62: A | B62: Código | C62: Banco | D62: Equipamentos | E62: Quantidade | F62: Utilização | H62: Custo Horário | J62: Custo Horário Total
F63: Operativa | G63: Improdutiva | H63: Operativa | I63: Improdutiva
A64: Insumo | B64: E9686 | C64: SICRO3 | D64: Caminhão guindauto com capacidade de elevação de 6,2 t e carroceria de 7 t - 136 kW | E64: 1 | F64: 0.18 | G64: 0.99 | H64: 316.8 | I64: 111.32 | J64: 166.88
F65: Custo horário total de equipamentos | J65: 166.8756
